Workbook

Sheet 1. Seguridad de las cadenas de 
A1: Evaluación Criterio 1. Seguridad de las cadenas de suministro
A2: Listado Base (Incorporando observaciones SGC) | C2: Unidad de medida | D2: Producción (explotación) | I2: Exportaciones | N2: Importaciones | S2: Consumo Aparente | AB2: Dependencia de importaciones | AI2: CAnorm | AJ2: Dinorm | AK2: Calificación
A4: No. | B4: Minerales, elementos y materias primas | D4: 2021 | E4: 2022 | F4: 2023 | G4: 2024 | H4: 2025 | I4: 2021 | J4: 2022 | K4: 2023 | L4: 2024 | M4: 2025 | N4: 2021 | O4: 2022 | P4: 2023 | Q4: 2024 | R4: 2025 | S4: 2021 | T4: 2022 | U4: 2023 | V4: 2024 | W4: 2025 | X4: Promedio | Y4: Promedio ajustado | Z4: Precio promedio 2025 | AA4: C.A USD | AB4: 2021 | AC4: 2022 | AD4: 2023 | AE4: 2024 | AF4: 2025 | AG4: Promedio | AH4: Prom. Ajustado | AI4: 0.5 | AJ4: 0.5
A5: 1 | B5: Aluminio | C5: Tonelada | D5: 49946.18 | E5: 48015.9 | F5: 2779.29 | G5: 56582.03 | H5: 31867.61 | I5: 958.22853 | J5: 1246.1191 | K5: 1898.8761 | L5: 1402.9902 | M5: 929.15801 | N5: 43578.746 | O5: 37086.133 | P5: 25080.414 | Q5: 27037.555 | R5: 41710.304 | S5: =+D5-I5+N5 -> 92566.698 | T5: =+E5-J5+O5 -> 83855.914 | U5: =+F5-K5+P5 -> 25960.828 | V5: =+G5-L5+Q5 -> 82216.595 | W5: =+H5-M5+R5 -> 72648.756 | X5: =+SUM(S5:W5)/COUNT(S5:W5) -> 71449.758 | Y5: =+IF(X5>0,X5,X5*-1) -> 71449.758 | Z5: 2629 | AA5: =+Y5*Z5 -> 1.8784141e+08 | AB5: =N5/S5 -> 0.47078212 | AC5: =O5/T5 -> 0.4422602 | AD5: =P5/U5 -> 0.96608683 | AE5: =Q5/V5 -> 0.32885764 | AF5: =R5/W5 -> 0.57413652 | AG5: =+SUM(AB5:AF5)/COUNT(AB5:AF5) -> 0.55642466 | AH5: =+IF(AG5>0,AG5,AG5*-1) -> 0.55642466 | AI5: =IF(AA5=0,$D$56,IF(AA5<=$C$45,$D$51,IF(AA5<=$C$46,$D$52,IF(AA5<=$C$47,$D$53,IF(AA5<=$C$48,$D$54,$D$55))))) -> 100 | AJ5: =IF(AH5=0,$J$56,IF(AH5<=$I$45,$J$51,IF(AH5<=$I$46,$J$52,IF(AH5<=$I$47,$J$53,IF(AH5<=$I$48,$J$54,$J$55))))) -> 60 | AK5: =+(AI5*$AI$4)+(AJ5*$AJ$4) -> 80
A6: 2 | B6: Arenas silíceas | C6: Tonelada | D6: 916466.77 | E6: 480251.79 | F6: 1143191.5 | G6: 1085650.1 | H6: 746841.43 | I6: 579.14703 | J6: 594.42229 | K6: 1073.2641 | L6: 7844.3771 | M6: 12968.591 | N6: 9280.226 | O6: 2182.746 | P6: 1822.5436 | Q6: 2349.1279 | R6: 5315.2861 | S6: =+D6-I6+N6 -> 925167.85 | T6: =+E6-J6+O6 -> 481840.11 | U6: =+F6-K6+P6 -> 1143940.8 | V6: =+G6-L6+Q6 -> 1080154.8 | W6: =+H6-M6+R6 -> 739188.13 | X6: =+SUM(S6:W6)/COUNT(S6:W6) -> 874058.33 | Y6: =+IF(X6>0,X6,X6*-1) -> 874058.33 | Z6: 72 | AA6: =+Y6*Z6 -> 62932200 | AB6: =N6/S6 -> 0.010030857 | AC6: =O6/T6 -> 0.0045300213 | AD6: =P6/U6 -> 0.001593215 | AE6: =Q6/V6 -> 0.0021748067 | AF6: =R6/W6 -> 0.0071907082 | AG6: =+SUM(AB6:AF6)/COUNT(AB6:AF6) -> 0.0051039216 | AH6: =+IF(AG6>0,AG6,AG6*-1) -> 0.0051039216 | AI6: =IF(AA6=0,$D$56,IF(AA6<=$C$45,$D$51,IF(AA6<=$C$46,$D$52,IF(AA6<=$C$47,$D$53,IF(AA6<=$C$48,$D$54,$D$55))))) -> 80 | AJ6: =IF(AH6=0,$J$56,IF(AH6<=$I$45,$J$51,IF(AH6<=$I$46,$J$52,IF(AH6<=$I$47,$J$53,IF(AH6<=$I$48,$J$54,$J$55))))) -> 100 | AK6: =+(AI6*$AI$4)+(AJ6*$AJ$4) -> 90
A7: 3 | B7: Azufre | C7: Tonelada | Z7: 120 | AB7: - | AC7: - | AD7: - | AE7: - | AF7: - | AG7: - | AI7: =IF(AA7=0,$D$56,IF(AA7<=$C$45,$D$51,IF(AA7<=$C$46,$D$52,IF(AA7<=$C$47,$D$53,IF(AA7<=$C$48,$D$54,$D$55))))) -> 0 | AJ7: =IF(AH7=0,$J$56,IF(AH7<=$I$45,$J$51,IF(AH7<=$I$46,$J$52,IF(AH7<=$I$47,$J$53,IF(AH7<=$I$48,$J$54,$J$55))))) -> 0 | AK7: =+(AI7*$AI$4)+(AJ7*$AJ$4) -> 0
A8: 4 | B8: Baritina | C8: Tonelada | D8: 1163.87 | E8: 1033.8 | F8: 1375.69 | G8: 144392.15 | I8: 475.825 | J8: 505.214 | K8: 31.975 | L8: 101.35981 | M8: 139.9556 | N8: 12388.156 | O8: 58325.583 | P8: 20202.918 | Q8: 34067.795 | R8: 33899.874 | S8: =+D8-I8+N8 -> 13076.201 | T8: =+E8-J8+O8 -> 58854.169 | U8: =+F8-K8+P8 -> 21546.633 | V8: =+G8-L8+Q8 -> 178358.59 | W8: =+H8-M8+R8 -> 33759.918 | X8: =+SUM(S8:W8)/COUNT(S8:W8) -> 61119.101 | Y8: =+IF(X8>0,X8,X8*-1) -> 61119.101 | Z8: 235 | AA8: =+Y8*Z8 -> 14362989 | AB8: =N8/S8 -> 0.94738189 | AC8: =O8/T8 -> 0.99101872 | AD8: =P8/U8 -> 0.93763689 | AE8: =Q8/V8 -> 0.19100732 | AF8: =R8/W8 -> 1.0041456 | AG8: =+SUM(AB8:AF8)/COUNT(AB8:AF8) -> 0.81423809 | AH8: =+IF(AG8>0,AG8,AG8*-1) -> 0.81423809 | AI8: =IF(AA8=0,$D$56,IF(AA8<=$C$45,$D$51,IF(AA8<=$C$46,$D$52,IF(AA8<=$C$47,$D$53,IF(AA8<=$C$48,$D$54,$D$55))))) -> 60 | AJ8: =IF(AH8=0,$J$56,IF(AH8<=$I$45,$J$51,IF(AH8<=$I$46,$J$52,IF(AH8<=$I$47,$J$53,IF(AH8<=$I$48,$J$54,$J$55))))) -> 40 | AK8: =+(AI8*$AI$4)+(AJ8*$AJ$4) -> 50
A9: 5 | B9: Calizas y mármoles | C9: Tonelada | D9: 22800112 | E9: 24534007 | F9: 21461355 | G9: 16049002 | H9: 18770725 | J9: 98.2318 | K9: 37.56454 | L9: 315.268 | S9: =+D9-I9+N9 -> 22800112 | T9: =+E9-J9+O9 -> 24533909 | U9: =+F9-K9+P9 -> 21461317 | V9: =+G9-L9+Q9 -> 16048686 | W9: =+H9-M9+R9 -> 18770725 | X9: =+SUM(S9:W9)/COUNT(S9:W9) -> 20722950 | Y9: =+IF(X9>0,X9,X9*-1) -> 20722950 | Z9: 38 | AA9: =+Y9*Z9 -> 7.8747209e+08 | AB9: =N9/S9 -> 0 | AC9: =O9/T9 -> 0 | AD9: =P9/U9 -> 0 | AE9: =Q9/V9 -> 0 | AF9: =R9/W9 -> 0 | AG9: =+SUM(AB9:AF9)/COUNT(AB9:AF9) -> 0 | AH9: =+IF(AG9>0,AG9,AG9*-1) -> 0 | AI9: =IF(AA9=0,$D$56,IF(AA9<=$C$45,$D$51,IF(AA9<=$C$46,$D$52,IF(AA9<=$C$47,$D$53,IF(AA9<=$C$48,$D$54,$D$55))))) -> 100 | AJ9: =IF(AH9=0,$J$56,IF(AH9<=$I$45,$J$51,IF(AH9<=$I$46,$J$52,IF(AH9<=$I$47,$J$53,IF(AH9<=$I$48,$J$54,$J$55))))) -> 0 | AK9: =+(AI9*$AI$4)+(AJ9*$AJ$4) -> 50
A10: 6 | B10: Carbón | C10: Tonelada | D10: 64317613 | E10: 67811189 | F10: 69570797 | G10: 60896266 | H10: 50122962 | I10: 55600379 | J10: 56561819 | K10: 56741998 | L10: 60663728 | M10: 47785428 | N10: 571.78908 | O10: 4228.8615 | P10: 52701.392 | Q10: 50408.257 | R10: 10279.367 | S10: =+D10-I10+N10 -> 8717805.9 | T10: =+E10-J10+O10 -> 11253599 | U10: =+F10-K10+P10 -> 12881500 | V10: =+G10-L10+Q10 -> 282945.88 | W10: =+H10-M10+R10 -> 2347813.2 | X10: =+SUM(S10:W10)/COUNT(S10:W10) -> 7096732.7 | Y10: =+IF(X10>0,X10,X10*-1) -> 7096732.7 | Z10: 113 | AA10: =+Y10*Z10 -> 8.0193079e+08 | AB10: =N10/S10 -> 6.5588645e-05 | AC10: =O10/T10 -> 0.0003757786 | AD10: =P10/U10 -> 0.0040912465 | AE10: =Q10/V10 -> 0.17815512 | AF10: =R10/W10 -> 0.004378273 | AG10: =+SUM(AB10:AF10)/COUNT(AB10:AF10) -> 0.037413201 | AH10: =+IF(AG10>0,AG10,AG10*-1) -> 0.037413201 | AI10: =IF(AA10=0,$D$56,IF(AA10<=$C$45,$D$51,IF(AA10<=$C$46,$D$52,IF(AA10<=$C$47,$D$53,IF(AA10<=$C$48,$D$54,$D$55))))) -> 100 | AJ10: =IF(AH10=0,$J$56,IF(AH10<=$I$45,$J$51,IF(AH10<=$I$46,$J$52,IF(AH10<=$I$47,$J$53,IF(AH10<=$I$48,$J$54,$J$55))))) -> 80 | AK10: =+(AI10*$AI$4)+(AJ10*$AJ$4) -> 90
A11: 7 | B11: Cobre | C11: Tonelada | D11: 9035.133 | E11: 7615.3849 | F11: 9256.5101 | G11: 7945.802 | H11: 5654.0874 | I11: 10196.17 | J11: 5838.2352 | K11: 5643.6841 | L11: 8421.1974 | M11: 9355.0089 | N11: 18.8046 | O11: 11.62616 | P11: 15.04418 | Q11: 33.0027 | R11: 101.00487 | S11: =+D11-I11+N11 -> -1142.2326 | T11: =+E11-J11+O11 -> 1788.7758 | U11: =+F11-K11+P11 -> 3627.8702 | V11: =+G11-L11+Q11 -> -442.39272 | W11: =+H11-M11+R11 -> -3599.9166 | X11: =+SUM(S11:W11)/COUNT(S11:W11) -> 46.420826 | Y11: =+IF(X11>0,X11,X11*-1) -> 46.420826 | Z11: 9938 | AA11: =+Y11*Z11 -> 461330.17 | AB11: =N11/S11 -> -0.016463022 | AC11: =O11/T11 -> 0.0064995065 | AD11: =P11/U11 -> 0.0041468353 | AE11: =Q11/V11 -> -0.07460046 | AF11: =R11/W11 -> -0.028057559 | AG11: =+SUM(AB11:AF11)/COUNT(AB11:AF11) -> -0.02169494 | AH11: =+IF(AG11>0,AG11,AG11*-1) -> 0.02169494 | AI11: =IF(AA11=0,$D$56,IF(AA11<=$C$45,$D$51,IF(AA11<=$C$46,$D$52,IF(AA11<=$C$47,$D$53,IF(AA11<=$C$48,$D$54,$D$55))))) -> 20 | AJ11: =IF(AH11=0,$J$56,IF(AH11<=$I$45,$J$51,IF(AH11<=$I$46,$J$52,IF(AH11<=$I$47,$J$53,IF(AH11<=$I$48,$J$54,$J$55))))) -> 80 | AK11: =+(AI11*$AI$4)+(AJ11*$AJ$4) -> 50
A12: 8 | B12: Cromo | C12: Tonelada | E12: 35.3718 | I12: 9.825 | J12: 44.6 | K12: 2.25 | L12: 2 | M12: 19.5 | N12: 773.65257 | O12: 782.96347 | P12: 655.20737 | Q12: 579.806 | R12: 517.9784 | S12: =+D12-I12+N12 -> 763.82757 | T12: =+E12-J12+O12 -> 773.73527 | U12: =+F12-K12+P12 -> 652.95737 | V12: =+G12-L12+Q12 -> 577.806 | W12: =+H12-M12+R12 -> 498.4784 | X12: =+SUM(S12:W12)/COUNT(S12:W12) -> 653.36092 | Y12: =+IF(X12>0,X12,X12*-1) -> 653.36092 | Z12: 280 | AA12: =+Y12*Z12 -> 182941.06 | AB12: =N12/S12 -> 1.0128629 | AC12: =O12/T12 -> 1.0119268 | AD12: =P12/U12 -> 1.0034459 | AE12: =Q12/V12 -> 1.0034614 | AF12: =R12/W12 -> 1.039119 | AG12: =+SUM(AB12:AF12)/COUNT(AB12:AF12) -> 1.0141632 | AH12: =+IF(AG12>0,AG12,AG12*-1) -> 1.0141632 | AI12: =IF(AA12=0,$D$56,IF(AA12<=$C$45,$D$51,IF(AA12<=$C$46,$D$52,IF(AA12<=$C$47,$D$53,IF(AA12<=$C$48,$D$54,$D$55))))) -> 20 | AJ12: =IF(AH12=0,$J$56,IF(AH12<=$I$45,$J$51,IF(AH12<=$I$46,$J$52,IF(AH12<=$I$47,$J$53,IF(AH12<=$I$48,$J$54,$J$55))))) -> 20 | AK12: =+(AI12*$AI$4)+(AJ12*$AJ$4) -> 20
A13: 9 | B13: Elementos de Tierras Raras (ETR) | C13: Tonelada | I13: 6.24 | J13: 1.995 | K13: 0.03922 | L13: 0.06519 | M13: 0.05924 | N13: 0.0409 | O13: 0.02729 | P13: 0.03922 | Q13: 0.06519 | R13: 0.05924 | S13: -6 | T13: -2 | U13: 0.03922 | V13: 0.06519 | W13: 0.05924 | X13: =+SUM(S13:W13)/COUNT(S13:W13) -> -1.56727 | Y13: =+IF(X13>0,X13,X13*-1) -> 1.56727 | Z13: 60000 | AA13: =+Y13*Z13 -> 94036.2 | AB13: =N13/S13 -> -0.0068166667 | AC13: =O13/T13 -> -0.013645 | AD13: - | AE13: - | AF13: =R13/W13 -> 1 | AG13: =+SUM(AB13:AF13)/COUNT(AB13:AF13) -> 0.32651278 | AH13: =+IF(AG13>0,AG13,AG13*-1) -> 0.32651278 | AI13: =IF(AA13=0,$D$56,IF(AA13<=$C$45,$D$51,IF(AA13<=$C$46,$D$52,IF(AA13<=$C$47,$D$53,IF(AA13<=$C$48,$D$54,$D$55))))) -> 20 | AJ13: =IF(AH13=0,$J$56,IF(AH13<=$I$45,$J$51,IF(AH13<=$I$46,$J$52,IF(AH13<=$I$47,$J$53,IF(AH13<=$I$48,$J$54,$J$55))))) -> 60 | AK13: =+(AI13*$AI$4)+(AJ13*$AJ$4) -> 40
A14: 10 | B14: Esmeralda | C14: Tonelada | D14: 0.3029356 | E14: 0.2771979 | F14: 0.2789045 | G14: 0.2792397 | H14: 0.2923198 | I14: 0.2587 | J14: 0.25665 | K14: 0.1746 | L14: 0.21173 | M14: 0.17064 | N14: 0.00126 | O14: 0.00075 | P14: 0.00036 | Q14: 0.0005 | R14: 7e-05 | S14: =+D14-I14+N14 -> 0.0454956 | T14: =+E14-J14+O14 -> 0.0212979 | U14: =+F14-K14+P14 -> 0.1046645 | V14: =+G14-L14+Q14 -> 0.0680097 | W14: =+H14-M14+R14 -> 0.1217498 | X14: =+SUM(S14:W14)/COUNT(S14:W14) -> 0.0722435 | Y14: =+IF(X14>0,X14,X14*-1) -> 0.0722435 | Z14: 816485656 | AA14: =+Y14*Z14 -> 58985781 | AB14: =N14/S14 -> 0.027694986 | AC14: =O14/T14 -> 0.035214739 | AD14: =P14/U14 -> 0.0034395616 | AE14: =Q14/V14 -> 0.0073518925 | AF14: =R14/W14 -> 0.00057494961 | AG14: =+SUM(AB14:AF14)/COUNT(AB14:AF14) -> 0.014855226 | AH14: =+IF(AG14>0,AG14,AG14*-1) -> 0.014855226 | AI14: =IF(AA14=0,$D$56,IF(AA14<=$C$45,$D$51,IF(AA14<=$C$46,$D$52,IF(AA14<=$C$47,$D$53,IF(AA14<=$C$48,$D$54,$D$55))))) -> 80 | AJ14: =IF(AH14=0,$J$56,IF(AH14<=$I$45,$J$51,IF(AH14<=$I$46,$J$52,IF(AH14<=$I$47,$J$53,IF(AH14<=$I$48,$J$54,$J$55))))) -> 100 | AK14: =+(AI14*$AI$4)+(AJ14*$AJ$4) -> 90
A15: 11 | B15: Estaño | C15: Tonelada | G15: 209.33227 | H15: 67.10954 | I15: 59.75714 | J15: 216.51365 | K15: 118.50385 | L15: 248.7795 | M15: 110.36527 | N15: 184.91724 | O15: 161.69439 | P15: 182.36084 | Q15: 216.35176 | R15: 184.98887 | S15: =+D15-I15+N15 -> 125.1601 | T15: =+E15-J15+O15 -> -54.81926 | U15: =+F15-K15+P15 -> 63.85699 | V15: =+G15-L15+Q15 -> 176.90453 | W15: =+H15-M15+R15 -> 141.73314 | X15: =+SUM(S15:W15)/COUNT(S15:W15) -> 90.5671 | Y15: =+IF(X15>0,X15,X15*-1) -> 90.5671 | Z15: 32500 | AA15: =+Y15*Z15 -> 2943430.8 | AB15: =N15/S15 -> 1.4774456 | AC15: =O15/T15 -> -2.9495909 | AD15: =P15/U15 -> 2.8557694 | AE15: =Q15/V15 -> 1.222986 | AF15: =R15/W15 -> 1.3051914 | AG15: =+SUM(AB15:AF15)/COUNT(AB15:AF15) -> 0.7823603 | AH15: =+IF(AG15>0,AG15,AG15*-1) -> 0.7823603 | AI15: =IF(AA15=0,$D$56,IF(AA15<=$C$45,$D$51,IF(AA15<=$C$46,$D$52,IF(AA15<=$C$47,$D$53,IF(AA15<=$C$48,$D$54,$D$55))))) -> 40 | AJ15: =IF(AH15=0,$J$56,IF(AH15<=$I$45,$J$51,IF(AH15<=$I$46,$J$52,IF(AH15<=$I$47,$J$53,IF(AH15<=$I$48,$J$54,$J$55))))) -> 40 | AK15: =+(AI15*$AI$4)+(AJ15*$AJ$4) -> 40
A16: 12 | B16: Feldespato | C16: Tonelada | D16: 99755.47 | E16: 164782.98 | F16: 73674.91 | G16: 147326.24 | H16: 218069.59 | J16: 13.678 | K16: 15 | L16: 1022.2 | M16: 2815.6 | N16: 4995.474 | O16: 5434.75 | P16: 4008.205 | Q16: 3735.3456 | R16: 4759.928 | S16: =+D16-I16+N16 -> 104750.94 | T16: =+E16-J16+O16 -> 170204.05 | U16: =+F16-K16+P16 -> 77668.115 | V16: =+G16-L16+Q16 -> 150039.39 | W16: =+H16-M16+R16 -> 220013.92 | X16: =+SUM(S16:W16)/COUNT(S16:W16) -> 144535.28 | Y16: =+IF(X16>0,X16,X16*-1) -> 144535.28 | Z16: 120 | AA16: =+Y16*Z16 -> 17344234 | AB16: =N16/S16 -> 0.047689059 | AC16: =O16/T16 -> 0.031930791 | AD16: =P16/U16 -> 0.051606827 | AE16: =Q16/V16 -> 0.024895767 | AF16: =R16/W16 -> 0.021634668 | AG16: =+SUM(AB16:AF16)/COUNT(AB16:AF16) -> 0.035551423 | AH16: =+IF(AG16>0,AG16,AG16*-1) -> 0.035551423 | AI16: =IF(AA16=0,$D$56,IF(AA16<=$C$45,$D$51,IF(AA16<=$C$46,$D$52,IF(AA16<=$C$47,$D$53,IF(AA16<=$C$48,$D$54,$D$55))))) -> 60 | AJ16: =IF(AH16=0,$J$56,IF(AH16<=$I$45,$J$51,IF(AH16<=$I$46,$J$52,IF(AH16<=$I$47,$J$53,IF(AH16<=$I$48,$J$54,$J$55))))) -> 80 | AK16: =+(AI16*$AI$4)+(AJ16*$AJ$4) -> 70
A17: 13 | B17: Fluorita | C17: Tonelada | N17: 1468.49 | O17: 2752.64 | P17: 1750.564 | Q17: 1590.233 | R17: 1465.794 | S17: =+D17-I17+N17 -> 1468.49 | T17: =+E17-J17+O17 -> 2752.64 | U17: =+F17-K17+P17 -> 1750.564 | V17: =+G17-L17+Q17 -> 1590.233 | W17: =+H17-M17+R17 -> 1465.794 | X17: =+SUM(S17:W17)/COUNT(S17:W17) -> 1805.5442 | Y17: =+IF(X17>0,X17,X17*-1) -> 1805.5442 | Z17: 466 | AA17: =+Y17*Z17 -> 841383.6 | AB17: =N17/S17 -> 1 | AC17: =O17/T17 -> 1 | AD17: =P17/U17 -> 1 | AE17: =Q17/V17 -> 1 | AF17: =R17/W17 -> 1 | AG17: =+SUM(AB17:AF17)/COUNT(AB17:AF17) -> 1 | AH17: =+IF(AG17>0,AG17,AG17*-1) -> 1 | AI17: =IF(AA17=0,$D$56,IF(AA17<=$C$45,$D$51,IF(AA17<=$C$46,$D$52,IF(AA17<=$C$47,$D$53,IF(AA17<=$C$48,$D$54,$D$55))))) -> 40 | AJ17: =IF(AH17=0,$J$56,IF(AH17<=$I$45,$J$51,IF(AH17<=$I$46,$J$52,IF(AH17<=$I$47,$J$53,IF(AH17<=$I$48,$J$54,$J$55))))) -> 20 | AK17: =+(AI17*$AI$4)+(AJ17*$AJ$4) -> 30
A18: 14 | B18: Grafito | C18: Tonelada | D18: 55 | E18: 85 | F18: 1277 | G18: 417 | H18: 88 | I18: 41.301 | J18: 27.7 | K18: 112.92141 | L18: 50.0425 | M18: 95.516 | N18: 962.34206 | O18: 577.51682 | P18: 673.16982 | Q18: 632.70642 | R18: 504.96444 | S18: =+D18-I18+N18 -> 976.04106 | T18: =+E18-J18+O18 -> 634.81682 | U18: =+F18-K18+P18 -> 1837.2484 | V18: =+G18-L18+Q18 -> 999.66392 | W18: =+H18-M18+R18 -> 497.44844 | X18: =+SUM(S18:W18)/COUNT(S18:W18) -> 989.04373 | Y18: =+IF(X18>0,X18,X18*-1) -> 989.04373 | Z18: 700 | AA18: =+Y18*Z18 -> 692330.61 | AB18: =N18/S18 -> 0.98596473 | AC18: =O18/T18 -> 0.90973774 | AD18: =P18/U18 -> 0.36640109 | AE18: =Q18/V18 -> 0.63291913 | AF18: =R18/W18 -> 1.0151091 | AG18: =+SUM(AB18:AF18)/COUNT(AB18:AF18) -> 0.78202636 | AH18: =+IF(AG18>0,AG18,AG18*-1) -> 0.78202636 | AI18: =IF(AA18=0,$D$56,IF(AA18<=$C$45,$D$51,IF(AA18<=$C$46,$D$52,IF(AA18<=$C$47,$D$53,IF(AA18<=$C$48,$D$54,$D$55))))) -> 20 | AJ18: =IF(AH18=0,$J$56,IF(AH18<=$I$45,$J$51,IF(AH18<=$I$46,$J$52,IF(AH18<=$I$47,$J$53,IF(AH18<=$I$48,$J$54,$J$55))))) -> 40 | AK18: =+(AI18*$AI$4)+(AJ18*$AJ$4) -> 30
A19: 15 | B19: Hierro | C19: Tonelada | D19: 750381.47 | E19: 497646.75 | F19: 652756.81 | G19: 516820.38 | H19: 717698.33 | I19: 6055.7252 | J19: 5186.1427 | K19: 4169.216 | L19: 4462.1938 | M19: 3553.0645 | N19: 2611.5825 | O19: 2362.775 | P19: 1946.3513 | Q19: 3004.3261 | R19: 1602.6503 | S19: =+D19-I19+N19 -> 746937.33 | T19: =+E19-J19+O19 -> 494823.38 | U19: =+F19-K19+P19 -> 650533.95 | V19: =+G19-L19+Q19 -> 515362.51 | W19: =+H19-M19+R19 -> 715747.92 | X19: =+SUM(S19:W19)/COUNT(S19:W19) -> 624681.02 | Y19: =+IF(X19>0,X19,X19*-1) -> 624681.02 | Z19: 100 | AA19: =+Y19*Z19 -> 62468102 | AB19: =N19/S19 -> 0.0034963878 | AC19: =O19/T19 -> 0.0047749866 | AD19: =P19/U19 -> 0.002991929 | AE19: =Q19/V19 -> 0.0058295394 | AF19: =R19/W19 -> 0.0022391267 | AG19: =+SUM(AB19:AF19)/COUNT(AB19:AF19) -> 0.0038663939 | AH19: =+IF(AG19>0,AG19,AG19*-1) -> 0.0038663939 | AI19: =IF(AA19=0,$D$56,IF(AA19<=$C$45,$D$51,IF(AA19<=$C$46,$D$52,IF(AA19<=$C$47,$D$53,IF(AA19<=$C$48,$D$54,$D$55))))) -> 80 | AJ19: =IF(AH19=0,$J$56,IF(AH19<=$I$45,$J$51,IF(AH19<=$I$46,$J$52,IF(AH19<=$I$47,$J$53,IF(AH19<=$I$48,$J$54,$J$55))))) -> 100 | AK19: =+(AI19*$AI$4)+(AJ19*$AJ$4) -> 90
A20: 16 | B20: Litio | C20: Tonelada | N20: 6.14125 | O20: 9.086 | P20: 9.32538 | Q20: 3.9314 | R20: 10.95913 | S20: =+D20-I20+N20 -> 6.14125 | T20: =+E20-J20+O20 -> 9.086 | U20: =+F20-K20+P20 -> 9.32538 | V20: =+G20-L20+Q20 -> 3.9314 | W20: =+H20-M20+R20 -> 10.95913 | X20: =+SUM(S20:W20)/COUNT(S20:W20) -> 7.888632 | Y20: =+IF(X20>0,X20,X20*-1) -> 7.888632 | Z20: 9145 | AA20: =+Y20*Z20 -> 72141.54 | AB20: =N20/S20 -> 1 | AC20: =O20/T20 -> 1 | AD20: =P20/U20 -> 1 | AE20: =Q20/V20 -> 1 | AF20: =R20/W20 -> 1 | AG20: =+SUM(AB20:AF20)/COUNT(AB20:AF20) -> 1 | AH20: =+IF(AG20>0,AG20,AG20*-1) -> 1 | AI20: =IF(AA20=0,$D$56,IF(AA20<=$C$45,$D$51,IF(AA20<=$C$46,$D$52,IF(AA20<=$C$47,$D$53,IF(AA20<=$C$48,$D$54,$D$55))))) -> 20 | AJ20: =IF(AH20=0,$J$56,IF(AH20<=$I$45,$J$51,IF(AH20<=$I$46,$J$52,IF(AH20<=$I$47,$J$53,IF(AH20<=$I$48,$J$54,$J$55))))) -> 20 | AK20: =+(AI20*$AI$4)+(AJ20*$AJ$4) -> 20
A21: 17 | B21: Magnesio | C21: Tonelada | D21: 3115.8 | E21: 2694.2 | F21: 2539.55 | G21: 1398.1 | H21: 260.48 | I21: 752.6573 | J21: 535.9367 | K21: 1490.9587 | L21: 141.75007 | M21: 200.06963 | N21: 34634.347 | O21: 55210.861 | P21: 47151.517 | Q21: 50872.82 | R21: 57940.264 | S21: =+D21-I21+N21 -> 36997.489 | T21: =+E21-J21+O21 -> 57369.124 | U21: =+F21-K21+P21 -> 48200.108 | V21: =+G21-L21+Q21 -> 52129.17 | W21: =+H21-M21+R21 -> 58000.675 | X21: =+SUM(S21:W21)/COUNT(S21:W21) -> 50539.313 | Y21: =+IF(X21>0,X21,X21*-1) -> 50539.313 | Z21: 2700 | AA21: =+Y21*Z21 -> 1.3645615e+08 | AB21: =N21/S21 -> 0.93612694 | AC21: =O21/T21 -> 0.96237936 | AD21: =P21/U21 -> 0.97824504 | AE21: =Q21/V21 -> 0.97589929 | AF21: =R21/W21 -> 0.99895845 | AG21: =+SUM(AB21:AF21)/COUNT(AB21:AF21) -> 0.97032182 | AH21: =+IF(AG21>0,AG21,AG21*-1) -> 0.97032182 | AI21: =IF(AA21=0,$D$56,IF(AA21<=$C$45,$D$51,IF(AA21<=$C$46,$D$52,IF(AA21<=$C$47,$D$53,IF(AA21<=$C$48,$D$54,$D$55))))) -> 80 | AJ21: =IF(AH21=0,$J$56,IF(AH21<=$I$45,$J$51,IF(AH21<=$I$46,$J$52,IF(AH21<=$I$47,$J$53,IF(AH21<=$I$48,$J$54,$J$55))))) -> 40 | AK21: =+(AI21*$AI$4)+(AJ21*$AJ$4) -> 60
A22: 18 | B22: Manganeso | C22: Tonelada | D22: 358.63 | E22: 407.62 | F22: 369078.9 | G22: 1112.91 | H22: 403.01 | N22: 28648.155 | O22: 14077.25 | P22: 14835.05 | Q22: 18200.974 | R22: 11046.559 | S22: =+D22-I22+N22 -> 29006.785 | T22: =+E22-J22+O22 -> 14484.87 | U22: =+F22-K22+P22 -> 383913.95 | V22: =+G22-L22+Q22 -> 19313.884 | W22: =+H22-M22+R22 -> 11449.569 | X22: =+SUM(S22:W22)/COUNT(S22:W22) -> 91633.812 | Y22: =+IF(X22>0,X22,X22*-1) -> 91633.812 | Z22: 190 | AA22: =+Y22*Z22 -> 17410424 | AB22: =N22/S22 -> 0.98763634 | AC22: =O22/T22 -> 0.97185891 | AD22: =P22/U22 -> 0.038641602 | AE22: =Q22/V22 -> 0.94237772 | AF22: =R22/W22 -> 0.9648013 | AG22: =+SUM(AB22:AF22)/COUNT(AB22:AF22) -> 0.78106317 | AH22: =+IF(AG22>0,AG22,AG22*-1) -> 0.78106317 | AI22: =IF(AA22=0,$D$56,IF(AA22<=$C$45,$D$51,IF(AA22<=$C$46,$D$52,IF(AA22<=$C$47,$D$53,IF(AA22<=$C$48,$D$54,$D$55))))) -> 60 | AJ22: =IF(AH22=0,$J$56,IF(AH22<=$I$45,$J$51,IF(AH22<=$I$46,$J$52,IF(AH22<=$I$47,$J$53,IF(AH22<=$I$48,$J$54,$J$55))))) -> 40 | AK22: =+(AI22*$AI$4)+(AJ22*$AJ$4) -> 50
A23: 19 | B23: Materiales de Construcción | C23: Tonelada | D23: 58002325 | E23: 55793980 | F23: 55581977 | G23: 43119876 | H23: 40664172 | I23: 188750.76 | J23: 714785.61 | K23: 1224453.3 | L23: 888658.7 | M23: 222716.94 | N23: 3960.4482 | O23: 6146.9254 | P23: 2866.7569 | Q23: 2385.1844 | R23: 2454.0737 | S23: =+D23-I23+N23 -> 57817534 | T23: =+E23-J23+O23 -> 55085342 | U23: =+F23-K23+P23 -> 54360390 | V23: =+G23-L23+Q23 -> 42233603 | W23: =+H23-M23+R23 -> 40443909 | X23: =+SUM(S23:W23)/COUNT(S23:W23) -> 49988156 | Y23: =+IF(X23>0,X23,X23*-1) -> 49988156 | Z23: 16 | AA23: =+Y23*Z23 -> 7.9981049e+08 | AB23: =N23/S23 -> 6.8499085e-05 | AC23: =O23/T23 -> 0.00011158913 | AD23: =P23/U23 -> 5.2736136e-05 | AE23: =Q23/V23 -> 5.6475987e-05 | AF23: =R23/W23 -> 6.0678449e-05 | AG23: =+SUM(AB23:AF23)/COUNT(AB23:AF23) -> 6.9995758e-05 | AH23: =+IF(AG23>0,AG23,AG23*-1) -> 6.9995758e-05 | AI23: =IF(AA23=0,$D$56,IF(AA23<=$C$45,$D$51,IF(AA23<=$C$46,$D$52,IF(AA23<=$C$47,$D$53,IF(AA23<=$C$48,$D$54,$D$55))))) -> 100 | AJ23: =IF(AH23=0,$J$56,IF(AH23<=$I$45,$J$51,IF(AH23<=$I$46,$J$52,IF(AH23<=$I$47,$J$53,IF(AH23<=$I$48,$J$54,$J$55))))) -> 100 | AK23: =+(AI23*$AI$4)+(AJ23*$AJ$4) -> 100
A24: 20 | B24: Metales del Grupo del Platino (MGP) | C24: Tonelada | D24: 0.618175 | E24: 0.5921979 | F24: 0.8926875 | G24: 0.8710269 | H24: 1.0762231 | I24: 0.72583 | J24: 0.8629 | K24: 0.98263 | L24: 1.07323 | M24: 1.31904 | N24: 0.19005 | O24: 0.01138 | P24: 0.00466 | Q24: 0.00231 | R24: 0.00252 | S24: =+D24-I24+N24 -> 0.082395 | T24: =+E24-J24+O24 -> -0.2593221 | U24: =+F24-K24+P24 -> -0.0852825 | V24: =+G24-L24+Q24 -> -0.1998931 | W24: =+H24-M24+R24 -> -0.2402969 | X24: =+SUM(S24:W24)/COUNT(S24:W24) -> -0.14047992 | Y24: =+IF(X24>0,X24,X24*-1) -> 0.14047992 | Z24: 1274 | AA24: =+Y24*Z24 -> 178.97142 | AB24: =N24/S24 -> 2.306572 | AC24: =O24/T24 -> -0.043883649 | AD24: =P24/U24 -> -0.054641925 | AE24: =Q24/V24 -> -0.011556177 | AF24: =R24/W24 -> -0.010487027 | AG24: =+SUM(AB24:AF24)/COUNT(AB24:AF24) -> 0.43720064 | AH24: =+IF(AG24>0,AG24,AG24*-1) -> 0.43720064 | AI24: =IF(AA24=0,$D$56,IF(AA24<=$C$45,$D$51,IF(AA24<=$C$46,$D$52,IF(AA24<=$C$47,$D$53,IF(AA24<=$C$48,$D$54,$D$55))))) -> 20 | AJ24: =IF(AH24=0,$J$56,IF(AH24<=$I$45,$J$51,IF(AH24<=$I$46,$J$52,IF(AH24<=$I$47,$J$53,IF(AH24<=$I$48,$J$54,$J$55))))) -> 60 | AK24: =+(AI24*$AI$4)+(AJ24*$AJ$4) -> 40
A25: 21 | B25: Molibdeno | C25: Tonelada | S25: =+D25-I25+N25 -> 0 | T25: =+E25-J25+O25 -> 0 | U25: =+F25-K25+P25 -> 0 | V25: =+G25-L25+Q25 -> 0 | W25: =+H25-M25+R25 -> 0 | X25: =+SUM(S25:W25)/COUNT(S25:W25) -> 0 | Y25: =+IF(X25>0,X25,X25*-1) -> 0 | Z25: 48000 | AB25: - | AC25: - | AD25: - | AE25: - | AF25: - | AG25: - | AI25: =IF(AA25=0,$D$56,IF(AA25<=$C$45,$D$51,IF(AA25<=$C$46,$D$52,IF(AA25<=$C$47,$D$53,IF(AA25<=$C$48,$D$54,$D$55))))) -> 0 | AJ25: =IF(AH25=0,$J$56,IF(AH25<=$I$45,$J$51,IF(AH25<=$I$46,$J$52,IF(AH25<=$I$47,$J$53,IF(AH25<=$I$48,$J$54,$J$55))))) -> 0 | AK25: =+(AI25*$AI$4)+(AJ25*$AJ$4) -> 0
A26: 22 | B26: Niobio-Tantalio | C26: Tonelada | H26: 87.45054 | I26: 0.175 | K26: 4.58355 | M26: 1.76846 | N26: 0.00338 | S26: =+D26-I26+N26 -> -0.17162 | T26: =+E26-J26+O26 -> 0 | U26: =+F26-K26+P26 -> -4.58355 | V26: =+G26-L26+Q26 -> 0 | W26: =+H26-M26+R26 -> 85.68208 | X26: =+SUM(S26:W26)/COUNT(S26:W26) -> 16.185382 | Y26: =+IF(X26>0,X26,X26*-1) -> 16.185382 | Z26: 72000 | AA26: =+Y26*Z26 -> 1165347.5 | AB26: =N26/S26 -> -0.019694674 | AD26: =P26/U26 -> 0 | AF26: =R26/W26 -> 0 | AG26: =+SUM(AB26:AF26)/COUNT(AB26:AF26) -> -0.0065648914 | AH26: =+IF(AG26>0,AG26,AG26*-1) -> 0.0065648914 | AI26: =IF(AA26=0,$D$56,IF(AA26<=$C$45,$D$51,IF(AA26<=$C$46,$D$52,IF(AA26<=$C$47,$D$53,IF(AA26<=$C$48,$D$54,$D$55))))) -> 40 | AJ26: =IF(AH26=0,$J$56,IF(AH26<=$I$45,$J$51,IF(AH26<=$I$46,$J$52,IF(AH26<=$I$47,$J$53,IF(AH26<=$I$48,$J$54,$J$55))))) -> 100 | AK26: =+(AI26*$AI$4)+(AJ26*$AJ$4) -> 70
A27: 23 | B27: Níquel | C27: Tonelada | D27: 37694.629 | E27: 41155.05 | F27: 38096.713 | G27: 39549.984 | H27: 35846.783 | M27: 0.025 | N27: 103.85774 | O27: 91.54601 | P27: 61.33667 | Q27: 59780.884 | R27: 69.15 | S27: =+D27-I27+N27 -> 37798.487 | T27: =+E27-J27+O27 -> 41246.596 | U27: =+F27-K27+P27 -> 38158.05 | V27: =+G27-L27+Q27 -> 99330.868 | W27: =+H27-M27+R27 -> 35915.908 | X27: =+SUM(S27:W27)/COUNT(S27:W27) -> 50489.982 | Y27: =+IF(X27>0,X27,X27*-1) -> 50489.982 | Z27: 15149 | AA27: =+Y27*Z27 -> 7.6487273e+08 | AB27: =N27/S27 -> 0.0027476692 | AC27: =O27/T27 -> 0.0022194804 | AD27: =P27/U27 -> 0.0016074372 | AE27: =Q27/V27 -> 0.60183592 | AF27: =R27/W27 -> 0.0019253307 | AG27: =+SUM(AB27:AF27)/COUNT(AB27:AF27) -> 0.12206717 | AH27: =+IF(AG27>0,AG27,AG27*-1) -> 0.12206717 | AI27: =IF(AA27=0,$D$56,IF(AA27<=$C$45,$D$51,IF(AA27<=$C$46,$D$52,IF(AA27<=$C$47,$D$53,IF(AA27<=$C$48,$D$54,$D$55))))) -> 100 | AJ27: =IF(AH27=0,$J$56,IF(AH27<=$I$45,$J$51,IF(AH27<=$I$46,$J$52,IF(AH27<=$I$47,$J$53,IF(AH27<=$I$48,$J$54,$J$55))))) -> 80 | AK27: =+(AI27*$AI$4)+(AJ27*$AJ$4) -> 90
A28: 24 | B28: Oro | C28: Tonelada | D28: 58.105994 | E28: 54.660312 | F28: 61.333425 | G28: 56.73097 | H28: 51.149151 | I28: 76.84358 | J28: 67.51044 | K28: 68.4872 | L28: 67.02076 | M28: 57.01434 | N28: 7e-05 | O28: 2e-05 | P28: 0.00041 | R28: 0.00018 | S28: =+D28-I28+N28 -> -18.737516 | T28: =+E28-J28+O28 -> -12.850108 | U28: =+F28-K28+P28 -> -7.1533651 | V28: =+G28-L28+Q28 -> -10.28979 | W28: =+H28-M28+R28 -> -5.865009 | X28: =+SUM(S28:W28)/COUNT(S28:W28) -> -10.979158 | Y28: =+IF(X28>0,X28,X28*-1) -> 10.979158 | Z28: 110430719 | AA28: =+Y28*Z28 -> 1.2124363e+09 | AB28: =N28/S28 -> -3.7358207e-06 | AC28: =O28/T28 -> -1.5564072e-06 | AD28: =P28/U28 -> -5.7315682e-05 | AE28: =Q28/V28 -> 0 | AF28: =R28/W28 -> -3.069049e-05 | AG28: =+SUM(AB28:AF28)/COUNT(AB28:AF28) -> -1.865968e-05 | AH28: =+IF(AG28>0,AG28,AG28*-1) -> 1.865968e-05 | AI28: =IF(AA28=0,$D$56,IF(AA28<=$C$45,$D$51,IF(AA28<=$C$46,$D$52,IF(AA28<=$C$47,$D$53,IF(AA28<=$C$48,$D$54,$D$55))))) -> 100 | AJ28: =IF(AH28=0,$J$56,IF(AH28<=$I$45,$J$51,IF(AH28<=$I$46,$J$52,IF(AH28<=$I$47,$J$53,IF(AH28<=$I$48,$J$54,$J$55))))) -> 100 | AK28: =+(AI28*$AI$4)+(AJ28*$AJ$4) -> 100
A29: 25 | B29: Plata | C29: Tonelada | D29: 27.631787 | E29: 37.429543 | F29: 51.757963 | G29: 57.034408 | H29: 60.35706 | I29: 6.66592 | J29: 6.48649 | K29: 9.83763 | L29: 17.67499 | M29: 16.51311 | N29: 9.62701 | O29: 4.3459 | P29: 3.22413 | Q29: 1.26586 | R29: 1.12442 | S29: =+D29-I29+N29 -> 30.592877 | T29: =+E29-J29+O29 -> 35.288953 | U29: =+F29-K29+P29 -> 45.144463 | V29: =+G29-L29+Q29 -> 40.625278 | W29: =+H29-M29+R29 -> 44.96837 | X29: =+SUM(S29:W29)/COUNT(S29:W29) -> 39.323988 | Y29: =+IF(X29>0,X29,X29*-1) -> 39.323988 | Z29: 1284101 | AA29: =+Y29*Z29 -> 50495973 | AB29: =N29/S29 -> 0.31468142 | AC29: =O29/T29 -> 0.12315185 | AD29: =P29/U29 -> 0.071418061 | AE29: =Q29/V29 -> 0.031159418 | AF29: =R29/W29 -> 0.025004687 | AG29: =+SUM(AB29:AF29)/COUNT(AB29:AF29) -> 0.11308309 | AH29: =+IF(AG29>0,AG29,AG29*-1) -> 0.11308309 | AI29: =IF(AA29=0,$D$56,IF(AA29<=$C$45,$D$51,IF(AA29<=$C$46,$D$52,IF(AA29<=$C$47,$D$53,IF(AA29<=$C$48,$D$54,$D$55))))) -> 80 | AJ29: =IF(AH29=0,$J$56,IF(AH29<=$I$45,$J$51,IF(AH29<=$I$46,$J$52,IF(AH29<=$I$47,$J$53,IF(AH29<=$I$48,$J$54,$J$55))))) -> 80 | AK29: =+(AI29*$AI$4)+(AJ29*$AJ$4) -> 80
A30: 26 | B30: Plomo | C30: Tonelada | D30: 4e-05 | E30: 3e-05 | F30: 15389.696 | G30: 638.6731 | H30: 638.31446 | N30: 1.45156 | O30: 8.34624 | P30: 3.99168 | Q30: 0.9 | S30: =+D30-I30+N30 -> 1.4516 | T30: =+E30-J30+O30 -> 8.34627 | U30: =+F30-K30+P30 -> 15393.688 | V30: =+G30-L30+Q30 -> 639.5731 | W30: =+H30-M30+R30 -> 638.31446 | X30: =+SUM(S30:W30)/COUNT(S30:W30) -> 3336.2747 | Y30: =+IF(X30>0,X30,X30*-1) -> 3336.2747 | Z30: 1970 | AA30: =+Y30*Z30 -> 6572461.2 | AB30: =N30/S30 -> 0.99997244 | AC30: =O30/T30 -> 0.99999641 | AD30: =P30/U30 -> 0.00025930628 | AE30: =Q30/V30 -> 0.0014071886 | AF30: =R30/W30 -> 0 | AG30: =+SUM(AB30:AF30)/COUNT(AB30:AF30) -> 0.40032707 | AH30: =+IF(AG30>0,AG30,AG30*-1) -> 0.40032707 | AI30: =IF(AA30=0,$D$56,IF(AA30<=$C$45,$D$51,IF(AA30<=$C$46,$D$52,IF(AA30<=$C$47,$D$53,IF(AA30<=$C$48,$D$54,$D$55))))) -> 40 | AJ30: =IF(AH30=0,$J$56,IF(AH30<=$I$45,$J$51,IF(AH30<=$I$46,$J$52,IF(AH30<=$I$47,$J$53,IF(AH30<=$I$48,$J$54,$J$55))))) -> 60 | AK30: =+(AI30*$AI$4)+(AJ30*$AJ$4) -> 50
A31: 27 | B31: Potasio | C31: Tonelada | N31: 617189.12 | O31: 420619.55 | P31: 517552.67 | Q31: 603147.3 | R31: 638617.49 | S31: =+D31-I31+N31 -> 617189.12 | T31: =+E31-J31+O31 -> 420619.55 | U31: =+F31-K31+P31 -> 517552.67 | V31: =+G31-L31+Q31 -> 603147.3 | W31: =+H31-M31+R31 -> 638617.49 | X31: =+SUM(S31:W31)/COUNT(S31:W31) -> 559425.22 | Y31: =+IF(X31>0,X31,X31*-1) -> 559425.22 | Z31: 270 | AA31: =+Y31*Z31 -> 1.5104481e+08 | AB31: =N31/S31 -> 1 | AC31: =O31/T31 -> 1 | AD31: =P31/U31 -> 1 | AE31: =Q31/V31 -> 1 | AF31: =R31/W31 -> 1 | AG31: =+SUM(AB31:AF31)/COUNT(AB31:AF31) -> 1 | AH31: =+IF(AG31>0,AG31,AG31*-1) -> 1 | AI31: =IF(AA31=0,$D$56,IF(AA31<=$C$45,$D$51,IF(AA31<=$C$46,$D$52,IF(AA31<=$C$47,$D$53,IF(AA31<=$C$48,$D$54,$D$55))))) -> 100 | AJ31: =IF(AH31=0,$J$56,IF(AH31<=$I$45,$J$51,IF(AH31<=$I$46,$J$52,IF(AH31<=$I$47,$J$53,IF(AH31<=$I$48,$J$54,$J$55))))) -> 20 | AK31: =+(AI31*$AI$4)+(AJ31*$AJ$4) -> 60
A32: 28 | B32: Roca fosfórica | C32: Tonelada | D32: 68457.36 | E32: 76422.34 | F32: 62080.65 | G32: 65107.33 | H32: 75585.13 | I32: 172.5 | J32: 170.9 | L32: 0.9 | M32: 0.3 | N32: 58157.812 | O32: 31563.043 | P32: 31063.099 | Q32: 28693.665 | R32: 29555.595 | S32: =+D32-I32+N32 -> 126442.67 | T32: =+E32-J32+O32 -> 107814.48 | U32: =+F32-K32+P32 -> 93143.749 | V32: =+G32-L32+Q32 -> 93800.095 | W32: =+H32-M32+R32 -> 105140.43 | X32: =+SUM(S32:W32)/COUNT(S32:W32) -> 105268.28 | Y32: =+IF(X32>0,X32,X32*-1) -> 105268.28 | Z32: 153 | AA32: =+Y32*Z32 -> 16106048 | AB32: =N32/S32 -> 0.45995399 | AC32: =O32/T32 -> 0.29275327 | AD32: =P32/U32 -> 0.33349634 | AE32: =Q32/V32 -> 0.3059023 | AF32: =R32/W32 -> 0.28110591 | AG32: =+SUM(AB32:AF32)/COUNT(AB32:AF32) -> 0.33464236 | AH32: =+IF(AG32>0,AG32,AG32*-1) -> 0.33464236 | AI32: =IF(AA32=0,$D$56,IF(AA32<=$C$45,$D$51,IF(AA32<=$C$46,$D$52,IF(AA32<=$C$47,$D$53,IF(AA32<=$C$48,$D$54,$D$55))))) -> 60 | AJ32: =IF(AH32=0,$J$56,IF(AH32<=$I$45,$J$51,IF(AH32<=$I$46,$J$52,IF(AH32<=$I$47,$J$53,IF(AH32<=$I$48,$J$54,$J$55))))) -> 60 | AK32: =+(AI32*$AI$4)+(AJ32*$AJ$4) -> 60
A33: 29 | B33: Sodio | C33: Tonelada | N33: 122488.19 | O33: 130257.44 | P33: 135014.45 | Q33: 133165.79 | R33: 157134.81 | S33: =+D33-I33+N33 -> 122488.19 | T33: =+E33-J33+O33 -> 130257.44 | U33: =+F33-K33+P33 -> 135014.45 | V33: =+G33-L33+Q33 -> 133165.79 | W33: =+H33-M33+R33 -> 157134.81 | X33: =+SUM(S33:W33)/COUNT(S33:W33) -> 135612.14 | Y33: =+IF(X33>0,X33,X33*-1) -> 135612.14 | Z33: 270 | AA33: =+Y33*Z33 -> 36615277 | AB33: =N33/S33 -> 1 | AC33: =O33/T33 -> 1 | AD33: =P33/U33 -> 1 | AE33: =Q33/V33 -> 1 | AF33: =R33/W33 -> 1 | AG33: =+SUM(AB33:AF33)/COUNT(AB33:AF33) -> 1 | AH33: =+IF(AG33>0,AG33,AG33*-1) -> 1 | AI33: =IF(AA33=0,$D$56,IF(AA33<=$C$45,$D$51,IF(AA33<=$C$46,$D$52,IF(AA33<=$C$47,$D$53,IF(AA33<=$C$48,$D$54,$D$55))))) -> 60 | AJ33: =IF(AH33=0,$J$56,IF(AH33<=$I$45,$J$51,IF(AH33<=$I$46,$J$52,IF(AH33<=$I$47,$J$53,IF(AH33<=$I$48,$J$54,$J$55))))) -> 20 | AK33: =+(AI33*$AI$4)+(AJ33*$AJ$4) -> 40
A34: 30 | B34: Titanio | C34: Tonelada | F34: 0.09583 | G34: 130.20952 | H34: 2.31035 | I34: 29 | J34: 286 | K34: 234.0055 | M34: 260.2 | N34: 1115.5591 | O34: 949.032 | P34: 888.26824 | Q34: 878.0818 | R34: 910.91646 | S34: =+D34-I34+N34 -> 1086.5591 | T34: =+E34-J34+O34 -> 663.032 | U34: =+F34-K34+P34 -> 654.35857 | V34: =+G34-L34+Q34 -> 1008.2913 | W34: =+H34-M34+R34 -> 653.02681 | X34: =+SUM(S34:W34)/COUNT(S34:W34) -> 813.05357 | Y34: =+IF(X34>0,X34,X34*-1) -> 813.05357 | Z34: 1450 | AA34: =+Y34*Z34 -> 1178927.7 | AB34: =N34/S34 -> 1.0266898 | AC34: =O34/T34 -> 1.4313517 | AD34: =P34/U34 -> 1.3574641 | AE34: =Q34/V34 -> 0.87086121 | AF34: =R34/W34 -> 1.3949143 | AG34: =+SUM(AB34:AF34)/COUNT(AB34:AF34) -> 1.2162562 | AH34: =+IF(AG34>0,AG34,AG34*-1) -> 1.2162562 | AI34: =IF(AA34=0,$D$56,IF(AA34<=$C$45,$D$51,IF(AA34<=$C$46,$D$52,IF(AA34<=$C$47,$D$53,IF(AA34<=$C$48,$D$54,$D$55))))) -> 40 | AJ34: =IF(AH34=0,$J$56,IF(AH34<=$I$45,$J$51,IF(AH34<=$I$46,$J$52,IF(AH34<=$I$47,$J$53,IF(AH34<=$I$48,$J$54,$J$55))))) -> 20 | AK34: =+(AI34*$AI$4)+(AJ34*$AJ$4) -> 30
A35: 31 | B35: Uranio | C35: Tonelada | S35: =+D35-I35+N35 -> 0 | T35: =+E35-J35+O35 -> 0 | U35: =+F35-K35+P35 -> 0 | V35: =+G35-L35+Q35 -> 0 | W35: =+H35-M35+R35 -> 0 | X35: =+SUM(S35:W35)/COUNT(S35:W35) -> 0 | Y35: =+IF(X35>0,X35,X35*-1) -> 0 | Z35: 158800 | AB35: - | AC35: - | AD35: - | AE35: - | AF35: - | AG35: - | AI35: =IF(AA35=0,$D$56,IF(AA35<=$C$45,$D$51,IF(AA35<=$C$46,$D$52,IF(AA35<=$C$47,$D$53,IF(AA35<=$C$48,$D$54,$D$55))))) -> 0 | AJ35: =IF(AH35=0,$J$56,IF(AH35<=$I$45,$J$51,IF(AH35<=$I$46,$J$52,IF(AH35<=$I$47,$J$53,IF(AH35<=$I$48,$J$54,$J$55))))) -> 0 | AK35: =+(AI35*$AI$4)+(AJ35*$AJ$4) -> 0
A36: 32 | B36: Wolframio (Tungsteno) | C36: Tonelada | K36: 1.15055 | N36: 1.82122 | O36: 2.20333 | P36: 0.95383 | Q36: 2.42384 | R36: 2.57102 | S36: =+D36-I36+N36 -> 1.82122 | T36: =+E36-J36+O36 -> 2.20333 | U36: =+F36-K36+P36 -> -0.19672 | V36: =+G36-L36+Q36 -> 2.42384 | W36: =+H36-M36+R36 -> 2.57102 | X36: =+SUM(S36:W36)/COUNT(S36:W36) -> 1.764538 | Y36: =+IF(X36>0,X36,X36*-1) -> 1.764538 | Z36: 42000 | AA36: =+Y36*Z36 -> 74110.596 | AB36: =N36/S36 -> 1 | AC36: =O36/T36 -> 1 | AD36: =P36/U36 -> -4.8486682 | AE36: =Q36/V36 -> 1 | AF36: =R36/W36 -> 1 | AG36: =+SUM(AB36:AF36)/COUNT(AB36:AF36) -> -0.16973363 | AH36: =+IF(AG36>0,AG36,AG36*-1) -> 0.16973363 | AI36: =IF(AA36=0,$D$56,IF(AA36<=$C$45,$D$51,IF(AA36<=$C$46,$D$52,IF(AA36<=$C$47,$D$53,IF(AA36<=$C$48,$D$54,$D$55))))) -> 20 | AJ36: =IF(AH36=0,$J$56,IF(AH36<=$I$45,$J$51,IF(AH36<=$I$46,$J$52,IF(AH36<=$I$47,$J$53,IF(AH36<=$I$48,$J$54,$J$55))))) -> 80 | AK36: =+(AI36*$AI$4)+(AJ36*$AJ$4) -> 50
A37: 33 | B37: Yeso | C37: Tonelada | D37: 408681.1 | E37: 480748.17 | F37: 389107.48 | G37: 638051.37 | H37: 509850.46 | I37: 8656.675 | J37: 10949.51 | K37: 8443.7411 | L37: 10548.972 | M37: 10100.438 | N37: 458820.87 | O37: 393252.92 | P37: 412281.01 | Q37: 280461.27 | R37: 439105.33 | S37: =+D37-I37+N37 -> 858845.29 | T37: =+E37-J37+O37 -> 863051.57 | U37: =+F37-K37+P37 -> 792944.75 | V37: =+G37-L37+Q37 -> 907963.67 | W37: =+H37-M37+R37 -> 938855.36 | X37: =+SUM(S37:W37)/COUNT(S37:W37) -> 872332.13 | Y37: =+IF(X37>0,X37,X37*-1) -> 872332.13 | Z37: 16 | AA37: =+Y37*Z37 -> 13957314 | AB37: =N37/S37 -> 0.53422994 | AC37: =O37/T37 -> 0.45565401 | AD37: =P37/U37 -> 0.51993662 | AE37: =Q37/V37 -> 0.30889041 | AF37: =R37/W37 -> 0.46770286 | AG37: =+SUM(AB37:AF37)/COUNT(AB37:AF37) -> 0.45728277 | AH37: =+IF(AG37>0,AG37,AG37*-1) -> 0.45728277 | AI37: =IF(AA37=0,$D$56,IF(AA37<=$C$45,$D$51,IF(AA37<=$C$46,$D$52,IF(AA37<=$C$47,$D$53,IF(AA37<=$C$48,$D$54,$D$55))))) -> 60 | AJ37: =IF(AH37=0,$J$56,IF(AH37<=$I$45,$J$51,IF(AH37<=$I$46,$J$52,IF(AH37<=$I$47,$J$53,IF(AH37<=$I$48,$J$54,$J$55))))) -> 60 | AK37: =+(AI37*$AI$4)+(AJ37*$AJ$4) -> 60
A38: 34 | B38: Zeolita | C38: Tonelada | S38: =+D38-I38+N38 -> 0 | T38: =+E38-J38+O38 -> 0 | U38: =+F38-K38+P38 -> 0 | V38: =+G38-L38+Q38 -> 0 | W38: =+H38-M38+R38 -> 0 | X38: =+SUM(S38:W38)/COUNT(S38:W38) -> 0 | Y38: =+IF(X38>0,X38,X38*-1) -> 0 | Z38: 175 | AA38: =+Y38*Z38 -> 0 | AI38: =IF(AA38=0,$D$56,IF(AA38<=$C$45,$D$51,IF(AA38<=$C$46,$D$52,IF(AA38<=$C$47,$D$53,IF(AA38<=$C$48,$D$54,$D$55))))) -> 0 | AJ38: =IF(AH38=0,$J$56,IF(AH38<=$I$45,$J$51,IF(AH38<=$I$46,$J$52,IF(AH38<=$I$47,$J$53,IF(AH38<=$I$48,$J$54,$J$55))))) -> 0 | AK38: =+(AI38*$AI$4)+(AJ38*$AJ$4) -> 0
A39: 35 | B39: Zinc | C39: Tonelada | E39: 36.996 | F39: 25057.452 | G39: 29516.052 | H39: 724.73302 | I39: 39.994 | J39: 914.387 | K39: 1635.645 | L39: 803.628 | M39: 651.98023 | N39: 17380.081 | O39: 15882.324 | P39: 12212.109 | Q39: 10861.305 | R39: 13623.452 | S39: =+D39-I39+N39 -> 17340.087 | T39: =+E39-J39+O39 -> 15004.933 | U39: =+F39-K39+P39 -> 35633.917 | V39: =+G39-L39+Q39 -> 39573.729 | W39: =+H39-M39+R39 -> 13696.205 | X39: =+SUM(S39:W39)/COUNT(S39:W39) -> 24249.774 | Y39: =+IF(X39>0,X39,X39*-1) -> 24249.774 | Z39: 2866 | AA39: =+Y39*Z39 -> 69499853 | AB39: =N39/S39 -> 1.0023064 | AC39: =O39/T39 -> 1.0584735 | AD39: =P39/U39 -> 0.34271027 | AE39: =Q39/V39 -> 0.27445746 | AF39: =R39/W39 -> 0.99468811 | AG39: =+SUM(AB39:AF39)/COUNT(AB39:AF39) -> 0.73452716 | AH39: =+IF(AG39>0,AG39,AG39*-1) -> 0.73452716 | AI39: =IF(AA39=0,$D$56,IF(AA39<=$C$45,$D$51,IF(AA39<=$C$46,$D$52,IF(AA39<=$C$47,$D$53,IF(AA39<=$C$48,$D$54,$D$55))))) -> 80 | AJ39: =IF(AH39=0,$J$56,IF(AH39<=$I$45,$J$51,IF(AH39<=$I$46,$J$52,IF(AH39<=$I$47,$J$53,IF(AH39<=$I$48,$J$54,$J$55))))) -> 40 | AK39: =+(AI39*$AI$4)+(AJ39*$AJ$4) -> 60
B42: Quintiles para Consumo aparente | H42: Quintiles para Dependencia importaciones
B44: Corte | C44: Valor | H44: Corte | I44: Valor
B45: P20 | C45: =+_xlfn.PERCENTILE.INC($B$60:$B$90,0.2) -> 692331 | H45: P20 | I45: =+_xlfn.PERCENTILE.INC($H$60:$H$89,0.2) -> 0.020326994
B46: P40 | C46: =+_xlfn.PERCENTILE.INC($B$60:$B$90,0.4) -> 13957314 | H46: P40 | I46: =+_xlfn.PERCENTILE.INC($H$60:$H$89,0.4) -> 0.26867887
B47: P60 | C47: =+_xlfn.PERCENTILE.INC($B$60:$B$90,0.6) -> 50495955 | H47: P60 | I47: =+_xlfn.PERCENTILE.INC($H$60:$H$89,0.6) -> 0.65135487
B48: P80 | C48: =+_xlfn.PERCENTILE.INC($B$60:$B$90,0.8) -> 149306067 | H48: P80 | I48: =+_xlfn.PERCENTILE.INC($H$60:$H$89,0.8) -> 0.97625745
B50: Quintil | C50: Rango | D50: Calificación | H50: Quintil | I50: Rango | J50: Calificación
B51: Q1 | C51: ≤ 692.331 | D51: 20 | H51: Q1 | I51: ≤ 0,0203 | J51: 100
B52: Q2 | C52: > 692.331 CA ≤ 13.957.314 | D52: 40 | H52: Q2 | I52: > 0,0203 DI ≤ 0,2687 | J52: 80
B53: Q3 | C53: > 13.957.314 CA ≤ 50.495.955 | D53: 60 | H53: Q3 | I53: > 0,2687 DI ≤ 0,6514 | J53: 60
B54: Q4 | C54: > 50.495.955 CA ≤ 149.306.067 | D54: 80 | H54: Q4 | I54: > 0,6514 DI ≤ 0,9763 | J54: 40
B55: Q5 | C55: > 149.306.067 | D55: 100 | H55: Q5 | I55: > 0,9763 | J55: 20
B56: 0 | D56: 0 | H56: 0 | J56: 0
B59: C.A USD | H59: Prom. Ajustado
B60: 179 | H60: 1.86597e-05
B61: 72138 | H61: 6.99958e-05
B62: 74111 | H62: 0.003866394
B63: 96038 | H63: 0.003938935
B64: 182941 | H64: 0.005103922
B65: 461333 | H65: 0.014855212
B66: 692331 | H66: 0.02169494
B67: 841383.6 | H67: 0.035551423
B68: 1165348 | H68: 0.037413201
B69: 1178928 | H69: 0.11308309
B70: 2943431 | H70: 0.12206717
B71: 6572461 | H71: 0.16973363
... B89: 799810490 | H89: 1.2162562
B90: 1212436274

Sheet 2. Importancia econ y comercial
A1: Evaluación Criterio 2. Importancia económica y comercial del mineral
A2: Listado Base (Incorporando observaciones SGC) | C2: Unidad de medida | D2: Regalías | I2: Regalías % de participación | O2: Exportaciones | T2: Participación en exportaciones mineras | Z2: Diversificación exportaciones | AG2: % Reg.norm | AH2: % Expo.norm | AI2: Diversificación exportaciones.norm | AJ2: Calificación
A4: No. | B4: Minerales, elementos y materias primas | D4: 2021 | E4: 2022 | F4: 2023 | G4: 2024 | H4: 2025 | I4: 2021 | J4: 2022 | K4: 2023 | L4: 2024 | M4: 2025 | N4: Promedio | O4: 2021 | P4: 2022 | Q4: 2023 | R4: 2024 | S4: 2025 | T4: 2021 | U4: 2022 | V4: 2023 | W4: 2024 | X4: 2025 | Y4: Promedio | Z4: 2021 | AA4: 2022 | AB4: 2023 | AC4: 2024 | AD4: 2025 | AE4: Promedio | AF4: Interpretación | AG4: 0.4 | AH4: 0.4 | AI4: 0.2
A5: 1 | B5: Aluminio | C5: COP | D5: 38385888 | E5: 58404335 | F5: 3853673 | G5: 75505065 | H5: 43129492 | I5: =+D5/$D$41 -> 1.4722477e-05 | J5: =+E5/$E$41 -> 7.1863591e-06 | K5: =+F5/$F$41 -> 5.2859536e-07 | L5: =+G5/$G$41 -> 1.8167978e-05 | M5: =+H5/$H$41 -> 1.3330958e-05 | N5: =+SUM(I5:M5)/COUNT(I5:M5) -> 1.0787273e-05 | O5: 2436322.1 | P5: 2418478.1 | Q5: 3468377.9 | R5: 2827697.1 | S5: 2356397.3 | T5: =+O5/$O$41 -> 0.00025062136 | U5: =+P5/$P$41 -> 0.00014566964 | V5: =+Q5/$Q$41 -> 0.00024654594 | W5: =+R5/$R$41 -> 0.00022505794 | X5: =+S5/$S$41 -> 0.0002075104 | Y5: =+SUM(T5:X5)/COUNT(T5:X5) -> 0.00021508106 | Z5: 2287 | AA5: 2080 | AB5: 2689 | AC5: 4426 | AD5: 2454 | AE5: 2787 | AF5: Alta concentración | AG5: =IF(N5=0,$D$57,IF(N5<=$C$46,$D$52,IF(N5<=$C$47,$D$53,IF(N5<=$C$48,$D$54,IF(N5<=$C$49,$D$55,$D$56))))) -> 60 | AH5: =IF(Y5=0,$H$57,IF(Y5<=$G$46,$H$52,IF(Y5<=$G$47,$H$53,IF(Y5<=$G$48,$H$54,IF(Y5<=$G$49,$H$55,$H$56))))) -> 80 | AI5: =IF(AF5="Sin dato",$K$49,IF(AF5=$J$46,$K$46,IF(AF5=$J$47,$K$47,IF(AF5=$J$48,$K$48)))) -> 30 | AJ5: =+(AG5*$AG$4)+(AH5*$AH$4)+(AI5*$AI$4) -> 62
A6: 2 | B6: Arenas silíceas | C6: COP | D6: 151898459 | E6: 174412059 | F6: 419912528 | G6: 2.3509824e+08 | H6: 3.1207187e+08 | I6: =+D6/$D$41 -> 5.8258951e-05 | J6: =+E6/$E$41 -> 2.1460525e-05 | K6: =+F6/$F$41 -> 5.7597989e-05 | L6: =+G6/$G$41 -> 5.6569181e-05 | M6: =+H6/$H$41 -> 9.6458752e-05 | N6: =+SUM(I6:M6)/COUNT(I6:M6) -> 5.8069079e-05 | O6: 162232.09 | P6: 124385.02 | Q6: 250098.4 | R6: 172137.92 | S6: 316991.54 | T6: =+O6/$O$41 -> 1.6688609e-05 | U6: =+P6/$P$41 -> 7.4919517e-06 | V6: =+Q6/$Q$41 -> 1.7777978e-05 | W6: =+R6/$R$41 -> 1.370055e-05 | X6: =+S6/$S$41 -> 2.791509e-05 | Y6: =+SUM(T6:X6)/COUNT(T6:X6) -> 1.6714836e-05 | Z6: 3350 | AA6: 7511 | AB6: 3204 | AC6: 5407 | AD6: 2149 | AE6: 4324 | AF6: Alta concentración | AG6: =IF(N6=0,$D$57,IF(N6<=$C$46,$D$52,IF(N6<=$C$47,$D$53,IF(N6<=$C$48,$D$54,IF(N6<=$C$49,$D$55,$D$56))))) -> 60 | AH6: =IF(Y6=0,$H$57,IF(Y6<=$G$46,$H$52,IF(Y6<=$G$47,$H$53,IF(Y6<=$G$48,$H$54,IF(Y6<=$G$49,$H$55,$H$56))))) -> 60 | AI6: =IF(AF6="Sin dato",$K$49,IF(AF6=$J$46,$K$46,IF(AF6=$J$47,$K$47,IF(AF6=$J$48,$K$48)))) -> 30 | AJ6: =+(AG6*$AG$4)+(AH6*$AH$4)+(AI6*$AI$4) -> 54
A7: 3 | B7: Azufre | C7: COP | I7: =+D7/$D$41 -> 0 | J7: =+E7/$E$41 -> 0 | K7: =+F7/$F$41 -> 0 | L7: =+G7/$G$41 -> 0 | M7: =+H7/$H$41 -> 0 | N7: =+SUM(I7:M7)/COUNT(I7:M7) -> 0 | T7: =+O7/$O$41 -> 0 | U7: =+P7/$P$41 -> 0 | V7: =+Q7/$Q$41 -> 0 | W7: =+R7/$R$41 -> 0 | X7: =+S7/$S$41 -> 0 | Y7: =+SUM(T7:X7)/COUNT(T7:X7) -> 0 | Z7: 4392 | AA7: 3998 | AB7: 2750 | AC7: 3386 | AD7: 1910 | AE7: 3287 | AF7: Alta concentración | AG7: =IF(N7=0,$D$57,IF(N7<=$C$46,$D$52,IF(N7<=$C$47,$D$53,IF(N7<=$C$48,$D$54,IF(N7<=$C$49,$D$55,$D$56))))) -> 0 | AH7: =IF(Y7=0,$H$57,IF(Y7<=$G$46,$H$52,IF(Y7<=$G$47,$H$53,IF(Y7<=$G$48,$H$54,IF(Y7<=$G$49,$H$55,$H$56))))) -> 0 | AI7: =IF(AF7="Sin dato",$K$49,IF(AF7=$J$46,$K$46,IF(AF7=$J$47,$K$47,IF(AF7=$J$48,$K$48)))) -> 30 | AJ7: =+(AG7*$AG$4)+(AH7*$AH$4)+(AI7*$AI$4) -> 6
A8: 4 | B8: Baritina | C8: COP | D8: 6812655 | E8: 7455727.8 | F8: 11488622 | G8: 3715742 | I8: =+D8/$D$41 -> 2.6129174e-06 | J8: =+E8/$E$41 -> 9.1738973e-07 | K8: =+F8/$F$41 -> 1.5758556e-06 | L8: =+G8/$G$41 -> 8.9407933e-07 | M8: =+H8/$H$41 -> 0 | N8: =+SUM(I8:M8)/COUNT(I8:M8) -> 1.2000484e-06 | O8: 144091.84 | P8: 128164.43 | Q8: 10418.31 | R8: 65519.38 | S8: 95507.13 | T8: =+O8/$O$41 -> 1.4822544e-05 | U8: =+P8/$P$41 -> 7.7195929e-06 | V8: =+Q8/$Q$41 -> 7.4057445e-07 | W8: =+R8/$R$41 -> 5.2147229e-06 | X8: =+S8/$S$41 -> 8.4106035e-06 | Y8: =+SUM(T8:X8)/COUNT(T8:X8) -> 7.3816076e-06 | Z8: 10000 | AA8: 9049 | AB8: 9211 | AC8: 7248 | AD8: 9996 | AE8: 9101 | AF8: Alta concentración | AG8: =IF(N8=0,$D$57,IF(N8<=$C$46,$D$52,IF(N8<=$C$47,$D$53,IF(N8<=$C$48,$D$54,IF(N8<=$C$49,$D$55,$D$56))))) -> 40 | AH8: =IF(Y8=0,$H$57,IF(Y8<=$G$46,$H$52,IF(Y8<=$G$47,$H$53,IF(Y8<=$G$48,$H$54,IF(Y8<=$G$49,$H$55,$H$56))))) -> 60 | AI8: =IF(AF8="Sin dato",$K$49,IF(AF8=$J$46,$K$46,IF(AF8=$J$47,$K$47,IF(AF8=$J$48,$K$48)))) -> 30 | AJ8: =+(AG8*$AG$4)+(AH8*$AH$4)+(AI8*$AI$4) -> 46
A9: 5 | B9: Calizas y mármoles | C9: COP | D9: 2.0922755e+09 | E9: 2.7538002e+09 | F9: 2798435391 | G9: 2093199398 | H9: 2403987470 | I9: =+D9/$D$41 -> 0.0008024688 | J9: =+E9/$E$41 -> 0.00033884123 | K9: =+F9/$F$41 -> 0.00038385197 | L9: =+G9/$G$41 -> 0.00050366423 | M9: =+H9/$H$41 -> 0.00074305201 | N9: =+SUM(I9:M9)/COUNT(I9:M9) -> 0.00055437565 | P9: 18646.37 | Q9: 9888.04 | R9: 8135.66 | T9: =+O9/$O$41 -> 0 | U9: =+P9/$P$41 -> 1.1231071e-06 | V9: =+Q9/$Q$41 -> 7.0288077e-07 | W9: =+R9/$R$41 -> 6.4752158e-07 | X9: =+S9/$S$41 -> 0 | Y9: =+SUM(T9:X9)/COUNT(T9:X9) -> 4.947019e-07 | AA9: 9950 | AB9: 9125 | AC9: 9325 | AE9: 9467 | AF9: Alta concentración | AG9: =IF(N9=0,$D$57,IF(N9<=$C$46,$D$52,IF(N9<=$C$47,$D$53,IF(N9<=$C$48,$D$54,IF(N9<=$C$49,$D$55,$D$56))))) -> 80 | AH9: =IF(Y9=0,$H$57,IF(Y9<=$G$46,$H$52,IF(Y9<=$G$47,$H$53,IF(Y9<=$G$48,$H$54,IF(Y9<=$G$49,$H$55,$H$56))))) -> 40 | AI9: =IF(AF9="Sin dato",$K$49,IF(AF9=$J$46,$K$46,IF(AF9=$J$47,$K$47,IF(AF9=$J$48,$K$48)))) -> 30 | AJ9: =+(AG9*$AG$4)+(AH9*$AH$4)+(AI9*$AI$4) -> 54
A10: 6 | B10: Carbón | C10: COP | D10: 1.9766689e+12 | E10: 7.2493763e+12 | F10: 6.2699541e+12 | G10: 3.3596232e+12 | H10: 2.3722045e+12 | I10: =+D10/$D$41 -> 0.7581292 | J10: =+E10/$E$41 -> 0.89199922 | K10: =+F10/$F$41 -> 0.86002851 | L10: =+G10/$G$41 -> 0.80839027 | M10: =+H10/$H$41 -> 0.73322815 | N10: =+SUM(I10:M10)/COUNT(I10:M10) -> 0.81035507 | O10: 4.3804884e+09 | P10: 1.0504603e+10 | Q10: 8.0476372e+09 | R10: 6.0130659e+09 | S10: 4.0914587e+09 | T10: =+O10/$O$41 -> 0.45061527 | U10: =+P10/$P$41 -> 0.63271266 | V10: =+Q10/$Q$41 -> 0.5720577 | W10: =+R10/$R$41 -> 0.47858317 | X10: =+S10/$S$41 -> 0.36030437 | Y10: =+SUM(T10:X10)/COUNT(T10:X10) -> 0.49885463 | Z10: 1145 | AA10: 951 | AB10: 555 | AC10: 745 | AD10: 664 | AE10: 812 | AF10: Baja concentración | AG10: =IF(N10=0,$D$57,IF(N10<=$C$46,$D$52,IF(N10<=$C$47,$D$53,IF(N10<=$C$48,$D$54,IF(N10<=$C$49,$D$55,$D$56))))) -> 100 | AH10: =IF(Y10=0,$H$57,IF(Y10<=$G$46,$H$52,IF(Y10<=$G$47,$H$53,IF(Y10<=$G$48,$H$54,IF(Y10<=$G$49,$H$55,$H$56))))) -> 100 | AI10: =IF(AF10="Sin dato",$K$49,IF(AF10=$J$46,$K$46,IF(AF10=$J$47,$K$47,IF(AF10=$J$48,$K$48)))) -> 100 | AJ10: =+(AG10*$AG$4)+(AH10*$AH$4)+(AI10*$AI$4) -> 100
A11: 7 | B11: Cobre | C11: COP | D11: 2331447 | E11: 5427970474 | F11: 9533433656 | G11: 10569081293 | H11: 3978686599 | I11: =+D11/$D$41 -> 8.9420035e-07 | J11: =+E11/$E$41 -> 0.00066788441 | K11: =+F11/$F$41 -> 0.001307669 | L11: =+G11/$G$41 -> 0.0025431252 | M11: =+H11/$H$41 -> 0.0012297781 | N11: =+SUM(I11:M11)/COUNT(I11:M11) -> 0.0011498702 | O11: 91231098 | P11: 54412669 | Q11: 56478496 | R11: 86383914 | S11: 4.9938298e+08 | T11: =+O11/$O$41 -> 0.0093848269 | U11: =+P11/$P$41 -> 0.0032773809 | V11: =+Q11/$Q$41 -> 0.0040147136 | W11: =+R11/$R$41 -> 0.0068753424 | X11: =+S11/$S$41 -> 0.04397695 | Y11: =+SUM(T11:X11)/COUNT(T11:X11) -> 0.013505843 | Z11: 9999 | AA11: 10000 | AB11: 10000 | AC11: 9945 | AD11: 4014 | AE11: 8792 | AF11: Alta concentración | AG11: =IF(N11=0,$D$57,IF(N11<=$C$46,$D$52,IF(N11<=$C$47,$D$53,IF(N11<=$C$48,$D$54,IF(N11<=$C$49,$D$55,$D$56))))) -> 100 | AH11: =IF(Y11=0,$H$57,IF(Y11<=$G$46,$H$52,IF(Y11<=$G$47,$H$53,IF(Y11<=$G$48,$H$54,IF(Y11<=$G$49,$H$55,$H$56))))) -> 100 | AI11: =IF(AF11="Sin dato",$K$49,IF(AF11=$J$46,$K$46,IF(AF11=$J$47,$K$47,IF(AF11=$J$48,$K$48)))) -> 30 | AJ11: =+(AG11*$AG$4)+(AH11*$AH$4)+(AI11*$AI$4) -> 86
A12: 8 | B12: Cromo | C12: COP | E12: 1226411 | I12: =+D12/$D$41 -> 0 | J12: =+E12/$E$41 -> 1.5090369e-07 | K12: =+F12/$F$41 -> 0 | L12: =+G12/$G$41 -> 0 | M12: =+H12/$H$41 -> 0 | N12: =+SUM(I12:M12)/COUNT(I12:M12) -> 3.0180739e-08 | O12: 6422.56 | P12: 46682.5 | Q12: 4765 | R12: 1928.71 | S12: 24127.58 | T12: =+O12/$O$41 -> 6.6068057e-07 | U12: =+P12/$P$41 -> 2.8117778e-06 | V12: =+Q12/$Q$41 -> 3.3871494e-07 | W12: =+R12/$R$41 -> 1.5350707e-07 | X12: =+S12/$S$41 -> 2.1247368e-06 | Y12: =+SUM(T12:X12)/COUNT(T12:X12) -> 1.2178834e-06 | Z12: 10000 | AA12: 3530 | AB12: 4596 | AC12: 10000 | AD12: 9351 | AE12: 7496 | AF12: Alta concentración | AG12: =IF(N12=0,$D$57,IF(N12<=$C$46,$D$52,IF(N12<=$C$47,$D$53,IF(N12<=$C$48,$D$54,IF(N12<=$C$49,$D$55,$D$56))))) -> 40 | AH12: =IF(Y12=0,$H$57,IF(Y12<=$G$46,$H$52,IF(Y12<=$G$47,$H$53,IF(Y12<=$G$48,$H$54,IF(Y12<=$G$49,$H$55,$H$56))))) -> 40 | AI12: =IF(AF12="Sin dato",$K$49,IF(AF12=$J$46,$K$46,IF(AF12=$J$47,$K$47,IF(AF12=$J$48,$K$48)))) -> 30 | AJ12: =+(AG12*$AG$4)+(AH12*$AH$4)+(AI12*$AI$4) -> 38
A13: 9 | B13: Elementos de Tierras Raras (ETR) | C13: COP | I13: =+D13/$D$41 -> 0 | J13: =+E13/$E$41 -> 0 | K13: =+F13/$F$41 -> 0 | L13: =+G13/$G$41 -> 0 | M13: =+H13/$H$41 -> 0 | N13: =+SUM(I13:M13)/COUNT(I13:M13) -> 0 | O13: 28684 | P13: 6896.5 | T13: =+O13/$O$41 -> 2.9506866e-06 | U13: =+P13/$P$41 -> 4.1538961e-07 | V13: =+Q13/$Q$41 -> 0 | W13: =+R13/$R$41 -> 0 | X13: =+S13/$S$41 -> 0 | Y13: =+SUM(T13:X13)/COUNT(T13:X13) -> 6.7321523e-07 | Z13: 10000 | AA13: 6596 | AE13: 8298 | AF13: Alta concentración | AG13: =IF(N13=0,$D$57,IF(N13<=$C$46,$D$52,IF(N13<=$C$47,$D$53,IF(N13<=$C$48,$D$54,IF(N13<=$C$49,$D$55,$D$56))))) -> 0 | AH13: =IF(Y13=0,$H$57,IF(Y13<=$G$46,$H$52,IF(Y13<=$G$47,$H$53,IF(Y13<=$G$48,$H$54,IF(Y13<=$G$49,$H$55,$H$56))))) -> 40 | AI13: =IF(AF13="Sin dato",$K$49,IF(AF13=$J$46,$K$46,IF(AF13=$J$47,$K$47,IF(AF13=$J$48,$K$48)))) -> 30 | AJ13: =+(AG13*$AG$4)+(AH13*$AH$4)+(AI13*$AI$4) -> 22
A14: 10 | B14: Esmeralda | C14: COP | D14: 1.4252617e+10 | E14: 9.4350754e+09 | F14: 1.2460351e+10 | G14: 11705537756 | H14: 12236793580 | I14: =+D14/$D$41 -> 0.0054664316 | J14: =+E14/$E$41 -> 0.0011609385 | K14: =+F14/$F$41 -> 0.0017091444 | L14: =+G14/$G$41 -> 0.0028165786 | M14: =+H14/$H$41 -> 0.0037822885 | N14: =+SUM(I14:M14)/COUNT(I14:M14) -> 0.0029870763 | O14: 1.2978248e+08 | P14: 1.0402997e+08 | Q14: 1.5091894e+08 | R14: 1.3993496e+08 | S14: 1.3932511e+08 | T14: =+O14/$O$41 -> 0.013350558 | U14: =+P14/$P$41 -> 0.0062659276 | V14: =+Q14/$Q$41 -> 0.010727912 | W14: =+R14/$R$41 -> 0.011137499 | X14: =+S14/$S$41 -> 0.012269328 | Y14: =+SUM(T14:X14)/COUNT(T14:X14) -> 0.010750245 | Z14: 3043 | AA14: 2919 | AB14: 3110 | AC14: 3182 | AD14: 3048 | AE14: 3060 | AF14: Alta concentración | AG14: =IF(N14=0,$D$57,IF(N14<=$C$46,$D$52,IF(N14<=$C$47,$D$53,IF(N14<=$C$48,$D$54,IF(N14<=$C$49,$D$55,$D$56))))) -> 100 | AH14: =IF(Y14=0,$H$57,IF(Y14<=$G$46,$H$52,IF(Y14<=$G$47,$H$53,IF(Y14<=$G$48,$H$54,IF(Y14<=$G$49,$H$55,$H$56))))) -> 100 | AI14: =IF(AF14="Sin dato",$K$49,IF(AF14=$J$46,$K$46,IF(AF14=$J$47,$K$47,IF(AF14=$J$48,$K$48)))) -> 30 | AJ14: =+(AG14*$AG$4)+(AH14*$AH$4)+(AI14*$AI$4) -> 86
A15: 11 | B15: Estaño | C15: COP | G15: 772420697 | H15: 3.6037501e+08 | I15: =+D15/$D$41 -> 0 | J15: =+E15/$E$41 -> 0 | K15: =+F15/$F$41 -> 0 | L15: =+G15/$G$41 -> 0.00018585935 | M15: =+H15/$H$41 -> 0.00011138884 | N15: =+SUM(I15:M15)/COUNT(I15:M15) -> 5.9449638e-05 | O15: 472735.5 | P15: 1620805.4 | Q15: 1379015.6 | R15: 4099617.9 | S15: 853338.66 | T15: =+O15/$O$41 -> 4.8629699e-05 | U15: =+P15/$P$41 -> 9.7624263e-05 | V15: =+Q15/$Q$41 -> 9.8025854e-05 | W15: =+R15/$R$41 -> 0.00032629081 | X15: =+S15/$S$41 -> 7.5147198e-05 | Y15: =+SUM(T15:X15)/COUNT(T15:X15) -> 0.00012914356 | Z15: 6090 | AA15: 6398 | AB15: 9492 | AC15: 9904 | AD15: 4730 | AE15: 7323 | AF15: Alta concentración | AG15: =IF(N15=0,$D$57,IF(N15<=$C$46,$D$52,IF(N15<=$C$47,$D$53,IF(N15<=$C$48,$D$54,IF(N15<=$C$49,$D$55,$D$56))))) -> 80 | AH15: =IF(Y15=0,$H$57,IF(Y15<=$G$46,$H$52,IF(Y15<=$G$47,$H$53,IF(Y15<=$G$48,$H$54,IF(Y15<=$G$49,$H$55,$H$56))))) -> 80 | AI15: =IF(AF15="Sin dato",$K$49,IF(AF15=$J$46,$K$46,IF(AF15=$J$47,$K$47,IF(AF15=$J$48,$K$48)))) -> 30 | AJ15: =+(AG15*$AG$4)+(AH15*$AH$4)+(AI15*$AI$4) -> 70
A16: 12 | B16: Feldespato | C16: COP | D16: 84609666 | E16: 182535446 | F16: 142081544 | G16: 1.7440815e+08 | H16: 2.5816201e+08 | I16: =+D16/$D$41 -> 3.2451089e-05 | J16: =+E16/$E$41 -> 2.2460067e-05 | K16: =+F16/$F$41 -> 1.9488847e-05 | L16: =+G16/$G$41 -> 4.1965971e-05 | M16: =+H16/$H$41 -> 7.9795673e-05 | N16: =+SUM(I16:M16)/COUNT(I16:M16) -> 3.9232329e-05 | P16: 2417.6 | Q16: 9000 | R16: 145082.16 | S16: 360815.18 | T16: =+O16/$O$41 -> 0 | U16: =+P16/$P$41 -> 1.4561675e-07 | V16: =+Q16/$Q$41 -> 6.3975539e-07 | W16: =+R16/$R$41 -> 1.1547168e-05 | X16: =+S16/$S$41 -> 3.1774313e-05 | Y16: =+SUM(T16:X16)/COUNT(T16:X16) -> 8.8213705e-06 | AA16: 5102 | AB16: 10000 | AC16: 9878 | AD16: 10000 | AE16: 8745 | AF16: Alta concentración | AG16: =IF(N16=0,$D$57,IF(N16<=$C$46,$D$52,IF(N16<=$C$47,$D$53,IF(N16<=$C$48,$D$54,IF(N16<=$C$49,$D$55,$D$56))))) -> 60 | AH16: =IF(Y16=0,$H$57,IF(Y16<=$G$46,$H$52,IF(Y16<=$G$47,$H$53,IF(Y16<=$G$48,$H$54,IF(Y16<=$G$49,$H$55,$H$56))))) -> 60 | AI16: =IF(AF16="Sin dato",$K$49,IF(AF16=$J$46,$K$46,IF(AF16=$J$47,$K$47,IF(AF16=$J$48,$K$48)))) -> 30 | AJ16: =+(AG16*$AG$4)+(AH16*$AH$4)+(AI16*$AI$4) -> 54
A17: 13 | B17: Fluorita | C17: COP | I17: =+D17/$D$41 -> 0 | J17: =+E17/$E$41 -> 0 | K17: =+F17/$F$41 -> 0 | L17: =+G17/$G$41 -> 0 | M17: =+H17/$H$41 -> 0 | N17: =+SUM(I17:M17)/COUNT(I17:M17) -> 0 | T17: =+O17/$O$41 -> 0 | U17: =+P17/$P$41 -> 0 | V17: =+Q17/$Q$41 -> 0 | W17: =+R17/$R$41 -> 0 | X17: =+S17/$S$41 -> 0 | Y17: =+SUM(T17:X17)/COUNT(T17:X17) -> 0 | AA17: - | AB17: - | AC17: - | AD17: - | AE17: - | AF17: Sin dato | AG17: =IF(N17=0,$D$57,IF(N17<=$C$46,$D$52,IF(N17<=$C$47,$D$53,IF(N17<=$C$48,$D$54,IF(N17<=$C$49,$D$55,$D$56))))) -> 0 | AH17: =IF(Y17=0,$H$57,IF(Y17<=$G$46,$H$52,IF(Y17<=$G$47,$H$53,IF(Y17<=$G$48,$H$54,IF(Y17<=$G$49,$H$55,$H$56))))) -> 0 | AI17: =IF(AF17="Sin dato",$K$49,IF(AF17=$J$46,$K$46,IF(AF17=$J$47,$K$47,IF(AF17=$J$48,$K$48)))) -> 0 | AJ17: =+(AG17*$AG$4)+(AH17*$AH$4)+(AI17*$AI$4) -> 0
A18: 14 | B18: Grafito | C18: COP | D18: 89786 | E18: 153199 | F18: 2195918 | G18: 697683 | H18: 148164 | I18: =+D18/$D$41 -> 3.4436413e-08 | J18: =+E18/$E$41 -> 1.8850365e-08 | K18: =+F18/$F$41 -> 3.0120668e-07 | L18: =+G18/$G$41 -> 1.6787601e-07 | M18: =+H18/$H$41 -> 4.5796228e-08 | N18: =+SUM(I18:M18)/COUNT(I18:M18) -> 1.1363314e-07 | O18: 65049.99 | P18: 43767.2 | Q18: 125783.62 | R18: 50782.81 | S18: 85628.28 | T18: =+O18/$O$41 -> 6.6916096e-06 | U18: =+P18/$P$41 -> 2.6361836e-06 | V18: =+Q18/$Q$41 -> 8.9411944e-06 | W18: =+R18/$R$41 -> 4.0418313e-06 | X18: =+S18/$S$41 -> 7.5406466e-06 | Y18: =+SUM(T18:X18)/COUNT(T18:X18) -> 5.9702931e-06 | Z18: 8459 | AA18: 9465 | AB18: 4690 | AC18: 3071 | AD18: 5157 | AE18: 6168 | AF18: Alta concentración | AG18: =IF(N18=0,$D$57,IF(N18<=$C$46,$D$52,IF(N18<=$C$47,$D$53,IF(N18<=$C$48,$D$54,IF(N18<=$C$49,$D$55,$D$56))))) -> 40 | AH18: =IF(Y18=0,$H$57,IF(Y18<=$G$46,$H$52,IF(Y18<=$G$47,$H$53,IF(Y18<=$G$48,$H$54,IF(Y18<=$G$49,$H$55,$H$56))))) -> 60 | AI18: =IF(AF18="Sin dato",$K$49,IF(AF18=$J$46,$K$46,IF(AF18=$J$47,$K$47,IF(AF18=$J$48,$K$48)))) -> 30 | AJ18: =+(AG18*$AG$4)+(AH18*$AH$4)+(AI18*$AI$4) -> 46
A19: 15 | B19: Hierro | C19: COP | D19: 4178275580 | E19: 2613034842 | F19: 3825430577 | G19: 1548502235 | H19: 2241031473 | I19: =+D19/$D$41 -> 0.0016025307 | J19: =+E19/$E$41 -> 0.00032152077 | K19: =+F19/$F$41 -> 0.00052472144 | L19: =+G19/$G$41 -> 0.00037259956 | M19: =+H19/$H$41 -> 0.0006926837 | N19: =+SUM(I19:M19)/COUNT(I19:M19) -> 0.00070281124 | O19: 9416788.3 | P19: 9323379.9 | Q19: 8473353.6 | R19: 9311551.5 | S19: 7174004.6 | T19: =+O19/$O$41 -> 0.00096869302 | U19: =+P19/$P$41 -> 0.00056156531 | V19: =+Q19/$Q$41 -> 0.0006023193 | W19: =+R19/$R$41 -> 0.00074111141 | X19: =+S19/$S$41 -> 0.0006317613 | Y19: =+SUM(T19:X19)/COUNT(T19:X19) -> 0.00070109007 | Z19: 1105 | AA19: 1253 | AB19: 1297 | AC19: 1399 | AD19: 1196 | AE19: 1250 | AF19: Baja concentración | AG19: =IF(N19=0,$D$57,IF(N19<=$C$46,$D$52,IF(N19<=$C$47,$D$53,IF(N19<=$C$48,$D$54,IF(N19<=$C$49,$D$55,$D$56))))) -> 80 | AH19: =IF(Y19=0,$H$57,IF(Y19<=$G$46,$H$52,IF(Y19<=$G$47,$H$53,IF(Y19<=$G$48,$H$54,IF(Y19<=$G$49,$H$55,$H$56))))) -> 80 | AI19: =IF(AF19="Sin dato",$K$49,IF(AF19=$J$46,$K$46,IF(AF19=$J$47,$K$47,IF(AF19=$J$48,$K$48)))) -> 100 | AJ19: =+(AG19*$AG$4)+(AH19*$AH$4)+(AI19*$AI$4) -> 84
A20: 16 | B20: Litio | C20: COP | I20: =+D20/$D$41 -> 0 | J20: =+E20/$E$41 -> 0 | K20: =+F20/$F$41 -> 0 | L20: =+G20/$G$41 -> 0 | M20: =+H20/$H$41 -> 0 | N20: =+SUM(I20:M20)/COUNT(I20:M20) -> 0 | T20: =+O20/$O$41 -> 0 | U20: =+P20/$P$41 -> 0 | V20: =+Q20/$Q$41 -> 0 | W20: =+R20/$R$41 -> 0 | X20: =+S20/$S$41 -> 0 | Y20: =+SUM(T20:X20)/COUNT(T20:X20) -> 0 | Z20: - | AA20: - | AB20: - | AC20: - | AD20: - | AE20: - | AF20: Sin dato | AG20: =IF(N20=0,$D$57,IF(N20<=$C$46,$D$52,IF(N20<=$C$47,$D$53,IF(N20<=$C$48,$D$54,IF(N20<=$C$49,$D$55,$D$56))))) -> 0 | AH20: =IF(Y20=0,$H$57,IF(Y20<=$G$46,$H$52,IF(Y20<=$G$47,$H$53,IF(Y20<=$G$48,$H$54,IF(Y20<=$G$49,$H$55,$H$56))))) -> 0 | AI20: =IF(AF20="Sin dato",$K$49,IF(AF20=$J$46,$K$46,IF(AF20=$J$47,$K$47,IF(AF20=$J$48,$K$48)))) -> 0 | AJ20: =+(AG20*$AG$4)+(AH20*$AH$4)+(AI20*$AI$4) -> 0
A21: 17 | B21: Magnesio | C21: COP | D21: 29320594 | E21: 28746110 | F21: 32494451 | G21: 17046339 | H21: 3547690 | I21: =+D21/$D$41 -> 1.1245585e-05 | J21: =+E21/$E$41 -> 3.537064e-06 | K21: =+F21/$F$41 -> 4.4571545e-06 | L21: =+G21/$G$41 -> 4.1016786e-06 | M21: =+H21/$H$41 -> 1.0965607e-06 | N21: =+SUM(I21:M21)/COUNT(I21:M21) -> 4.8876086e-06 | O21: 133001.28 | P21: 180078.9 | Q21: 474023.42 | R21: 45696.73 | S21: 100324.82 | T21: =+O21/$O$41 -> 1.3681672e-05 | U21: =+P21/$P$41 -> 1.0846502e-05 | V21: =+Q21/$Q$41 -> 3.3695449e-05 | W21: =+R21/$R$41 -> 3.6370274e-06 | X21: =+S21/$S$41 -> 8.8348617e-06 | Y21: =+SUM(T21:X21)/COUNT(T21:X21) -> 1.4139103e-05 | Z21: 3365 | AA21: 4802 | AB21: 8444 | AC21: 4000 | AD21: 2765 | AE21: 4675 | AF21: Alta concentración | AG21: =IF(N21=0,$D$57,IF(N21<=$C$46,$D$52,IF(N21<=$C$47,$D$53,IF(N21<=$C$48,$D$54,IF(N21<=$C$49,$D$55,$D$56))))) -> 60 | AH21: =IF(Y21=0,$H$57,IF(Y21<=$G$46,$H$52,IF(Y21<=$G$47,$H$53,IF(Y21<=$G$48,$H$54,IF(Y21<=$G$49,$H$55,$H$56))))) -> 60 | AI21: =IF(AF21="Sin dato",$K$49,IF(AF21=$J$46,$K$46,IF(AF21=$J$47,$K$47,IF(AF21=$J$48,$K$48)))) -> 30 | AJ21: =+(AG21*$AG$4)+(AH21*$AH$4)+(AI21*$AI$4) -> 54
A22: 18 | B22: Manganeso | C22: COP | D22: 11660486 | E22: 6568132 | F22: 8592575 | G22: 16343075 | H22: 7094210 | I22: =+D22/$D$41 -> 4.4722487e-06 | J22: =+E22/$E$41 -> 8.0817554e-07 | K22: =+F22/$F$41 -> 1.1786146e-06 | L22: =+G22/$G$41 -> 3.9324597e-06 | M22: =+H22/$H$41 -> 2.1927598e-06 | N22: =+SUM(I22:M22)/COUNT(I22:M22) -> 2.5168516e-06 | T22: =+O22/$O$41 -> 0 | U22: =+P22/$P$41 -> 0 | V22: =+Q22/$Q$41 -> 0 | W22: =+R22/$R$41 -> 0 | X22: =+S22/$S$41 -> 0 | Y22: =+SUM(T22:X22)/COUNT(T22:X22) -> 0 | Z22: - | AA22: - | AB22: - | AC22: - | AD22: - | AE22: - | AF22: Sin dato | AG22: =IF(N22=0,$D$57,IF(N22<=$C$46,$D$52,IF(N22<=$C$47,$D$53,IF(N22<=$C$48,$D$54,IF(N22<=$C$49,$D$55,$D$56))))) -> 60 | AH22: =IF(Y22=0,$H$57,IF(Y22<=$G$46,$H$52,IF(Y22<=$G$47,$H$53,IF(Y22<=$G$48,$H$54,IF(Y22<=$G$49,$H$55,$H$56))))) -> 0 | AI22: =IF(AF22="Sin dato",$K$49,IF(AF22=$J$46,$K$46,IF(AF22=$J$47,$K$47,IF(AF22=$J$48,$K$48)))) -> 0 | AJ22: =+(AG22*$AG$4)+(AH22*$AH$4)+(AI22*$AI$4) -> 24
A23: 19 | B23: Materiales de Construcción | C23: COP | D23: 6.0470052e+09 | E23: 7.1122509e+09 | F23: 8.1929559e+09 | G23: 5.8163018e+09 | H23: 6.8000317e+09 | I23: =+D23/$D$41 -> 0.002319261 | J23: =+E23/$E$41 -> 0.00087512663 | K23: =+F23/$F$41 -> 0.0011238002 | L23: =+G23/$G$41 -> 0.0013995146 | M23: =+H23/$H$41 -> 0.0021018317 | N23: =+SUM(I23:M23)/COUNT(I23:M23) -> 0.0015639068 | O23: 19853876 | P23: 15677656 | Q23: 17379030 | R23: 17197541 | S23: 11589330 | T23: =+O23/$O$41 -> 0.0020423429 | U23: =+P23/$P$41 -> 0.00094429572 | V23: =+Q23/$Q$41 -> 0.0012353698 | W23: =+R23/$R$41 -> 0.0013687616 | X23: =+S23/$S$41 -> 0.0010205862 | Y23: =+SUM(T23:X23)/COUNT(T23:X23) -> 0.0013222712 | Z23: 4520 | AA23: 1798 | AB23: 1474 | AC23: 2054 | AD23: 1050 | AE23: 2179 | AF23: Concentración moderada | AG23: =IF(N23=0,$D$57,IF(N23<=$C$46,$D$52,IF(N23<=$C$47,$D$53,IF(N23<=$C$48,$D$54,IF(N23<=$C$49,$D$55,$D$56))))) -> 100 | AH23: =IF(Y23=0,$H$57,IF(Y23<=$G$46,$H$52,IF(Y23<=$G$47,$H$53,IF(Y23<=$G$48,$H$54,IF(Y23<=$G$49,$H$55,$H$56))))) -> 100 | AI23: =IF(AF23="Sin dato",$K$49,IF(AF23=$J$46,$K$46,IF(AF23=$J$47,$K$47,IF(AF23=$J$48,$K$48)))) -> 60 | AJ23: =+(AG23*$AG$4)+(AH23*$AH$4)+(AI23*$AI$4) -> 92
A24: 20 | B24: Metales del Grupo del Platino (MGP) | C24: COP | D24: 3.2053474e+09 | E24: 3.0363506e+09 | F24: 4.8405034e+09 | G24: 4.2838949e+09 | H24: 6.7589839e+09 | I24: =+D24/$D$41 -> 0.0012293751 | J24: =+E24/$E$41 -> 0.00037360764 | K24: =+F24/$F$41 -> 0.00066395556 | L24: =+G24/$G$41 -> 0.0010307879 | M24: =+H24/$H$41 -> 0.0020891442 | N24: =+SUM(I24:M24)/COUNT(I24:M24) -> 0.0010773741 | O24: 21121454 | P24: 22516455 | Q24: 25815041 | R24: 27850219 | S24: 45092357 | T24: =+O24/$O$41 -> 0.0021727371 | U24: =+P24/$P$41 -> 0.0013562099 | V24: =+Q24/$Q$41 -> 0.0018350346 | W24: =+R24/$R$41 -> 0.002216614 | X24: =+S24/$S$41 -> 0.0039709489 | Y24: =+SUM(T24:X24)/COUNT(T24:X24) -> 0.0023103089 | Z24: 7905 | AA24: 5323 | AB24: 2536 | AC24: 2890 | AD24: 4092 | AE24: 4549 | AF24: Alta concentración | AG24: =IF(N24=0,$D$57,IF(N24<=$C$46,$D$52,IF(N24<=$C$47,$D$53,IF(N24<=$C$48,$D$54,IF(N24<=$C$49,$D$55,$D$56))))) -> 80 | AH24: =IF(Y24=0,$H$57,IF(Y24<=$G$46,$H$52,IF(Y24<=$G$47,$H$53,IF(Y24<=$G$48,$H$54,IF(Y24<=$G$49,$H$55,$H$56))))) -> 100 | AI24: =IF(AF24="Sin dato",$K$49,IF(AF24=$J$46,$K$46,IF(AF24=$J$47,$K$47,IF(AF24=$J$48,$K$48)))) -> 30 | AJ24: =+(AG24*$AG$4)+(AH24*$AH$4)+(AI24*$AI$4) -> 78
A25: 21 | B25: Molibdeno | C25: COP | I25: =+D25/$D$41 -> 0 | J25: =+E25/$E$41 -> 0 | K25: =+F25/$F$41 -> 0 | L25: =+G25/$G$41 -> 0 | M25: =+H25/$H$41 -> 0 | N25: =+SUM(I25:M25)/COUNT(I25:M25) -> 0 | T25: =+O25/$O$41 -> 0 | U25: =+P25/$P$41 -> 0 | V25: =+Q25/$Q$41 -> 0 | W25: =+R25/$R$41 -> 0 | X25: =+S25/$S$41 -> 0 | Y25: =+SUM(T25:X25)/COUNT(T25:X25) -> 0 | Z25: - | AA25: - | AB25: - | AC25: - | AD25: - | AE25: - | AF25: Sin dato | AG25: =IF(N25=0,$D$57,IF(N25<=$C$46,$D$52,IF(N25<=$C$47,$D$53,IF(N25<=$C$48,$D$54,IF(N25<=$C$49,$D$55,$D$56))))) -> 0 | AH25: =IF(Y25=0,$H$57,IF(Y25<=$G$46,$H$52,IF(Y25<=$G$47,$H$53,IF(Y25<=$G$48,$H$54,IF(Y25<=$G$49,$H$55,$H$56))))) -> 0 | AI25: =IF(AF25="Sin dato",$K$49,IF(AF25=$J$46,$K$46,IF(AF25=$J$47,$K$47,IF(AF25=$J$48,$K$48)))) -> 0 | AJ25: =+(AG25*$AG$4)+(AH25*$AH$4)+(AI25*$AI$4) -> 0
A26: 22 | B26: Niobio-Tantalio | C26: COP | H26: 59164 | I26: =+D26/$D$41 -> 0 | J26: =+E26/$E$41 -> 0 | K26: =+F26/$F$41 -> 0 | L26: =+G26/$G$41 -> 0 | M26: =+H26/$H$41 -> 1.8287087e-08 | N26: =+SUM(I26:M26)/COUNT(I26:M26) -> 3.6574175e-09 | O26: 39 | Q26: 230584.96 | S26: 61221.3 | T26: =+O26/$O$41 -> 4.0118803e-09 | U26: =+P26/$P$41 -> 0 | V26: =+Q26/$Q$41 -> 1.6390886e-05 | W26: =+R26/$R$41 -> 0 | X26: =+S26/$S$41 -> 5.3913052e-06 | Y26: =+SUM(T26:X26)/COUNT(T26:X26) -> 4.3572406e-06 | Z26: 10000 | AB26: 10000 | AD26: 9925 | AE26: 9975 | AF26: Alta concentración | AG26: =IF(N26=0,$D$57,IF(N26<=$C$46,$D$52,IF(N26<=$C$47,$D$53,IF(N26<=$C$48,$D$54,IF(N26<=$C$49,$D$55,$D$56))))) -> 40 | AH26: =IF(Y26=0,$H$57,IF(Y26<=$G$46,$H$52,IF(Y26<=$G$47,$H$53,IF(Y26<=$G$48,$H$54,IF(Y26<=$G$49,$H$55,$H$56))))) -> 60 | AI26: =IF(AF26="Sin dato",$K$49,IF(AF26=$J$46,$K$46,IF(AF26=$J$47,$K$47,IF(AF26=$J$48,$K$48)))) -> 30 | AJ26: =+(AG26*$AG$4)+(AH26*$AH$4)+(AI26*$AI$4) -> 46
A27: 23 | B27: Níquel | C27: COP | D27: 2.425367e+11 | E27: 465483097882 | F27: 486838452768 | G27: 2.4064074e+11 | H27: 225399774603 | I27: =+D27/$D$41 -> 0.093022233 | J27: =+E27/$E$41 -> 0.057275349 | K27: =+F27/$F$41 -> 0.066777993 | L27: =+G27/$G$41 -> 0.057902814 | M27: =+H27/$H$41 -> 0.069669147 | N27: =+SUM(I27:M27)/COUNT(I27:M27) -> 0.068929507 | O27: 5.284476e+08 | P27: 9.0843753e+08 | Q27: 6.3733662e+08 | R27: 5.4214663e+08 | S27: 4.7547818e+08 | T27: =+O27/$O$41 -> 0.054360732 | U27: =+P27/$P$41 -> 0.05471696 | V27: =+Q27/$Q$41 -> 0.045304394 | W27: =+R27/$R$41 -> 0.043149743 | X27: =+S27/$S$41 -> 0.041871832 | Y27: =+SUM(T27:X27)/COUNT(T27:X27) -> 0.047880732 | AD27: 10000 | AE27: 10000 | AF27: Alta concentración | AG27: =IF(N27=0,$D$57,IF(N27<=$C$46,$D$52,IF(N27<=$C$47,$D$53,IF(N27<=$C$48,$D$54,IF(N27<=$C$49,$D$55,$D$56))))) -> 100 | AH27: =IF(Y27=0,$H$57,IF(Y27<=$G$46,$H$52,IF(Y27<=$G$47,$H$53,IF(Y27<=$G$48,$H$54,IF(Y27<=$G$49,$H$55,$H$56))))) -> 100 | AI27: =IF(AF27="Sin dato",$K$49,IF(AF27=$J$46,$K$46,IF(AF27=$J$47,$K$47,IF(AF27=$J$48,$K$48)))) -> 30 | AJ27: =+(AG27*$AG$4)+(AH27*$AH$4)+(AI27*$AI$4) -> 86
A28: 24 | B28: Oro | C28: COP | D28: 3.4906624e+11 | E28: 3.6759913e+11 | F28: 4.7920612e+11 | G28: 5.0619232e+11 | H28: 5.8799334e+11 | I28: =+D28/$D$41 -> 0.13388044 | J28: =+E28/$E$41 -> 0.04523122 | K28: =+F28/$F$41 -> 0.065731092 | L28: =+G28/$G$41 -> 0.12179966 | M28: =+H28/$H$41 -> 0.18174372 | N28: =+SUM(I28:M28)/COUNT(I28:M28) -> 0.10967723 | O28: 2.9976692e+09 | P28: 2.8124406e+09 | Q28: 3.2219941e+09 | R28: 3.9066666e+09 | S28: 4.604409e+09 | T28: =+O28/$O$41 -> 0.30836641 | U28: =+P28/$P$41 -> 0.16939877 | V28: =+Q28/$Q$41 -> 0.22903201 | W28: =+R28/$R$41 -> 0.31093371 | X28: =+S28/$S$41 -> 0.4054761 | Y28: =+SUM(T28:X28)/COUNT(T28:X28) -> 0.2846414 | Z28: 3465 | AA28: 2009 | AB28: 2699 | AC28: 1885 | AD28: 1462 | AE28: 2304 | AF28: Concentración moderada | AG28: =IF(N28=0,$D$57,IF(N28<=$C$46,$D$52,IF(N28<=$C$47,$D$53,IF(N28<=$C$48,$D$54,IF(N28<=$C$49,$D$55,$D$56))))) -> 100 | AH28: =IF(Y28=0,$H$57,IF(Y28<=$G$46,$H$52,IF(Y28<=$G$47,$H$53,IF(Y28<=$G$48,$H$54,IF(Y28<=$G$49,$H$55,$H$56))))) -> 100 | AI28: =IF(AF28="Sin dato",$K$49,IF(AF28=$J$46,$K$46,IF(AF28=$J$47,$K$47,IF(AF28=$J$48,$K$48)))) -> 60 | AJ28: =+(AG28*$AG$4)+(AH28*$AH$4)+(AI28*$AI$4) -> 92
A29: 25 | B29: Plata | C29: COP | D29: 2.1588307e+09 | E29: 2.6897698e+09 | F29: 4.5905767e+09 | G29: 5.7563924e+09 | H29: 7.7260714e+09 | I29: =+D29/$D$41 -> 0.00082799532 | J29: =+E29/$E$41 -> 0.00033096262 | K29: =+F29/$F$41 -> 0.00062967396 | L29: =+G29/$G$41 -> 0.0013850993 | M29: =+H29/$H$41 -> 0.0023880627 | N29: =+SUM(I29:M29)/COUNT(I29:M29) -> 0.0011123588 | Q29: 3828128.3 | R29: 2125554.3 | S29: 2527111 | T29: =+O29/$O$41 -> 0 | U29: =+P29/$P$41 -> 0 | V29: =+Q29/$Q$41 -> 0.00027211841 | W29: =+R29/$R$41 -> 0.00016917401 | X29: =+S29/$S$41 -> 0.0002225439 | Y29: =+SUM(T29:X29)/COUNT(T29:X29) -> 0.00013276727 | AB29: 3105 | AC29: 7653 | AD29: 2936 | AE29: 4565 | AF29: Alta concentración | AG29: =IF(N29=0,$D$57,IF(N29<=$C$46,$D$52,IF(N29<=$C$47,$D$53,IF(N29<=$C$48,$D$54,IF(N29<=$C$49,$D$55,$D$56))))) -> 100 | AH29: =IF(Y29=0,$H$57,IF(Y29<=$G$46,$H$52,IF(Y29<=$G$47,$H$53,IF(Y29<=$G$48,$H$54,IF(Y29<=$G$49,$H$55,$H$56))))) -> 80 | AI29: =IF(AF29="Sin dato",$K$49,IF(AF29=$J$46,$K$46,IF(AF29=$J$47,$K$47,IF(AF29=$J$48,$K$48)))) -> 30 | AJ29: =+(AG29*$AG$4)+(AH29*$AH$4)+(AI29*$AI$4) -> 78
A30: 26 | B30: Plomo | C30: COP | D30: 13 | E30: 12 | F30: 2.2250571e+08 | G30: 2.1600903e+08 | H30: 2.1232364e+08 | I30: =+D30/$D$41 -> 4.9860042e-12 | J30: =+E30/$E$41 -> 1.4765395e-12 | K30: =+F30/$F$41 -> 3.052036e-05 | L30: =+G30/$G$41 -> 5.1975947e-05 | M30: =+H30/$H$41 -> 6.5627425e-05 | N30: =+SUM(I30:M30)/COUNT(I30:M30) -> 2.9624748e-05 | T30: =+O30/$O$41 -> 0 | U30: =+P30/$P$41 -> 0 | V30: =+Q30/$Q$41 -> 0 | W30: =+R30/$R$41 -> 0 | X30: =+S30/$S$41 -> 0 | Y30: =+SUM(T30:X30)/COUNT(T30:X30) -> 0 | Z30: - | AA30: - | AB30: - | AC30: - | AD30: - | AE30: - | AF30: Sin dato | AG30: =IF(N30=0,$D$57,IF(N30<=$C$46,$D$52,IF(N30<=$C$47,$D$53,IF(N30<=$C$48,$D$54,IF(N30<=$C$49,$D$55,$D$56))))) -> 60 | AH30: =IF(Y30=0,$H$57,IF(Y30<=$G$46,$H$52,IF(Y30<=$G$47,$H$53,IF(Y30<=$G$48,$H$54,IF(Y30<=$G$49,$H$55,$H$56))))) -> 0 | AI30: =IF(AF30="Sin dato",$K$49,IF(AF30=$J$46,$K$46,IF(AF30=$J$47,$K$47,IF(AF30=$J$48,$K$48)))) -> 0 | AJ30: =+(AG30*$AG$4)+(AH30*$AH$4)+(AI30*$AI$4) -> 24
A31: 27 | B31: Potasio | C31: COP | I31: =+D31/$D$41 -> 0 | J31: =+E31/$E$41 -> 0 | K31: =+F31/$F$41 -> 0 | L31: =+G31/$G$41 -> 0 | M31: =+H31/$H$41 -> 0 | N31: =+SUM(I31:M31)/COUNT(I31:M31) -> 0 | T31: =+O31/$O$41 -> 0 | U31: =+P31/$P$41 -> 0 | V31: =+Q31/$Q$41 -> 0 | W31: =+R31/$R$41 -> 0 | X31: =+S31/$S$41 -> 0 | Y31: =+SUM(T31:X31)/COUNT(T31:X31) -> 0 | AF31: Sin dato | AG31: =IF(N31=0,$D$57,IF(N31<=$C$46,$D$52,IF(N31<=$C$47,$D$53,IF(N31<=$C$48,$D$54,IF(N31<=$C$49,$D$55,$D$56))))) -> 0 | AH31: =IF(Y31=0,$H$57,IF(Y31<=$G$46,$H$52,IF(Y31<=$G$47,$H$53,IF(Y31<=$G$48,$H$54,IF(Y31<=$G$49,$H$55,$H$56))))) -> 0 | AI31: =IF(AF31="Sin dato",$K$49,IF(AF31=$J$46,$K$46,IF(AF31=$J$47,$K$47,IF(AF31=$J$48,$K$48)))) -> 0 | AJ31: =+(AG31*$AG$4)+(AH31*$AH$4)+(AI31*$AI$4) -> 0
A32: 28 | B32: Roca fosfórica | C32: COP | D32: 231198399 | E32: 310855119 | F32: 292588552 | G32: 306194740 | H32: 362146630 | I32: =+D32/$D$41 -> 8.8673553e-05 | J32: =+E32/$E$41 -> 3.8249156e-05 | K32: =+F32/$F$41 -> 4.0133387e-05 | L32: =+G32/$G$41 -> 7.3676372e-05 | M32: =+H32/$H$41 -> 0.00011193643 | N32: =+SUM(I32:M32)/COUNT(I32:M32) -> 7.053378e-05 | O32: 39848.5 | P32: 31051.5 | R32: 6362 | S32: 2332.16 | T32: =+O32/$O$41 -> 4.0991645e-06 | U32: =+P32/$P$41 -> 1.8702922e-06 | V32: =+Q32/$Q$41 -> 0 | W32: =+R32/$R$41 -> 5.0635502e-07 | X32: =+S32/$S$41 -> 2.0537601e-07 | Y32: =+SUM(T32:X32)/COUNT(T32:X32) -> 1.3362375e-06 | Z32: 6646 | AA32: 7094 | AC32: 10000 | AD32: 10000 | AE32: 8435 | AF32: Alta concentración | AG32: =IF(N32=0,$D$57,IF(N32<=$C$46,$D$52,IF(N32<=$C$47,$D$53,IF(N32<=$C$48,$D$54,IF(N32<=$C$49,$D$55,$D$56))))) -> 80 | AH32: =IF(Y32=0,$H$57,IF(Y32<=$G$46,$H$52,IF(Y32<=$G$47,$H$53,IF(Y32<=$G$48,$H$54,IF(Y32<=$G$49,$H$55,$H$56))))) -> 40 | AI32: =IF(AF32="Sin dato",$K$49,IF(AF32=$J$46,$K$46,IF(AF32=$J$47,$K$47,IF(AF32=$J$48,$K$48)))) -> 30 | AJ32: =+(AG32*$AG$4)+(AH32*$AH$4)+(AI32*$AI$4) -> 54
A33: 29 | B33: Sodio | C33: COP | I33: =+D33/$D$41 -> 0 | J33: =+E33/$E$41 -> 0 | K33: =+F33/$F$41 -> 0 | L33: =+G33/$G$41 -> 0 | M33: =+H33/$H$41 -> 0 | N33: =+SUM(I33:M33)/COUNT(I33:M33) -> 0 | T33: =+O33/$O$41 -> 0 | U33: =+P33/$P$41 -> 0 | V33: =+Q33/$Q$41 -> 0 | W33: =+R33/$R$41 -> 0 | X33: =+S33/$S$41 -> 0 | Y33: =+SUM(T33:X33)/COUNT(T33:X33) -> 0 | Z33: 7008 | AA33: 6898 | AB33: 7106 | AC33: 2219 | AD33: 2046 | AE33: 5055 | AF33: Alta concentración | AG33: =IF(N33=0,$D$57,IF(N33<=$C$46,$D$52,IF(N33<=$C$47,$D$53,IF(N33<=$C$48,$D$54,IF(N33<=$C$49,$D$55,$D$56))))) -> 0 | AH33: =IF(Y33=0,$H$57,IF(Y33<=$G$46,$H$52,IF(Y33<=$G$47,$H$53,IF(Y33<=$G$48,$H$54,IF(Y33<=$G$49,$H$55,$H$56))))) -> 0 | AI33: =IF(AF33="Sin dato",$K$49,IF(AF33=$J$46,$K$46,IF(AF33=$J$47,$K$47,IF(AF33=$J$48,$K$48)))) -> 30 | AJ33: =+(AG33*$AG$4)+(AH33*$AH$4)+(AI33*$AI$4) -> 6
A34: 30 | B34: Titanio | C34: COP | F34: 1100 | G34: 37375341 | H34: 551747.34 | I34: =+D34/$D$41 -> 0 | J34: =+E34/$E$41 -> 0 | K34: =+F34/$F$41 -> 1.508833e-10 | L34: =+G34/$G$41 -> 8.9932292e-06 | M34: =+H34/$H$41 -> 1.7054039e-07 | N34: =+SUM(I34:M34)/COUNT(I34:M34) -> 1.8327841e-06 | O34: 49028 | P34: 64350 | Q34: 61296.69 | S34: 42108 | T34: =+O34/$O$41 -> 5.0434479e-06 | U34: =+P34/$P$41 -> 3.8759257e-06 | V34: =+Q34/$Q$41 -> 4.3572098e-06 | W34: =+R34/$R$41 -> 0 | X34: =+S34/$S$41 -> 3.7081388e-06 | Y34: =+SUM(T34:X34)/COUNT(T34:X34) -> 3.3969444e-06 | Z34: 9022 | AA34: 10000 | AB34: 6439 | AD34: 8955 | AE34: 8604 | AF34: Alta concentración | AG34: =IF(N34=0,$D$57,IF(N34<=$C$46,$D$52,IF(N34<=$C$47,$D$53,IF(N34<=$C$48,$D$54,IF(N34<=$C$49,$D$55,$D$56))))) -> 40 | AH34: =IF(Y34=0,$H$57,IF(Y34<=$G$46,$H$52,IF(Y34<=$G$47,$H$53,IF(Y34<=$G$48,$H$54,IF(Y34<=$G$49,$H$55,$H$56))))) -> 60 | AI34: =IF(AF34="Sin dato",$K$49,IF(AF34=$J$46,$K$46,IF(AF34=$J$47,$K$47,IF(AF34=$J$48,$K$48)))) -> 30 | AJ34: =+(AG34*$AG$4)+(AH34*$AH$4)+(AI34*$AI$4) -> 46
A35: 31 | B35: Uranio | C35: COP | I35: =+D35/$D$41 -> 0 | J35: =+E35/$E$41 -> 0 | K35: =+F35/$F$41 -> 0 | L35: =+G35/$G$41 -> 0 | M35: =+H35/$H$41 -> 0 | N35: =+SUM(I35:M35)/COUNT(I35:M35) -> 0 | T35: =+O35/$O$41 -> 0 | U35: =+P35/$P$41 -> 0 | V35: =+Q35/$Q$41 -> 0 | W35: =+R35/$R$41 -> 0 | X35: =+S35/$S$41 -> 0 | Y35: =+SUM(T35:X35)/COUNT(T35:X35) -> 0 | AA35: - | AB35: - | AC35: - | AD35: - | AE35: - | AF35: Sin dato | AG35: =IF(N35=0,$D$57,IF(N35<=$C$46,$D$52,IF(N35<=$C$47,$D$53,IF(N35<=$C$48,$D$54,IF(N35<=$C$49,$D$55,$D$56))))) -> 0 | AH35: =IF(Y35=0,$H$57,IF(Y35<=$G$46,$H$52,IF(Y35<=$G$47,$H$53,IF(Y35<=$G$48,$H$54,IF(Y35<=$G$49,$H$55,$H$56))))) -> 0 | AI35: =IF(AF35="Sin dato",$K$49,IF(AF35=$J$46,$K$46,IF(AF35=$J$47,$K$47,IF(AF35=$J$48,$K$48)))) -> 0 | AJ35: =+(AG35*$AG$4)+(AH35*$AH$4)+(AI35*$AI$4) -> 0
A36: 32 | B36: Wolframio (Tungsteno) | C36: COP | I36: =+D36/$D$41 -> 0 | J36: =+E36/$E$41 -> 0 | K36: =+F36/$F$41 -> 0 | L36: =+G36/$G$41 -> 0 | M36: =+H36/$H$41 -> 0 | N36: =+SUM(I36:M36)/COUNT(I36:M36) -> 0 | Q36: 20882.48 | T36: =+O36/$O$41 -> 0 | U36: =+P36/$P$41 -> 0 | V36: =+Q36/$Q$41 -> 1.4844088e-06 | W36: =+R36/$R$41 -> 0 | X36: =+S36/$S$41 -> 0 | Y36: =+SUM(T36:X36)/COUNT(T36:X36) -> 2.9688176e-07 | AB36: 10000 | AE36: 10000 | AF36: Alta concentración | AG36: =IF(N36=0,$D$57,IF(N36<=$C$46,$D$52,IF(N36<=$C$47,$D$53,IF(N36<=$C$48,$D$54,IF(N36<=$C$49,$D$55,$D$56))))) -> 0 | AH36: =IF(Y36=0,$H$57,IF(Y36<=$G$46,$H$52,IF(Y36<=$G$47,$H$53,IF(Y36<=$G$48,$H$54,IF(Y36<=$G$49,$H$55,$H$56))))) -> 40 | AI36: =IF(AF36="Sin dato",$K$49,IF(AF36=$J$46,$K$46,IF(AF36=$J$47,$K$47,IF(AF36=$J$48,$K$48)))) -> 30 | AJ36: =+(AG36*$AG$4)+(AH36*$AH$4)+(AI36*$AI$4) -> 22
A37: 33 | B37: Yeso | C37: COP | D37: 1246109216 | E37: 1566085731 | F37: 1581855144 | G37: 817278423 | H37: 661085267 | I37: =+D37/$D$41 -> 0.00047793122 | J37: =+E37/$E$41 -> 0.00019269896 | K37: =+F37/$F$41 -> 0.00021697775 | L37: =+G37/$G$41 -> 0.00019665298 | M37: =+H37/$H$41 -> 0.00020433581 | N37: =+SUM(I37:M37)/COUNT(I37:M37) -> 0.00025771934 | O37: 1244102.2 | P37: 1485994.1 | Q37: 1276425.4 | R37: 1812909.2 | S37: 1760768.9 | T37: =+O37/$O$41 -> 0.00012797921 | U37: =+P37/$P$41 -> 8.9504314e-05 | V37: =+Q37/$Q$41 -> 9.0733334e-05 | W37: =+R37/$R$41 -> 0.00014429042 | X37: =+S37/$S$41 -> 0.00015505784 | Y37: =+SUM(T37:X37)/COUNT(T37:X37) -> 0.00012151302 | Z37: 9918 | AA37: 9998 | AB37: 9799 | AC37: 9588 | AD37: 9754 | AE37: 9812 | AF37: Alta concentración | AG37: =IF(N37=0,$D$57,IF(N37<=$C$46,$D$52,IF(N37<=$C$47,$D$53,IF(N37<=$C$48,$D$54,IF(N37<=$C$49,$D$55,$D$56))))) -> 80 | AH37: =IF(Y37=0,$H$57,IF(Y37<=$G$46,$H$52,IF(Y37<=$G$47,$H$53,IF(Y37<=$G$48,$H$54,IF(Y37<=$G$49,$H$55,$H$56))))) -> 80 | AI37: =IF(AF37="Sin dato",$K$49,IF(AF37=$J$46,$K$46,IF(AF37=$J$47,$K$47,IF(AF37=$J$48,$K$48)))) -> 30 | AJ37: =+(AG37*$AG$4)+(AH37*$AH$4)+(AI37*$AI$4) -> 70
A38: 34 | B38: Zeolita | C38: COP | I38: =+D38/$D$41 -> 0 | J38: =+E38/$E$41 -> 0 | K38: =+F38/$F$41 -> 0 | L38: =+G38/$G$41 -> 0 | M38: =+H38/$H$41 -> 0 | N38: =+SUM(I38:M38)/COUNT(I38:M38) -> 0 | T38: =+O38/$O$41 -> 0 | U38: =+P38/$P$41 -> 0 | V38: =+Q38/$Q$41 -> 0 | W38: =+R38/$R$41 -> 0 | X38: =+S38/$S$41 -> 0 | Y38: =+SUM(T38:X38)/COUNT(T38:X38) -> 0 | AA38: - | AB38: - | AC38: - | AD38: - | AE38: - | AF38: Sin dato | AG38: =IF(N38=0,$D$57,IF(N38<=$C$46,$D$52,IF(N38<=$C$47,$D$53,IF(N38<=$C$48,$D$54,IF(N38<=$C$49,$D$55,$D$56))))) -> 0 | AH38: =IF(Y38=0,$H$57,IF(Y38<=$G$46,$H$52,IF(Y38<=$G$47,$H$53,IF(Y38<=$G$48,$H$54,IF(Y38<=$G$49,$H$55,$H$56))))) -> 0 | AI38: =IF(AF38="Sin dato",$K$49,IF(AF38=$J$46,$K$46,IF(AF38=$J$47,$K$47,IF(AF38=$J$48,$K$48)))) -> 0 | AJ38: =+(AG38*$AG$4)+(AH38*$AH$4)+(AI38*$AI$4) -> 0
A39: 35 | B39: Zinc | C39: COP | E39: 18387537 | F39: 3.6212077e+08 | G39: 2.6236286e+08 | H39: 3.439254e+08 | I39: =+D39/$D$41 -> 0 | J39: =+E39/$E$41 -> 2.2624938e-06 | K39: =+F39/$F$41 -> 4.9670888e-05 | L39: =+G39/$G$41 -> 6.3129574e-05 | M39: =+H39/$H$41 -> 0.00010630441 | N39: =+SUM(I39:M39)/COUNT(I39:M39) -> 4.4273472e-05 | O39: 83155.52 | P39: 3907082.4 | Q39: 3410962.2 | R39: 1175695.5 | S39: 1282103.9 | T39: =+O39/$O$41 -> 8.5541025e-06 | U39: =+P39/$P$41 -> 0.00023533118 | V39: =+Q39/$Q$41 -> 0.00024246461 | W39: =+R39/$R$41 -> 9.3574239e-05 | X39: =+S39/$S$41 -> 0.00011290536 | Y39: =+SUM(T39:X39)/COUNT(T39:X39) -> 0.0001385659 | Z39: 10000 | AA39: 10000 | AB39: 4117 | AC39: 8622 | AD39: 7899 | AE39: 8128 | AF39: Alta concentración | AG39: =IF(N39=0,$D$57,IF(N39<=$C$46,$D$52,IF(N39<=$C$47,$D$53,IF(N39<=$C$48,$D$54,IF(N39<=$C$49,$D$55,$D$56))))) -> 60 | AH39: =IF(Y39=0,$H$57,IF(Y39<=$G$46,$H$52,IF(Y39<=$G$47,$H$53,IF(Y39<=$G$48,$H$54,IF(Y39<=$G$49,$H$55,$H$56))))) -> 80 | AI39: =IF(AF39="Sin dato",$K$49,IF(AF39=$J$46,$K$46,IF(AF39=$J$47,$K$47,IF(AF39=$J$48,$K$48)))) -> 30 | AJ39: =+(AG39*$AG$4)+(AH39*$AH$4)+(AI39*$AI$4) -> 62
B41: Total regalías mineras | D41: 2.6072982e+12 | E41: 8.1271106e+12 | F41: 7.2904026e+12 | G41: 4.1559422e+12 | H41: 3.2352883e+12 | N41: Total exportaciones mineras | O41: 9.7211274e+09 | P41: 1.6602486e+10 | Q41: 1.4067877e+10 | R41: 1.2564307e+10 | S41: 1.1355562e+10
B43: Quintiles para Regalías | F43: Quintiles para Exportaciones | J43: Quintiles para concentración exportaciones
B45: Corte | C45: Calificación | F45: Corte | G45: Calificación | J45: Corte | K45: Calificación
B46: P20 | C46: =+_xlfn.PERCENTILE.INC($B$60:$B$92,0.2) -> 0 | F46: P20 | G46: =+_xlfn.PERCENTILE.INC($F$60:$F$92,0.2) -> 0 | J46: Alta concentración | K46: 30
B47: P40 | C47: =+_xlfn.PERCENTILE.INC($B$60:$B$92,0.4) -> 2.3800381e-06 | F47: P40 | G47: =+_xlfn.PERCENTILE.INC($F$60:$F$92,0.4) -> 2.9848031e-06 | J47: Concentración moderada | K47: 60
B48: P60 | C48: =+_xlfn.PERCENTILE.INC($B$60:$B$92,0.6) -> 5.8345191e-05 | F48: P60 | G48: =+_xlfn.PERCENTILE.INC($F$60:$F$92,0.6) -> 3.7674473e-05 | J48: Baja concentración | K48: 100
B49: P80 | C49: =+_xlfn.PERCENTILE.INC($B$60:$B$92,0.8) -> 0.0010983649 | F49: P80 | G49: =+_xlfn.PERCENTILE.INC($F$60:$F$92,0.8) -> 0.0010737988 | J49: Sin dato | K49: 0
B51: Quintil | C51: Rango | D51: Calificación | F51: Quintil | G51: Rango | H51: Calificación
B52: Q1 | C52: ≤ P20 | D52: 20 | F52: Q1 | G52: ≤ P20 | H52: 20
B53: Q2 | C53: > P20 y ≤ P40 | D53: 40 | F53: Q2 | G53: > P20 y ≤ P40 | H53: 40
B54: Q3 | C54: > P40 y ≤ P60 | D54: 60 | F54: Q3 | G54: > P40 y ≤ P60 | H54: 60
B55: Q4 | C55: > P60 y ≤ P80 | D55: 80 | F55: Q4 | G55: > P60 y ≤ P80 | H55: 80
B56: Q5 | C56: > P80 | D56: 100 | F56: Q5 | G56: > P80 | H56: 100
B59: Promedio | F59: Promedio | J59: Promedio
B60: 0 | F60: 0 | J60: 812
B61: 0 | F61: 0 | J61: 1250
B62: 0 | F62: 0 | J62: 2179
B63: 0 | F63: 0 | J63: 2304
B64: 0 | F64: 0 | J64: 2787
B65: 0 | F65: 0 | J65: 3060
B66: 0 | F66: 0 | J66: 3287
B67: 0 | F67: 0 | J67: 4324
B68: 3.6574175e-09 | F68: 2.9688176e-07 | J68: 4549
B69: 3.0180739e-08 | F69: 4.947019e-07 | J69: 4565
B70: 1.1363314e-07 | F70: 6.7321523e-07 | J70: 4583
B71: 1.2000484e-06 | F71: 1.2178834e-06 | J71: 4675
... B87: 0.0011498702 | F87: 0.0023103089 | J87: 10000
B88: 0.0015639068 | F88: 0.010750245
B89: 0.0029870763 | F89: 0.013505843
B90: 0.068929507 | F90: 0.047880732
B91: 0.10967723 | F91: 0.2846414
B92: 0.81035507 | F92: 0.49885463

Sheet 3. Función productiva, industr
A1: Evaluación Criterio 3. Función productiva, industrial y de infraestructura en el país
C2: Escala V1 (Función industrial - corte 2023 a la fecha)
C3: Nivel 1 = 0: el mineral no está asociado a ninguna apuesta productiva del CONPES 4129 (P1 = NO). · Nivel 2 = 40: asociado al CONPES, pero no existe en Colombia industria que consuma el mineral o sus derivados (P2 = NO). · Nivel 3 = 60: asociado al CONPES y existe industria nacional que consume el mineral o sus derivados, abastecida con mineral importado (P2 = SÍ; P3 = importado). · Nivel 4 = 80: existe industria nacional abastecida con mineral de origen nacional que alcanza únicamente beneficio o transformación primaria (P3 = nacional, etapa primaria). · Nivel 5 = 100: existe industria nacional abastecida con mineral de origen nacional con transformación intermedia o final (P3 = nacional, etapa intermedia o final).
C4: Escala V2 (Balanza Comercial Relativa Ajustada)
C5: BCRA = (Imp_derivados − Exp_bruto − Exp_derivados) / (Imp_derivados + Exp_bruto + Exp_derivados).
C6: REGLA GENERAL. La BCRA se calcula para todo mineral con flujo comercial registrado, exista o no producción nacional, y se califica según su posición frente a los cuartiles: 0 si BCRA ≤ T1 · 40 si T1 < BCRA ≤ T2 · 80 si T2 < BCRA ≤ T3 · 100 si BCRA > T3. CASOS EXCEPCIONALES Caso 1. Sin flujos comerciales (fluorita, zeolita). Caso 2. Sin exportaciones reportadas pero con producción nacional (manganeso, plomo). Caso 3. Exportaciones no atribuibles a producción nacional (azufre, potasio). Caso 4. Sin asociación CONPES (esmeralda, materiales de construcción). El desarrollo de cada caso excepciona se desarrolla en el numeral 4.3 del documento de Determinación de minerales estratégicos para Colombia.
C7: Cuartiles de BCRA (V2)
C8: Cuartil | D8: Valor | E8: Regla de calificación V2
C9: T1 - 1er cuartil (Q1) | D9: =PERCENTILE(L13:L47,0.25) -> -0.99450097 | E9: BCRA ≤ T1 → V2 = 0
C10: T2 - mediana (Q2) | D10: =PERCENTILE(L13:L47,0.5) -> -0.089568663 | E10: T1 < BCRA ≤ T2 → V2 = 40
C11: T3 - 3er cuartil (Q3) | D11: =PERCENTILE(L13:L47,0.75) -> 0.78188627 | E11: T2 < BCRA ≤ T3 → V2 = 80 ; BCRA > T3 → V2 = 100
A12: No. | B12: Mineral | C12: P1. ¿El mineral está asociado a alguna apuesta productiva del CONPES 4129? (NO → V1 = 0) | D12: P2. ¿Existe en Colombia industria que consuma el mineral o sus derivados, con independencia del origen del mineral? (NO → V1 = 40) | E12: P3. Origen del abastecimiento de esa industria y etapa alcanzada. (Importado → V1 = 60 · Nacional, beneficio o transformación primaria → V1 = 80 · Nacional, transformación intermedia o final → V1 = 100) | F12: Calificación V1 | G12: Export bruto USD prom. 2021-2025 (DIAN) | H12: Export derivados USD prom. 2021-2025 (DIAN) | I12: Import derivados USD prom. 2021-2025 (DIAN) | J12: Producción nacional ton/año (ANM) | K12: Precio internacional USD/ton | L12: BCRA Balanza Comercial Relativa Ajustada = (Imp_d − Exp_b − Exp_d) / (Imp_d + Exp_b + Exp_d) con sustitución: si Exp_b=0, se reemplaza por Producción·Precio | M12: Calificación V2 | N12: Calificación del criterio
A13: 1 | B13: Aluminio | C13: Asociado a Apuesta 1, Apuesta 4 del CONPES 4129 vía las industrias: siderurgia ligera, aerogeneradores, redes y electromovilidad, astilleros, aeronáutica. | D13: Producción nacional confirmada en la base de producción asociada a pago de regalías de la ANM, con promedio 2021-2025: 37.838 toneladas de bauxita. Se corrobora en los recaudos por mineral de la ANM con actividad vigente en las vigencias 2021 y 2025. | E13: Primaria. Colombia produce bauxita pero no tiene fundición primaria de aluminio con mineral nacional. La cadena nacional alcanza solo la etapa primaria (mineral concentrado). | F13: 80 | G13: 2701454.5 | H13: 7.521428e+08 | I13: 4.7820585e+08 | L13: =(I13-G13-H13)/(I13+G13+H13) -> -0.22435293 | M13: =IF($F13=0,0,IF(L13="",0,IF(L13<=$D$9,0,IF(L13<=$D$10,40,IF(L13<=$D$11,80,100))))) -> 40 | N13: =((F13*50%)+(M13*50%)) -> 60
A14: 2 | B14: Arenas silíceas | C14: Asociado a Apuesta 1 del CONPES 4129 vía las industrias: paneles solares y semiconductores. | D14: Producción nacional confirmada en la base de producción asociada a pago de regalías de la ANM, con promedio 2021-2025: 539.803 metros cúbicos. Se corrobora en los recaudos por mineral de la ANM con actividad vigente, amplia y continua en las vigencias 2021, 2022, 2023, 2024 y 2025. | E14: Final. Las arenas silíceas alimentan la industria nacional del vidrio (plano y envases) como producto final de construcción y consumo, además de fundiciones y filtros industriales. | F14: 100 | G14: 205168.99 | H14: 67589.68 | I14: 2397006.4 | L14: =(I14-G14-H14)/(I14+G14+H14) -> 0.79566841 | M14: =IF($F14=0,0,IF(L14="",0,IF(L14<=$D$9,0,IF(L14<=$D$10,40,IF(L14<=$D$11,80,100))))) -> 100 | N14: =((F14*50%)+(M14*50%)) -> 100
A15: 3 | B15: Azufre | C15: Asociado a Apuesta 2, Apuesta 4 del CONPES 4129 vía las industrias: fertilizantes y agroquímicos, propelentes. | D15: Sí. Existe industria nacional que consume azufre: la producción de ácido sulfúrico de Química Básica Colombiana S.A. (planta de Caloto, Cauca, en operación desde 1982, con capacidad instalada ampliada a 90 toneladas métricas por día) y de Industrias Básicas de Caldas. El abastecimiento combina azufre nacional de la mina El Vinagre (Puracé, Cauca, operada por la Empresa Minera Indígena del Cauca S.A. — EMICAUCA) con azufre importado y con azufre recuperado en la refinería de Cartagena. No obstante, la base de producción asociada a pago de regalías de la ANM registra únicamente actividad residual, y el complejo minero El Vinagre está sujeto desde 2024 a un programa de sustitución en el páramo de Puracé, por lo que el abastecimiento de la industria nacional no puede acreditarse como de origen minero nacional vigente. | E15: Importado. La industria nacional de ácido sulfúrico opera de manera predominante con azufre importado o recuperado de la refinación de hidrocarburos, y no con mineral colombiano de producción vigente acreditada ante la ANM. V1 = 60. | F15: 60 | G15: 0 | H15: 116465.17 | I15: 38854.55 | L15: =(I15-G15-H15)/(I15+G15+H15) -> -0.49968298 | M15: =IF($F15=0,0,IF(L15="",0,IF(L15<=$D$9,0,IF(L15<=$D$10,40,IF(L15<=$D$11,80,100))))) -> 40 | N15: =((F15*50%)+(M15*50%)) -> 50
A16: 4 | B16: Baritina | C16: Asociado a Apuesta 3 del CONPES 4129 vía las industrias: industria farmacéutica (sulfato de bario medicinal). | D16: Producción nacional confirmada en la base de producción asociada a pago de regalías de la ANM, con promedio 2021-2025: 29.593 toneladas. Se corrobora en los recaudos por mineral de la ANM con actividad vigente y continua en las vigencias 2021, 2022, 2023 y 2025. | E16: Primaria. La barita producida nacionalmente se comercializa como producto primario (lodos de perforación, cargas minerales). Sin transformación nacional a compuestos químicos de bario industriales. | F16: 80 | G16: 88740.22 | H16: 0 | I16: 99189.97 | L16: =(I16-G16-H16)/(I16+G16+H16) -> 0.055604424 | M16: =IF($F16=0,0,IF(L16="",0,IF(L16<=$D$9,0,IF(L16<=$D$10,40,IF(L16<=$D$11,80,100))))) -> 80 | N16: =((F16*50%)+(M16*50%)) -> 80
A17: 5 | B17: Calizas y mármoles | C17: Asociado a Apuesta 1, Apuesta 2, Apuesta 3 del CONPES 4129 vía las industrias: cementos y minerales no metálicos, fertilizantes, farmacéutica, alimentos. | D17: Producción nacional confirmada en la base de producción asociada a pago de regalías de la ANM, con promedio 2021-2025: 20.613.541 toneladas. Se corrobora en los recaudos por mineral de la ANM con actividad vigente, amplia y continua en las vigencias 2021, 2022, 2023, 2024 y 2025. | E17: Final. La caliza nacional sostiene la cadena completa de cementos y la industria de cales y carbonatos para fertilizantes, vidrio y química básica. | F17: 100 | G17: 7334.01 | H17: 7497.6 | I17: 126086.36 | L17: =(I17-G17-H17)/(I17+G17+H17) -> 0.78950009 | M17: =IF($F17=0,0,IF(L17="",0,IF(L17<=$D$9,0,IF(L17<=$D$10,40,IF(L17<=$D$11,80,100))))) -> 100 | N17: =((F17*50%)+(M17*50%)) -> 100
A18: 6 | B18: Carbón | C18: Asociado a Apuesta 1 del CONPES 4129 vía las industrias: siderurgia (coque metalúrgico). | D18: Producción nacional confirmada en la base de producción asociada a pago de regalías de la ANM, con promedio 2021-2025: 62.543.765 toneladas. Se corrobora en los recaudos por mineral de la ANM con actividad vigente, amplia y continua en las vigencias 2021, 2022, 2023, 2024 y 2025. | E18: Final. El carbón térmico se exporta principalmente como bruto. El carbón metalúrgico nacional alimenta la cadena del coque (producto final del sector carbonífero, insumo de la siderurgia); el carbón térmico llega a generación de energía como uso final. | F18: 100 | G18: 6.6074506e+09 | H18: 1.2143696e+09 | I18: 1318274.9 | L18: =(I18-G18-H18)/(I18+G18+H18) -> -0.99966298 | M18: =IF($F18=0,0,IF(L18="",0,IF(L18<=$D$9,0,IF(L18<=$D$10,40,IF(L18<=$D$11,80,100))))) -> 0 | N18: =((F18*50%)+(M18*50%)) -> 50
A19: 7 | B19: Cobre | C19: Asociado a Apuesta 1, Apuesta 4 del CONPES 4129 vía las industrias: redes de transmisión, electromovilidad, paneles solares, astilleros, municiones. | D19: Producción nacional confirmada en la base de producción asociada a pago de regalías de la ANM, con promedio 2021-2025: 3.794.298 kilogramos. Se corrobora en los recaudos por mineral de la ANM con actividad vigente y amplia en las vigencias 2021, 2022, 2023, 2024 y 2025. | E19: Primaria. La producción nacional de cobre se exporta como concentrado de cobre y oro (proyecto El Roble, Carmen de Atrato, Chocó, operado por Atico Mining- Principal mina de cobre en producción en el país). Sin fundición, refinería ni manufactura nacional a cátodos, cables, perfiles o alambres industriales con mineral colombiano. | F19: 80 | G19: 1.5757783e+08 | H19: 3.4193614e+08 | I19: 4.1738827e+08 | L19: =(I19-G19-H19)/(I19+G19+H19) -> -0.089568663 | M19: =IF($F19=0,0,IF(L19="",0,IF(L19<=$D$9,0,IF(L19<=$D$10,40,IF(L19<=$D$11,80,100))))) -> 40 | N19: =((F19*50%)+(M19*50%)) -> 60
A20: 8 | B20: Cromo | C20: Asociado a Apuesta 1, Apuesta 3, Apuesta 4 del CONPES 4129 vía las industrias: siderurgia (aceros inoxidables), implantes médicos, blindajes. | D20: Producción nacional confirmada en los recaudos por mineral de la ANM con actividad en las vigencias 2023, 2024 y 2025; la base de Información Regalías y Volumen Mineral no registra volumen declarado en ese periodo (último registro 2022). | E20: Primaria. La cromita se comercializa como mineral concentrado; sin transformación nacional a ferrocromo ni a aceros inoxidables con mineral colombiano. | F20: 80 | G20: 16785.27 | H20: 0 | I20: 33242.1 | L20: =(I20-G20-H20)/(I20+G20+H20) -> 0.32895653 | M20: =IF($F20=0,0,IF(L20="",0,IF(L20<=$D$9,0,IF(L20<=$D$10,40,IF(L20<=$D$11,80,100))))) -> 80 | N20: =((F20*50%)+(M20*50%)) -> 80
A21: 9 | B21: Elementos de Tierras Raras (ETR) | C21: Asociado a Apuesta 1, Apuesta 4 del CONPES 4129 vía las industrias: imanes para aerogeneradores y motores eléctricos, electrónica de defensa. | D21: Producción nacional confirmada por verificación sectorial ANM (explotaciones vigentes en arenas negras del Vichada/Guainía en coproducción con niobio, tantalio, estaño, circonio, titanio y vanadio). Se corrobora en los recaudos por mineral de la ANM con actividad continua en las vigencias 2021, 2022, 2023, 2024 y 2025 sobre los minerales acompañantes. | E21: Primaria. Producción en arenas negras como concentrado polimetálico; sin separación química nacional ni transformación a óxidos individuales de ETR ni a imanes permanentes con mineral colombiano. | F21: 80 | G21: 7116.1 | H21: 0 | I21: 0 | L21: =(I21-G21-H21)/(I21+G21+H21) -> -1 | M21: =IF($F21=0,0,IF(L21="",0,IF(L21<=$D$9,0,IF(L21<=$D$10,40,IF(L21<=$D$11,80,100))))) -> 0 | N21: =((F21*50%)+(M21*50%)) -> 40
A22: 10 | B22: Esmeralda | C22: La esmeralda no se asocia a ninguna de las cuatro apuestas vigentes del CONPES 4129. Su cadena es ornamental/joyería, fuera del alcance industrial. | D22: No aplica (mineral sin asociación CONPES en P1). | E22: No aplica. | F22: 0 | G22: 1.3279829e+08 | H22: 0 | I22: 0 | L22: =(I22-G22-H22)/(I22+G22+H22) -> -1 | M22: =IF($F22=0,0,IF(L22="",0,IF(L22<=$D$9,0,IF(L22<=$D$10,40,IF(L22<=$D$11,80,100))))) -> 0 | N22: =((F22*50%)+(M22*50%)) -> 0
A23: 11 | B23: Estaño | C23: Asociado a Apuesta 4 del CONPES 4129 vía las industrias: soldaduras, municiones. | D23: Producción nacional confirmada en la base de producción asociada a pago de regalías de la ANM, con promedio 2021-2025: 55.288 kilogramos (concentrada en 2024). Se corrobora en los recaudos por mineral de la ANM con actividad en las vigencias 2021, 2022, 2023, 2024 y 2025. | E23: Primaria. La producción de estaño se exporta como concentrado mineral. Sin fundición ni transformación nacional a soldaduras, aleaciones u otros derivados industriales con mineral colombiano. | F23: 80 | G23: 1685102.6 | H23: 491242.55 | I23: 929776.62 | L23: =(I23-G23-H23)/(I23+G23+H23) -> -0.40132636 | M23: =IF($F23=0,0,IF(L23="",0,IF(L23<=$D$9,0,IF(L23<=$D$10,40,IF(L23<=$D$11,80,100))))) -> 40 | N23: =((F23*50%)+(M23*50%)) -> 60
A24: 12 | B24: Feldespato | C24: Asociado a Apuesta 1 del CONPES 4129 vía las industrias: minerales no metálicos (cerámica, vidrio) — uso marginal. | D24: Producción nacional confirmada en la base de producción asociada a pago de regalías de la ANM, con promedio 2021-2025: 140.722 toneladas. Se corrobora en los recaudos por mineral de la ANM con actividad vigente y continua en las vigencias 2021, 2022 y 2023. | E24: Final. El feldespato nacional alimenta la industria cerámica (sanitarios, gres, porcelana) y de vidrio como insumo de productos finales con mineral colombiano. | F24: 100 | G24: 103462.99 | H24: 0 | I24: 0 | L24: =(I24-G24-H24)/(I24+G24+H24) -> -1 | M24: =IF($F24=0,0,IF(L24="",0,IF(L24<=$D$9,0,IF(L24<=$D$10,40,IF(L24<=$D$11,80,100))))) -> 0 | N24: =((F24*50%)+(M24*50%)) -> 50
A25: 13 | B25: Fluorita | C25: Asociado a Apuesta 3 del CONPES 4129 vía la industria farmacéutica (materia prima del ácido fluorhídrico, insumo de fármacos fluorados). | D25: No hay producción nacional reportada en la base de producción asociada a pago de regalías de la ANM ni en los recaudos por mineral de la ANM en las vigencias 2021, 2022, 2023, 2024 y 2025 (último registro 2018 en Aratoca, Santander). La industria nacional, si existe, opera con mineral importado. | E25: No aplica: sin producción nacional reportada. | F25: 40 | G25: 0 | H25: 0 | I25: 0 | L25: =IF((I25+G25+H25)=0,"",(I25-G25-H25)/(I25+G25+H25)) | M25: =IF($F25=0,0,IF(L25="",0,IF(L25<=$D$9,0,IF(L25<=$D$10,40,IF(L25<=$D$11,80,100))))) -> 0 | N25: =((F25*50%)+(M25*50%)) -> 20
A26: 14 | B26: Grafito | C26: Asociado a Apuesta 1 del CONPES 4129 vía las industrias: ánodos baterías Li-ion, electromovilidad. | D26: Producción nacional confirmada en la base de producción asociada a pago de regalías de la ANM, con promedio 2021-2025: 384 toneladas. Se corrobora en los recaudos por mineral de la ANM con actividad vigente y continua en las vigencias 2021, 2022, 2023, 2024 y 2025. | E26: Primaria. Producción menor que se comercializa como concentrado mineral; sin transformación nacional a ánodos de baterías, electrodos ni grafito industrial avanzado con mineral colombiano. | F26: 80 | G26: 74202.38 | H26: 53214.45 | I26: 2539570.2 | L26: =(I26-G26-H26)/(I26+G26+H26) -> 0.90444886 | M26: =IF($F26=0,0,IF(L26="",0,IF(L26<=$D$9,0,IF(L26<=$D$10,40,IF(L26<=$D$11,80,100))))) -> 100 | N26: =((F26*50%)+(M26*50%)) -> 90
A27: 15 | B27: Hierro | C27: Asociado a Apuesta 1, Apuesta 4 del CONPES 4129 vía las industrias: siderurgia, aerogeneradores, astilleros, aceros balísticos. | D27: Producción nacional confirmada en la base de producción asociada a pago de regalías de la ANM, con promedio 2021-2025: 627.061 toneladas. Se corrobora en los recaudos por mineral de la ANM con actividad vigente y continua en las vigencias 2021, 2022, 2023, 2024 y 2025. | E27: Final. Acerías Paz del Río integra la cadena nacional desde el mineral de hierro hasta productos siderúrgicos finales (aceros largos, perfiles, alambrón). | F27: 100 | G27: 8739815.6 | H27: 95534343 | I27: 8.2765808e+08 | L27: =(I27-G27-H27)/(I27+G27+H27) -> 0.77621944 | M27: =IF($F27=0,0,IF(L27="",0,IF(L27<=$D$9,0,IF(L27<=$D$10,40,IF(L27<=$D$11,80,100))))) -> 80 | N27: =((F27*50%)+(M27*50%)) -> 90
A28: 16 | B28: Litio | C28: Asociado a Apuesta 1 del CONPES 4129 vía las industrias: almacenamiento (baterías Li-ion). | D28: No hay producción nacional reportada en la base de producción asociada a pago de regalías de la ANM ni en los recaudos por mineral de la ANM en las vigencias 2021, 2022, 2023, 2024 y 2025. La industria nacional, si existe, opera con mineral importado. | E28: No aplica: sin producción nacional reportada. | F28: 40 | G28: 0 | H28: 0 | I28: 1313665.4 | L28: =(I28-G28-H28)/(I28+G28+H28) -> 1 | M28: =IF($F28=0,0,IF(L28="",0,IF(L28<=$D$9,0,IF(L28<=$D$10,40,IF(L28<=$D$11,80,100))))) -> 100 | N28: =((F28*50%)+(M28*50%)) -> 70
A29: 17 | B29: Magnesio | C29: Asociado a Apuesta 1, Apuesta 2, Apuesta 3, Apuesta 4 del CONPES 4129 vía las industrias: minerales no metálicos, fertilizantes, farmacéutica, aeronáutica. | D29: Producción nacional confirmada en la base de producción asociada a pago de regalías de la ANM, con promedio 2021-2025: 1.701 toneladas. Se corrobora en los recaudos por mineral de la ANM con actividad vigente en las vigencias 2021, 2023, 2024 y 2025. | E29: Intermedia. La magnesita nacional se procesa a magnesia cáustica y refractarios industriales como insumo intermedio con mineral colombiano. | F29: 100 | G29: 186625.03 | H29: 1412389.1 | I29: 11049016 | L29: =(I29-G29-H29)/(I29+G29+H29) -> 0.74715208 | M29: =IF($F29=0,0,IF(L29="",0,IF(L29<=$D$9,0,IF(L29<=$D$10,40,IF(L29<=$D$11,80,100))))) -> 80 | N29: =((F29*50%)+(M29*50%)) -> 90
A30: 18 | B30: Manganeso | C30: Asociado a Apuesta 1, Apuesta 4 del CONPES 4129 vía las industrias: siderurgia, baterías, aceros balísticos. | D30: Producción nacional confirmada en la base de producción asociada a pago de regalías de la ANM, con promedio 2021-2025: 74.272 toneladas (concentrada en 2023). Se corrobora en los recaudos por mineral de la ANM con actividad vigente en las vigencias 2021, 2022, 2024 y 2025. | E30: Primaria. El manganeso producido se exporta principalmente como mineral concentrado; sin transformación nacional a ferromanganeso ni a compuestos químicos industriales con mineral colombiano. | F30: 80 | G30: 0 | H30: 32701.07 | I30: 501282.01 | J30: 74272 | K30: 198 | L30: =(I30-(J30*K30)-H30)/(I30+(J30*K30)+H30) -> -0.93421426 | M30: =IF($F30=0,0,IF(L30="",0,IF(L30<=$D$9,0,IF(L30<=$D$10,40,IF(L30<=$D$11,80,100))))) -> 40 | N30: =((F30*50%)+(M30*50%)) -> 60
A31: 19 | B31: Materiales de Construcción | C31: Los materiales de construcción (arenas, gravas, recebos, arcillas) no se vinculan directamente con ninguna de las cuatro apuestas vigentes del CONPES 4129. | D31: No aplica (mineral sin asociación CONPES en P1). | E31: No aplica. | F31: 0 | G31: 16339487 | H31: 2945103.2 | I31: 18698477 | L31: =(I31-G31-H31)/(I31+G31+H31) -> -0.015430894 | M31: =IF($F31=0,0,IF(L31="",0,IF(L31<=$D$9,0,IF(L31<=$D$10,40,IF(L31<=$D$11,80,100))))) -> 0 | N31: =((F31*50%)+(M31*50%)) -> 0
A32: 20 | B32: Metales del grupo del platino (MGP) | C32: Asociado a Apuesta 1, Apuesta 3 del CONPES 4129 vía las industrias: catalizadores automotrices, dispositivos médicos. | D32: Producción nacional confirmada en la base de producción asociada a pago de regalías de la ANM, con promedio 2021-2025: 810.062 gramos. Se corrobora en los recaudos por mineral de la ANM con actividad vigente y amplia en las vigencias 2021, 2022, 2023, 2024 y 2025. | E32: Primaria. El platino se obtiene como subproducto aluvial del oro principalmente en el Chocó. Sin transformación industrial nacional a catalizadores, dispositivos electrónicos ni componentes especializados con mineral colombiano. | F32: 80 | G32: 28479105 | H32: 296683.14 | I32: 79337.6 | L32: =(I32-G32-H32)/(I32+G32+H32) -> -0.99450097 | M32: =IF($F32=0,0,IF(L32="",0,IF(L32<=$D$9,0,IF(L32<=$D$10,40,IF(L32<=$D$11,80,100))))) -> 0 | N32: =((F32*50%)+(M32*50%)) -> 40
A33: 21 | B33: Molibdeno | C33: Asociado a Apuesta 1, Apuesta 3, Apuesta 4 del CONPES 4129 vía las industrias: siderurgia (aceros especiales), implantes, aceros balísticos. | D33: No hay industria nacional vigente con mineral colombiano. La base de Información Regalías y Volumen Mineral no registra producción 2021-2025 y los recaudos por mineral de la ANM solo registran un pago marginal de $1 en 2024 sin actividad sostenida. La industria nacional, si existe, opera con mineral importado. | E33: No aplica: sin cadena nacional con mineral colombiano. | F33: 40 | G33: 0 | H33: 425.2 | I33: 47452.81 | L33: =(I33-G33-H33)/(I33+G33+H33) -> 0.98223819 | M33: =IF($F33=0,0,IF(L33="",0,IF(L33<=$D$9,0,IF(L33<=$D$10,40,IF(L33<=$D$11,80,100))))) -> 100 | N33: =((F33*50%)+(M33*50%)) -> 70
A34: 22 | B34: Niobio-Tantalio | C34: Asociado a Apuesta 3, Apuesta 4 del CONPES 4129 vía las industrias: dispositivos médicos (Ta), aeronáutica y drones (superaleaciones). | D34: Producción nacional confirmada en los recaudos por mineral de la ANM con actividad amplia y continua en las vigencias 2021, 2022, 2023, 2024 y 2025; la base de Información Regalías y Volumen Mineral registra volumen declarado únicamente para tantalio en 2025 (87.451 kg). | E34: Primaria. Producción de niobio y tantalio se comercializa como concentrado mineral; sin transformación nacional a óxidos refinados, ferroniobio ni componentes electrónicos con mineral colombiano. | F34: 80 | G34: 58369.05 | H34: 0 | I34: 491.07 | L34: =(I34-G34-H34)/(I34+G34+H34) -> -0.983314 | M34: =IF($F34=0,0,IF(L34="",0,IF(L34<=$D$9,0,IF(L34<=$D$10,40,IF(L34<=$D$11,80,100))))) -> 40 | N34: =((F34*50%)+(M34*50%)) -> 60
A35: 23 | B35: Níquel | C35: Asociado a Apuesta 1, Apuesta 3, Apuesta 4 del CONPES 4129 vía las industrias: siderurgia inoxidable, baterías, implantes médicos, astilleros. | D35: Producción nacional confirmada en la base de producción asociada a pago de regalías de la ANM, con promedio 2021-2025: 86.169.735 libras. Se corrobora en los recaudos por mineral de la ANM con actividad vigente, amplia y continua en las vigencias 2021, 2024 y 2025. | E35: Intermedia. Cerro Matoso produce ferroníquel, producto intermedio usado por la industria siderúrgica internacional. La cadena nacional alcanza transformación intermedia con mineral colombiano. | F35: 100 | G35: 149 | H35: 6.1850149e+08 | I35: 2837181.6 | L35: =(I35-G35-H35)/(I35+G35+H35) -> -0.99086752 | M35: =IF($F35=0,0,IF(L35="",0,IF(L35<=$D$9,0,IF(L35<=$D$10,40,IF(L35<=$D$11,80,100))))) -> 40 | N35: =((F35*50%)+(M35*50%)) -> 70
A36: 24 | B36: Oro | C36: Asociado a Apuesta 3 del CONPES 4129 vía las industrias: joyería e implantes (uso marginal en cadenas industriales del CONPES). | D36: Producción nacional confirmada en la base de producción asociada a pago de regalías de la ANM, con promedio 2021-2025: 56.395.970 gramos. Se corrobora en los recaudos por mineral de la ANM con actividad vigente, amplia y continua en las vigencias 2021, 2022, 2023, 2024 y 2025. | E36: Intermedia. La producción aurífera nacional se transforma a doré (aleación semielaborada Au-Ag-Cu) mediante fundición. La refinación final ocurre en el exterior. Sin transformación industrial nacional a joyería de alto valor agregado, implantes o componentes electrónicos con mineral colombiano. | F36: 100 | G36: 2.2433852e+08 | H36: 0 | I36: 0 | L36: =(I36-G36-H36)/(I36+G36+H36) -> -1 | M36: =IF($F36=0,0,IF(L36="",0,IF(L36<=$D$9,0,IF(L36<=$D$10,40,IF(L36<=$D$11,80,100))))) -> 0 | N36: =((F36*50%)+(M36*50%)) -> 50
A37: 25 | B37: Plata | C37: Asociado a Apuesta 1, Apuesta 3 del CONPES 4129 vía las industrias: paneles solares, implantes y dispositivos médicos. | D37: Producción nacional confirmada en la base de producción asociada a pago de regalías de la ANM, con promedio 2021-2025: 46.842.152 gramos. Se corrobora en los recaudos por mineral de la ANM con actividad vigente y amplia en las vigencias 2021, 2022, 2023, 2024 y 2025, principalmente como subproducto del oro. | E37: Intermedia. Subproducto del oro; sale junto al oro como parte del doré nacional (aleación semielaborada). La separación final entre Au y Ag se hace en refinerías del exterior. Sin transformación industrial nacional a paneles solares, dispositivos electrónicos ni componentes especializados con mineral colombiano. | F37: 100 | G37: 1696158.7 | H37: 10086198 | I37: 3949065 | L37: =(I37-G37-H37)/(I37+G37+H37) -> -0.49793922 | M37: =IF($F37=0,0,IF(L37="",0,IF(L37<=$D$9,0,IF(L37<=$D$10,40,IF(L37<=$D$11,80,100))))) -> 40 | N37: =((F37*50%)+(M37*50%)) -> 70
A38: 26 | B38: Plomo | C38: Asociado a Apuesta 1, Apuesta 4 del CONPES 4129 vía las industrias: baterías plomo-ácido (almacenamiento estacionario, arranque automotriz), municiones, blindajes balísticos / radiológicos. | D38: Producción nacional confirmada en la base de producción asociada a pago de regalías de la ANM, con promedio 2021-2025: 3.333 toneladas (concentrada en 2023). Se corrobora en los recaudos por mineral de la ANM con actividad en las vigencias 2023, 2024 y 2025 principalmente como subproducto polimetálico (concentrado Pb-Ag). | E38: Primaria. El plomo colombiano se exporta como concentrado polimetálico; sin transformación industrial nacional a baterías plomo-ácido ni a productos químicos con mineral colombiano. | F38: 80 | G38: 0 | H38: 0 | I38: 0 | J38: 3333 | K38: 1954 | L38: =(I38-(J38*K38)-H38)/(I38+(J38*K38)+H38) -> -1 | M38: =IF($F38=0,0,IF(L38="",0,IF(L38<=$D$9,0,IF(L38<=$D$10,40,IF(L38<=$D$11,80,100))))) -> 0 | N38: =((F38*50%)+(M38*50%)) -> 40
A39: 27 | B39: Potasio | C39: Asociado a Apuesta 2, Apuesta 3 del CONPES 4129 vía las industrias: fertilizantes NPK, farmacéutica. | D39: Sí. Existe industria nacional que consume potasio y sus derivados: la industria de fertilizantes NPK y de mezclas físicas, con plantas de producción y de mezcla en el país (entre otras, la planta de NPK de Yara en Cartagena y su planta de mezclas en Yotoco, Valle del Cauca). El consumo nacional de fertilizantes se estima en cerca de 2 millones de toneladas anuales y el cloruro de potasio (KCl) es uno de los cuatro insumos que concentran el 75 % de las importaciones de fertilizantes del país. | E39: Importado. Colombia no registra producción nacional de potasio en la base de producción asociada a pago de regalías de la ANM ni en los recaudos por mineral; la totalidad del cloruro de potasio que consume la industria nacional de fertilizantes es importada. V1 = 60. | F39: 60 | G39: 0 | H39: 855227.43 | I39: 49279873 | L39: =(I39-G39-H39)/(I39+G39+H39) -> 0.96588309 | M39: =IF($F39=0,0,IF(L39="",0,IF(L39<=$D$9,0,IF(L39<=$D$10,40,IF(L39<=$D$11,80,100))))) -> 100 | N39: =((F39*50%)+(M39*50%)) -> 80
A40: 28 | B40: Roca fosfórica | C40: Asociado a Apuesta 1, Apuesta 2 del CONPES 4129 vía las industrias: fertilizantes NPK; baterías Na-ion / LFP. | D40: Producción nacional confirmada en la base de producción asociada a pago de regalías de la ANM, con promedio 2021-2025: 69.530 toneladas. Se corrobora en los recaudos por mineral de la ANM con actividad vigente y continua en las vigencias 2021, 2022, 2023, 2024 y 2025. | E40: Intermedia. La roca fosfórica colombiana se procesa nacionalmente a enmiendas y fertilizantes obtenidos por acidulación parcial (SSP) como insumo intermedio para el sector agro. Los fertilizantes de acidulación total (DAP, MAP, NPK) se producen con fosfatos importados. | F40: 100 | G40: 15918.83 | H40: 45805528 | I40: 3.5624576e+08 | L40: =(I40-G40-H40)/(I40+G40+H40) -> 0.77207071 | M40: =IF($F40=0,0,IF(L40="",0,IF(L40<=$D$9,0,IF(L40<=$D$10,40,IF(L40<=$D$11,80,100))))) -> 80 | N40: =((F40*50%)+(M40*50%)) -> 90
A41: 29 | B41: Sodio | C41: Asociado a Apuesta 1, Apuesta 2, Apuesta 3 del CONPES 4129 vía las industrias: alimentos (sal), fertilizantes (Na-ion), química básica. | D41: Producción nacional confirmada en la base de producción asociada a pago de regalías de la ANM, con promedio 2021-2025: 375.223 toneladas. Se corrobora en los recaudos por mineral de la ANM con actividad vigente, amplia y continua en las vigencias 2021, 2023 y 2025. | E41: Final. La sal nacional (Manaure, Zipaquirá, Galerazamba) alimenta la industria alimentaria y química básica (cloro-soda) como producto final integrado con mineral colombiano. | F41: 100 | G41: 1299571.3 | H41: 0 | I41: 0 | L41: =(I41-G41-H41)/(I41+G41+H41) -> -1 | M41: =IF($F41=0,0,IF(L41="",0,IF(L41<=$D$9,0,IF(L41<=$D$10,40,IF(L41<=$D$11,80,100))))) -> 0 | N41: =((F41*50%)+(M41*50%)) -> 50
A42: 30 | B42: Titanio | C42: Asociado a Apuesta 1, Apuesta 3, Apuesta 4 del CONPES 4129 vía las industrias: implantes médicos, aeronáutica, paneles solares. | D42: Producción nacional confirmada en la base de producción asociada a pago de regalías de la ANM, con promedio 2021-2025: 26.523 kilogramos. Se corrobora en los recaudos por mineral de la ANM con actividad vigente en las vigencias 2022, 2023, 2024 y 2025. | E42: Primaria. Producción reciente de titanio se exporta como concentrado mineral; sin transformación industrial nacional a implantes médicos, pigmentos TiO2 ni componentes aeronáuticos con mineral colombiano. | F42: 80 | G42: 43356.54 | H42: 48373.55 | I42: 5834499.2 | L42: =(I42-G42-H42)/(I42+G42+H42) -> 0.96904268 | M42: =IF($F42=0,0,IF(L42="",0,IF(L42<=$D$9,0,IF(L42<=$D$10,40,IF(L42<=$D$11,80,100))))) -> 100 | N42: =((F42*50%)+(M42*50%)) -> 90
A43: 31 | B43: Uranio | C43: Asociado a Apuesta 3 del CONPES 4129 vía las industrias: radiofármacos / medicina nuclear. | D43: No hay producción nacional reportada en la base de producción asociada a pago de regalías de la ANM ni en los recaudos por mineral de la ANM en las vigencias 2021, 2022, 2023, 2024 y 2025. La industria nacional, si existe, opera con mineral importado. | E43: No aplica: sin producción nacional reportada. | F43: 40 | G43: 0 | H43: 41435 | I43: 309193 | L43: =(I43-G43-H43)/(I43+G43+H43) -> 0.76365265 | M43: =IF($F43=0,0,IF(L43="",0,IF(L43<=$D$9,0,IF(L43<=$D$10,40,IF(L43<=$D$11,80,100))))) -> 80 | N43: =((F43*50%)+(M43*50%)) -> 60
A44: 32 | B44: Wolframio (Tungsteno) | C44: Asociado a Apuesta 1, Apuesta 4 del CONPES 4129 vía las industrias: siderurgia (aceros especiales), aceros balísticos. | D44: Producción nacional confirmada en los recaudos por mineral de la ANM con actividad en las vigencias 2021, 2022, 2023 y 2025; la base de Información Regalías y Volumen Mineral no registra volumen declarado en ese periodo (último registro 2020). | E44: Primaria. La producción de wolframio se comercializa como mineral concentrado; sin transformación nacional a carburos cementados, aceros especiales ni componentes balísticos con mineral colombiano. | F44: 80 | G44: 4176.5 | H44: 108932.51 | I44: 956273.19 | L44: =(I44-G44-H44)/(I44+G44+H44) -> 0.78845915 | M44: =IF($F44=0,0,IF(L44="",0,IF(L44<=$D$9,0,IF(L44<=$D$10,40,IF(L44<=$D$11,80,100))))) -> 100 | N44: =((F44*50%)+(M44*50%)) -> 90
A45: 33 | B45: Yeso | C45: Asociado a Apuesta 1, Apuesta 2, Apuesta 3 del CONPES 4129 vía las industrias: minerales no metálicos (cementos y construcción), fertilizantes, farmacéutica. | D45: Producción nacional confirmada en la base de producción asociada a pago de regalías de la ANM, con promedio 2021-2025: 485.287 toneladas. Se corrobora en los recaudos por mineral de la ANM con actividad vigente y continua en las vigencias 2021, 2022, 2023, 2024 y 2025. | E45: Final. El yeso nacional se procesa a placas de yeso (drywall) como producto final de construcción listo para instalación, a prefabricados y como aditivo para cementos. | F45: 100 | G45: 1516039.9 | H45: 0 | I45: 0 | L45: =(I45-G45-H45)/(I45+G45+H45) -> -1 | M45: =IF($F45=0,0,IF(L45="",0,IF(L45<=$D$9,0,IF(L45<=$D$10,40,IF(L45<=$D$11,80,100))))) -> 0 | N45: =((F45*50%)+(M45*50%)) -> 50
A46: 34 | B46: Zeolita | C46: Asociado a Apuesta 2 del CONPES 4129 vía la industria agroindustrial (fertilizantes de liberación lenta, mejorador de suelos, adsorbente en alimentos para animales). | D46: No hay producción nacional reportada en la base de producción asociada a pago de regalías de la ANM ni en los recaudos por mineral de la ANM en las vigencias 2021, 2022, 2023, 2024 y 2025; la base de Información Regalías y Volumen Mineral no registra producción histórica del mineral. La industria nacional, si existe, opera con mineral importado. | E46: No aplica: sin producción nacional reportada. | F46: 40 | G46: 0 | H46: 0 | I46: 0 | L46: =IF((I46+G46+H46)=0,"",(I46-G46-H46)/(I46+G46+H46)) | M46: =IF($F46=0,0,IF(L46="",0,IF(L46<=$D$9,0,IF(L46<=$D$10,40,IF(L46<=$D$11,80,100))))) -> 0 | N46: =((F46*50%)+(M46*50%)) -> 20
A47: 35 | B47: Zinc | C47: Asociado a Apuesta 3, Apuesta 4 del CONPES 4129 vía las industrias: farmacéutica, astilleros (galvanizado), municiones. | D47: Producción nacional confirmada en la base de producción asociada a pago de regalías de la ANM, con promedio 2021-2025: 11.067.047 kilogramos. Se corrobora en los recaudos por mineral de la ANM con actividad vigente en las vigencias 2021, 2022, 2023, 2024 y 2025. | E47: Primaria. Producción reciente de zinc se comercializa como concentrado mineral; sin transformación industrial nacional a aleaciones, productos galvanizados ni compuestos químicos con mineral colombiano. | F47: 80 | G47: 1971799.9 | H47: 1036108.2 | I47: 24573190 | L47: =(I47-G47-H47)/(I47+G47+H47) -> 0.78188627 | M47: =IF($F47=0,0,IF(L47="",0,IF(L47<=$D$9,0,IF(L47<=$D$10,40,IF(L47<=$D$11,80,100))))) -> 80 | N47: =((F47*50%)+(M47*50%)) -> 80

Sheet 4. Favorabilidad Geo-Minera
A1: Evaluación Criterio 4. Favorabilidad geológica y potencial minero en Colombia
A2: Variable 1. Favorabilidad Geológica
A3: No. | B3: Mineral | C3: Puntaje Asignado | D3: Descripción de la Asignación del Puntaje | E3: Fuente de Información | G3: Marco de Evaluación de Favorabilidad Geológica
A4: 1 | B4: Aluminio | C4: 80 | D4: Se reportan 0,19 Mt de recursos indicados y 34, 08 Mt de recursos medidos de bauxita. | E4: Reporte de R&R - ANM Corte a 30 de Dic 2025 | G4: Variable | H4: Parámetro | I4: Puntaje
A5: 2 | B5: Arenas silíceas | C5: 80 | D5: Se reportan 30,46 Mm3 de recursos inferidos, 28,40 Mm3 de recursos indicados y 131,19 Mm3 de recursos medidos de arenas silíceas. | E5: Reporte de R&R - ANM Corte a 30 de Dic 2025 | G5: 1. Favorabilidad Geológica | H5: El mineral no cuenta con ocurrencias, prospectos, prospectos desarrollados o depósitos documentados. | I5: 0
A6: 3 | B6: Azufre | C6: 20 | D6: Se reporta ocurrencia y productor pasado de azufre nativo en el Volcán Puracé, departamento de Cauca. | E6: Mapa Metalogénico de Colombia versión 2022 | H6: El mineral cuenta con ocurrencias documentadas. | I6: 20
A7: 4 | B7: Baritina | C7: 60 | D7: Se reportan múltiples ocurrencias y productores tanto pasados como actuales de baritina en los departamentos de Cundinamarca, Tolima, Huila, Santander, Norte de Santander y Guajira. Se reportan 6,24 Mt de recursos inferidos, 33,01 Mt de recursos indicados y 6,98 Mt de recursos medidos de baritina. | E7: Mapa Metalogénico de Colombia versión 2022 Reporte de R&R - ANM Corte a 30 de Dic 2025 | H7: El mineral cuenta con prospectos documentados. | I7: 40
A8: 5 | B8: Calizas y mármoles | C8: 100 | D8: Reporte de múltiples Bloques Calcáreos a lo largo del territorio nacional. | E8: La Caliza en Colombia: Geología, Recursos, Calidad y Potencial. SGC (2011) | H8: El mineral se encuentra asociado a prospectos desarrollados o depósitos minerales documentados, pero aún no cuenta con reporte de recursos minerales por parte de títulos mineros vigentes bajo el Estándar Colombiano de Recursos y Reservas (ECRR) o un estándar internacional reconocido. | I8: 60
A9: 6 | B9: Carbón | C9: 100 | D9: Reporte de Zonas Carbóníferas en la Provincias Metalogénicas Andinas Occidental y Oriental. | E9: Mapa Metalogénico de Colombia versión 2022 | H9: El mineral se encuentra asociado a prospectos desarrollados o depósitos minerales documentados y cuenta con reporte de recursos minerales por parte de títulos mineros vigentes bajo el Estándar Colombiano de Recursos y Reservas (ECRR) o un estándar internacional reconocido. | I9: 80
A10: 7 | B10: Cobre | C10: 100 | D10: Reporte de múltiples Distritos Metalogénicos de Cu en la Provincia Metalogénica Andina Occidental, específicamente la la Subprovincia Metalogénica Cañasgordas - Baudó. Adicionalmente, se presentan en menor medida Distritos Metalogénicos de Cu en la Provincia Metalogénica Andina Central y Oriental, y en la Subprovincia Metalogénica de la Serranía del Perijá. | E10: Mapa Metalogénico de Colombia versión 2022 | H10: El mineral cuenta con distritos metalogénicos, distritos aluviales, cinturones metalogénicos definidos, zonas carboníferas, zonas de fosfatos, bloques calcáreos o zonas con potencial para materiales de construcción. | I10: 100
A11: 8 | B11: Cromo | C11: 20 | D11: Se reportan ocurrencias y productores pasados de cromita en dunitas del Valle de Aburrá, Antioquia; y en rocas del Conjunto Metamórfico de Etpana, en La Guajira. | E11: Mapa Metalogénico de Colombia versión 2022
A12: 9 | B12: Elementos de Tierras Raras (ETR) | C12: 60 | D12: Como elementos secundarios (by product), las tierras raras pueden asociarse a depósitos de arenas negras, uranio y pegmatitas con contenido de fosfatos como la xenotima, monacita y apatito. Se reporta contenido de elementos de tierras raras (ETR) en el proyecto Mynastic asociadas a depositos aluviales con columbita-tantalita, casiterita, ilmenita, rutilo, magnetita, monacita y zircón en el municipio de Puerto Carreño, Vichada. Se reporta contenido de elementos de tierras raras (ETR) concentrados de batea de depósitos superficiales (coluviales y aluviales) en la región de Cerro Espina, San José y Barranquilla, en el departamento de Guainía. Se reporta presencia de elementos de tierras raras (ETR) en depósito de uranio de Berlín, Caldas, correspondiente a un prospecto desarrollado. Se reporta contenido de elementos de tierras raras (ETR) en arenas negras residuo de la minería de oro en El Bagre, Antioquia, así como en Arenas Negras en Dibulla, Guajira. | E12: Auxico Resources. (2025). Minastyc Project, Puerto Carreño, Department of Vichada, Republic of Colombia. Franco Victoria, J. A. (2025). Mineralogía y geocronología de Nb-rutilos, columbitas-tantalitas y minerales REE, asociados a granitos anorogénicos del Mesoproterozoico al E de Colombia: Evidencias de su origen e implicaciones en la datación de pegmatitas y eventos mineralizantes al NW del Cratón Amazónico. U308 CORP (2002). Techinal Report on the Berlin Uranium Proyecto UNAL: Recuperación de Elementos de Tierras Raras a partir de Minerales presentes en las Arenas Negras, Residuo de la Explotación Minera de Oro Aluvial en El Bagre-Antioquia Jimenez, C; Salamanca, A. (2007). Evaluación de Hierro y Titanio en los Depósitos de Arenas Negras de la Zona Costera ubicada entre los Ríos Palomino y Ancho, Municipio de Dibulla, Departamento de La Guajira. Universidad Nacional de Colombia, Bogotá.
A13: 10 | B13: Esmeralda | C13: 100 | D13: Se reportan dos Cinturones Metalogénicos definidos: Oriental y Occidental, en Boyacá-Cundinamarca. | E13: Mapa Metalogénico de Colombia versión 2022
A14: 11 | B14: Estaño | C14: 20 | D14: Se reportan ocurrencias de casiterita en el Gneis de Bucaramanga, Santander. Se reportan ocurrencias de casiterita como inclusiones en rutilos en Cachicamo Vichada | E14: Mapa Metalogénico de Colombia versión 2022 Franco, J. A., Cramer, T., Bonilla, A., Castañeda, A. J., Poujol, M., & Amaya, Z. (2021). Mineralogía y geocronología de rutilo-(Nb,Ta) relacionado a casiterita y columbita-tantalita provenientes de rocas Mesoproterozoicas del Cratón Amazónico cerca de Cachicamo, Colombia. Boletín De Geología, 43(1), 99–126.
A15: 12 | B15: Feldespato | C15: 20 | D15: Se reportan manifestaciones/ocurrencias de feldespato en los departamentos de Tolima, Antioquia y los Santanderes. | E15: Libro de Recursos Minerales Tomo III. SGC (2007)
A16: 13 | B16: Flúor | C16: 40 | D16: Se reportan prospectos de fluorita así como productores pasados en el departamento de Santander. | E16: INGEOMINAS (1982). Barita y Fluorita en la Mesa de los Santos y Pescadero, Santander Mapa Metalogénico de Colombia versión 2022
A17: 14 | B17: Grafito | C17: 20 | D17: Se reportan ocurrencias de grafito en rocas metamórficas del Complejo Cajamarca en el departamento de Tolima, así como en granulitas de la Sierra Nevada de Santa Marta. | E17: Mapa Metalogénico de Colombia versión 2022
A18: 15 | B18: Hierro | C18: 100 | D18: Reporte de Distrito Metalogénico de Hierro en el municipio de Paz del Río, departamento de Boyacá. | E18: Mapa Metalogénico de Colombia versión 2022
A19: 16 | B19: Litio | C19: 40 | D19: Se reportan zonas que pueden ser consideradas como prospectos de Litio según documento clasificado del SGC. Se reportan ocurrencias de Litio concentrado en salmueras en el municipio de Paipa, departamento de Boyacá. | E19: Documento clasificado SGC. Reyes, O. (2024) Evaluación geoquímica y económica de la extracción de Litio en salmueras profundas usando un modelo conceptual de plantas geotérmicas en Paipa, Boyacá.
A20: 17 | B20: Magnesio | C20: 100 | D20: Reporte de Distrito Metalogénico de Magnesio en el municipio de Bolívar, departamento de Valle del Cauca. | E20: Mapa Metalogénico de Colombia versión 2022
A21: 18 | B21: Manganeso | C21: 20 | D21: Se reportan ocurrencias de pirolusita en las lutitas de Macanal en el departamento de Boyacá, y rodocrocita en la Formación Barroso en el Departamento de Caldas. | E21: Mapa Metalogénico de Colombia versión 2022
A22: 19 | B22: Materiales de Construcción (Arcillas, arenas y gravas) | C22: 100 | D22: Reporte de múltiples Zonas de Materiales de Construcción a lo largo del territorio nacional. | E22: SGC (2011); Mapa de Recursos Minerales de Colombia Materiales de Construcción. INGEOMINAS (2001). Mapa de Zonas con Potencial Integral para Recursos Minerales de Colombia - Grupo 7. Materiales de Construcción.
... A38: 35 | B38: Zinc | C38: 80 | D38: Se reportan ocurrencias en venas y venillas de yeso y pirita, y productores pasados en la zona minera El Rincón, en el municipio de Junín, departamento de Cundinamarca. Se reportan 0,03 Mt de recursos inferidos, 0,17 Mt de recursos indicados y 0,07 Mt de recursos medidos de zinc. | E38: Mapa Metalogénico de Colombia versión 2022
A40: Variable 2. Favorabilidad Minera
A41: No. | B41: Mineral | C41: Puntaje Asignado | D41: Descripción | E41: Fuente de Información Corte 19/05/2026 | G41: Marco de Evaluación del Potencial Minero
A42: 1 | B42: Aluminio | C42: 80 | D42: Se evidencia declaración de producción y liquidación de regalias para mineral de Bauxita Contrato de Concesión 21969, I trimestre de 2026, evento AnnA Mineria No. 896160, jurisdiccion del municipio de Jamundi en el departamento del Valle del Cauca. En el libro de Recaudo 2019-2026: * Se registran 8 expedientes que presentan declaración de produccion y liquidación de regalias para mineral de Bauxita para el periodo 2024 a 2026. De los cuales se tiene que respecto de los que tienen el mineral concesionado existen 1 titulo minero de pequeña minería, 1 titulo minero de mediana minería, 1 subcontrato; asi mismo realizada la busqueda de los expedientes en AnnA Minería se evidencian expedientes que no cuentan con el mineral concesionado, así: 2 títulos mineros de mediana minería. Asi mismo se evidencian 3 recaudo de regalias de expedientes que estan en proceso de evaluación bajo la modalidad de solicitud de legalización, de ellos 2 que se encuentran sin clasificación cuentan con mineral de aluminio como mineral de activo y otra solicitud de mediana mineria no cuenta con aluminio o bauxita como mineral de interes, En Anna Minería: * De los 9 titulos mineros con el mineral concesionado, se registran 3 expedientes de explotadores mineros autorizados con reporte de regalías para los años 2024 2026. De los cuales se tiene que respecto de los que tienen el mineral concesionado existen 1 titulo minero de pequeña minería, 1 titulo minero de mediana minería, 1 subcontrato. | E42: SIGM - AnnA Minería | G42: Variable | H42: Parámetro | I42: Puntaje
A43: 2 | B43: Arenas silíceas | C43: 100 | D43: La explotación de mineral de arenas siliceas en títulos mineros activos (corte al 30/06/2026) representa el 7,24 % de la concesión total en etapa contractual de explotación en el país. En el libro de racaudo 2019-2026 * Se registran al menos 5 titulos mineros de mediana minería que presentan declaración de produccion y liquidación de regalias para mineral de arenas siliceas en el periodo 2024 a 2026. En Anna Minería: * De los 338 titulos mineros con el mineral concesionado, se registran 2 titulos mineros de gran minería, 80 titulos mineros de mediana minería, 194 titulos mineros de pequeña minería, 31 titulos a los cuales no aplica la clasificación de escala y 31 titulos sin clasificación de escala. | E43: SIGM - AnnA Minería | G43: 2. Potencial Minero | H43: No existen títulos mineros vigentes para el mineral, elemento o materia prima en el país. | I43: 0
A44: 3 | B44: Azufre | C44: 40 | D44: En el libro de Recaudo 2019-2026: * Se registran 6 expedientes que presentan declaración de produccion y liquidación de regalias para mineral de Azufre para el periodo 2024 a 2026. De los cuales se tiene que respecto de los expedientes que reportan declaracion de producción y liquidación de regalías corresponden a expedientes que no cuentan con un titulo minero y se encuentran distribuidos así: 2 solicitues de contrato de concesion L 685 de mediana minería que no cuentan con Azufre como mineral activo, 2 solicitudes de legalizacion en proceso de evaluación sin clasificación de escala que si cuentan con Azufre como mineral activo, 1 solicitud de ARE en proceso de evaluación sin clasificación de escala y sin el mineral de Azufre como mineral activo y 1 solicitud de legalización en estado archivada sin clasificación de escala y contó con Azufre como mineral activo. En Anna Minería: * Con base en la información del libro de racaudo 2019-2026 se informa que de los 3 titulos mineros con el mineral concesionado, ningun expediente de explotadores mineros autorizados cuenta con reporte de regalías para los años 2019 - 2026. | E44: SIGM - AnnA Minería | H44: Existen títulos mineros vigentes para el mineral, elemento o materia prima en el país, en etapa contractual de exploración o construcción y montaje. | I44: 20
A45: 4 | B45: Baritina | C45: 80 | D45: En el libro de Recaudo 2019-2026: * Se registran 7 expedientes identificables que presentan declaración de produccion y liquidación de regalias para mineral de Baritina o Sulfato de Bario, para el periodo 2024 a 2026. De los cuales se tiene que respecto de los que tienen el mineral concesionado existen 2 titulos mineros de pequeña minería, 2 titulo minero de mediana minería y 1 solicitud de legalización sin clasificación de escala minera en proceso de evaluación y 1 licencia de explotacion en estado terminada (cuyos pagos si bien se realizaron en el año 2025 hacen referencia a notas debito del año 2019), así mismo se registra 1 titulo minero de mediana mineria que presenta declaracion de produccion y liquidacion de regalias para el mineral de Barita pero no se encuentra asociado dentro de los minerales concesionados. Del mismo modo se precisa que se evidencia pago de otro expediente pero no se encuentra información titular NORMARI LTDA. En Anna Minería: * De los 18 titulos mineros con el mineral concesionados, se registran 4 expedientes de explotadores mineros autorizados con reporte de producción y liquidación de regalías para los años 2024 2026. De los cuales se tiene que respecto de los que tienen el mineral concesionado exiten 2 titulos mineros de pequeña minería, 2 titulos mineros de mediana minería. Los 14 titulos mineros restantes se distribuyen así: 4 titulos mineros pequeña minería, 5 titulos mineros de mediana minería, 2 títulos mineros bajo concesion de concesión especial (ARE) de pequeña minería que presentan formularios con producción en 0 de los cuales en el libro de recaudo 1 presenta historicos de liquidaión de regalías para el año 2021, asi mismo se evidencian titulos mineros sin la presentación de los formularios para la declaración de producción y liquidación de regalias, asi: 2 titulos mineros de pequeña minería y 1 título de mediana minería. | E45: SIGM - AnnA Minería | H45: Existen registros de producción histórica del mineral, elemento o materia prima pero actualmente no se encuentra en explotación. | I45: 40
A46: 5 | B46: Calizas y mármoles | C46: 100 | D46: La explotación de mineral de caliza y marmoles en títulos mineros activos (corte al 28/06/2026) representa el 10,97 % de la concesión total en etapa contractual de explotación en el país. En el libro de Recaudo 2019-2026: * Se registran 2 titulos mineros que presentan declaración de produccion y liquidación de regalias para mineral de Caliza para el periodo 2024 a 2026. En Anna Minería: * De los 580 titulos mineros reportados en AnnA mineria, 11 expedientes con el mineral concesionado están clasificados como gran minería, dos de ellos relacionados en el libro de recaudo de regalias 2019-2026, los otos 9 si bien presentan la declaración de producción no hay registro de liquidación de regalías. | E46: SIGM - AnnA Minería | H46: Existen títulos mineros vigentes para el mineral, elemento o materia prima con reporte de reservas minerales bajo el estándar colombiano o un estándar internacional. o Se registran entre 1 y 10 explotadores mineros autorizados para el mineral, elemento o materia prima en operaciones de pequeña escala con declaración y liquidación de regalías desde el año 2024 hasta la fecha. | I46: 60
A47: 6 | B47: Carbón | C47: 100 | D47: La explotación de carbón en títulos mineros activos (corte al 28/06/2026) representa el 18,23 % de la concesión total en etapa contractual de explotación en el país. En el libro de Recaudo 2019-2026: * Se registra al menos 1 titulo minero de gran minería que presenta declaración de produccion y liquidación de regalias para mineral de Carbón para el periodo 2024 a 2026. En Anna Minería: * De los 964 titulos mineros reportados en AnnA mineria, 30 expedientes con el mineral concesionado están clasificados como gran minería. | E47: SIGM - AnnA Minería | H47: Se registran más de 10 explotadores mineros autorizados para el mineral, elemento o materia prima en operaciones de pequeña escala con declaración y liquidación de regalías desde el año 2024 hasta la fecha. Se registra entre 1 y 5 explotadores mineros autorizados para el mineral, elemento, o materia prima en operaciones de mediana escala el mineral cuenta con declaraciones y liquidación de regalías desde el año 2024 hasta la fecha. | I47: 80
A48: 7 | B48: Cobre | C48: 100 | D48: La explotación de cobre en títulos mineros activos (corte al 28/06/2026) representa el 2,99 % de la concesión total en etapa contractual de explotación en el país. En el libro de Recaudo 2019-2026: * Se registra al menos 1 titulo minero de gran minería que presenta declaración de produccion y liquidación de regalias para mineral de Cobre para el periodo 2024 a 2026. En Anna Minería: * De los 158 titulos mineros reportados en AnnA mineria, 6 expedientes con el mineral concesionado están clasificados como gran minería | E48: SIGM - AnnA Minería | H48: Se registran más de 5 explotadores mineros autorizados para el mineral, elemento o materia prima en operaciones de mediana escala con declaración y liquidación de regalías desde el año 2024 hasta la fecha. Se registra 1 o más explotadores mineros autorizados para el mineral, elemento o materia prima en operaciones de gran escala con declaración y liquidación de regalías desde el año 2024 hasta la fecha. | I48: 100
A49: 8 | B49: Cromo | C49: 60 | D49: En el libro de Recaudo 2019-2026: * Se registran 6 expedientes que presentan declaración de produccion y liquidación de regalias para mineral de Cromo para el periodo 2024 a 2026. De los cuales se identifican 4 expedientes y se distribuyen asi, que respecto de los que tienen el mineral concesionado existe 1 titulo minero de pequeña minería; asi mismo realizada la busqueda de los expedientes en AnnA Minería que no cuentan con el mineral concesionado se tiene: 1 titulo minero de pequeña minería, 1 título minero de mediana minería. Asi mismo se evidencia 1 expediente sin clasificación aportando al recaudo de regalias que está en proceso de evaluación bajo la modalidad de solicitud de legalización y cuenta con el mineral de cromo como mineral activo. En Anna Minería: * De los 13 titulos mineros con el mineral concesionado, se registra 1 expediente de pequeña minería como explotadores mineros autorizados con reporte de regalías para los años 2024 2026. | E49: SIGM - AnnA Minería / Sistema de Gestión Documental
A50: 9 | B50: Elementos de Tierras Raras (ETR) | C50: 60 | D50: A pesar de contar con tres títulos mineros vigentes y activos en etapa contractual de explotación para este mineral, no se evidencian registros de los formularios para la declaración de producción y liquidación de regalías. Se precisa que se utilizó para el rastreo de la información los minerales relaciónados para la homologación Itrio, Escandio, Lantanidos. En el libro de recaudo 2019-2026 * Se evidencia un declarante de producción y liquidacion de regalias por arenas negras para el periodo 2024-2026, con el nombre registrado en la razón social se realiza la busqueda de AGREGADOS LA PUNTA LTDA y se obtienen resultados de 1 licencia de exploración sin clasificación en estado terminado, con minerales de tierras raras como mineral concesionado. Asi mismo titular minero registra otros dos titulos mineros 1 de pequeña mineria y otro de mediana minería para explotación de Arenas y Gravas. En AnnA Minería: Expedientes con minerales de tierras raras concesionados 1. IET-1120, presenta anotación por CADUCIDAD con fecha del 12/MAY/2023 mediante resolución VSC 000204 del 25/03/2022, con fecha de ejecutoria del 13/FEB/2023. Así mismo se evidencia anotación por REACTIVAR TÍTULO con fecha del 08/ABR/2026 mediante resolución VSC-002831 del 27/10/2025 con fecha de ejecutoria del 22/ENE/2026. 2. ICU-14541 presenta anotación por CADUCIDAD con fecha del 16/MAR/2022 mediante resolución VSC-000232 del 18/02/2021, con fecha de ejecutoria del 01/SEP/2021. Así mismo se evidencia anotación por REACTIVAR TÍTULO con fecha del 03/JUL/2024 mediante resolución VSC-000277 del 02/06/2023 con fecha de ejecutoria del 04/JUL/2023. 3. HC7-112, presenta anotación por CADUCIDAD con fecha del 03/SEP/2020 mediante resolución VSC 000302 DEL 16/04/2019, con fecha de ejecutoria del 20/FEB/2020. Así mismo se evidencia anotación por REVOCATORIA DE ACTOS ADMINISTRATIVOS con fecha del 09/SEP/2024 mediante resolución VSC-001398 del 23/12/2021 y mediante VSC-000049 del 10/03/2023 con fecha de ejecutoria del 15/MAR/2023. | E50: SIGM - AnnA Minería
A51: 10 | B51: Esmeralda | C51: 100 | D51: Se identifican titulos mineros con declaracion de producción y liquidacion de regalias ej. Expediente 113-94M (Boyacá), reportes año 2026 La explotación de mieral de esmeralda en títulos mineros activos (corte al 28/06/2026) representa el 4,44 % de la concesión total en etapa contractual de explotación en el país. En el libro de Recaudo 2019-2026: * Se registra al menos 1 titulo minero de gran minería que presenta declaración de produccion y liquidación de regalias para mineral de esmeralda para el periodo 2024 a 2026. En Anna Minería: * De los 235 titulos mineros reportados en AnnA mineria, 1 expediente con el mineral concesionado está clasificado como gran minería. | E51: SIGM - AnnA Minería
A52: 11 | B52: Estaño | C52: 60 | D52: Se identifican titulos mineros con declaracion de producción y liquidacion de regalias ej. Expediente LFH-14431X (Vichada), reportes año 2026 En el libro de Recaudo 2019-2026: * Se registran 11 expedientes que presentan declaración de produccion y liquidación de regalias para mineral de estaño para el periodo 2024 a 2026. De los cuales se identifican 5 expedientes y se distribuyen asi; que respecto de los que tienen el mineral concesionado existe 1 titulo minero de pequeña minería; asi mismo realizada la busqueda de los expedientes en AnnA Minería que no cuentan con el mineral concesionado se tiene: 1 título minero de mediana minería. De igual forma se evidencian 3 expedientes sin clasificación aportando al recaudo de regalias, 2 están en proceso de evaluación bajo la modalidad de solicitud de legalización y cuentan con el mineral de estaño como mineral activo mietras que el tercero de ellos en proceso de evaluacion para un ARE, no cuenta con clasificación y no cuenta con el mineral de estaño como mineral de interés. En Anna Minería: * De los 10 titulos mineros con el mineral concesionado, se registra 1 expediente de pequeña minería como explotadores mineros autorizados con reporte de regalías para los años 2024 2026. | E52: SIGM - AnnA Minería
A53: 12 | B53: Feldespato | C53: 80 | D53: En el libro de Recaudo 2019-2026: * Se registra 1 titulo minero de pequeña minería que presenta declaración de produccion y liquidación de regalias para mineral de feldespato, pero una vez verificado en la prataforma AnnA Mineria, se evidencia que el feldespato no se encuentra concesionado como mineral activo. En Anna Minería: * Se registran 10 titulos mineros con el mineral concesionado, y se distribuyen asi: 2 de pequeña mineria y 1 de mediana mineria con registros de produccion diligenciamiento de formulacion para declaración de producción pero sin el registro de liquidación por esas regalias en el libro de recaudo. Así mismo se evidencian expedientes de titulos mineros sin información de declaración de producción 3 titulos mineros de pequeña minería, 3 títulos mineros de mediana minería. Adicionalmente se registran expedientes que declaran producción pero no se incluyen feldespatos así; 1 titulo minero de pequeña minería | E53: SIGM - AnnA Minería
A54: 13 | B54: Fluorita | C54: 40 | D54: En el libro de recaudo 2019-2026, no se evidencian ingresos de contraprestacion economica por declaración de producción y liquidacion de regalias para este mineral. En AnnA Minería con corte al 09 de julio de 2026, extisten tres titulos mineros que cuentan con el mineral concesionado, clasificados como 2 titulos mineros de pequeña minería y 1 titulo minero de mediana minería, Asi mismo una vez verificado el Sistema de Gestion Documental de los expedientes con el mineral concesionado no se evidencia la presentación histórica de los formularios de declaración de producción y liquidacion de regalias para mineral de Fluorita.
A55: 14 | B55: Grafito | C55: 80 | D55: Se identifican titulos mineros con declaracion de producción y liquidacion de regalias ej. Expediente DEU-161 (Boyacá) reporte del I trimestre 2024. oficio bajo radicado No. 20241003094552 del 24/04/2024 En el libro de Recaudo 2019-2026: * Se registran 6 expedientes que presentan declaración de produccion y liquidación de regalias para mineral de grafito para el periodo 2024 a 2026. Realizada la busqueda de los expedientes de titulos mineros en AnnA Minería que no cuentan con el mineral concesionado se tiene: 1 titulo minero de pequeña mineria. Adicionalmente se evidencian 2 solicitudes de legalización de pequeña minería en estado archivado por rechazo, 1 solicitud de contrato de concesión especial ARE sin clasificación, 1 expediente sin clasificación y 1 expedientes de pequeña minería aportando al recaudo de regalias que están en proceso de evaluación bajo la modalidad de solicitud de legalización y cuentan con el mineral de grafito como mineral activo. En Anna Minería: * De los 10 titulos mineros con el mineral concesionado, se registra 1 expediente de mediana minería como explotadores mineros autorizados con reporte de regalías para los años 2024 2026. De los demás caracterizados como 5 titulos mineros de pequeña minería y 4 titulos mineros de mediana minería no se evidencia información | E55: SIGM - AnnA Minería / SGD
A56: 15 | B56: Hierro | C56: 80 | D56: Se identifican titulos mineros con declaracion de producción y liquidacion de regalias ej. Expediente 19734 (Cauca) y 006-85M (Boyacá) En el libro de Recaudo 2019-2026: * Se registran 14 expedientes que presentan declaración de produccion y liquidación de regalias para mineral de hierro para el periodo 2024 a 2026. Realizada la busqueda de los expedientes de titulos mineros en AnnA Minería que cuentan con el mineral concesionado se tiene: 1 titulo minero de pequeña mineria, 4 titulos mineros de mediana minería. Adicionalmente se evidencia 1 solicitud de contrato especial de concesion sin clasificación ARE, 2 expedientes de pequeña minería y 2 expedientes sin clasificación aportando al recaudo de regalias que están en proceso de evaluación bajo la modalidad de solicitud de legalización y cuentan con el mineral de hierro como mineral activo; asi mismo se evidencian titulos mineros reportando mineral de hierro para el recaudo de regalias no obstante en AnnA Minería no tienen concesionado el mineral dentro de ellos se tiene 2 titulos mineros de pequeña mineria, 2 titulos mineros de mediana minería En Anna Minería: * De los 40 titulos mineros con el mineral concesionado, se registran 2 expedientes de gran minería de cuales se evidencia el diligenciamiento de los formularios para la declaración de producción y liquidacion de regalias con producción en ceros, 22 titulos mineros de mediana minería de los cuales almenos 4 se encuentran en el listado de recaudo 2019-2026, reportando regalias para el periodo 2024-2026. | E56: SIGM - AnnA Minería
A57: 16 | B57: Litio | C57: 20 | D57: En el libro de Recaudo 2019-2026: No se evidencian registros de recaudo por contraprestación economica causada por liquidación de regalías. En AnnA Minería A pesar de contar con tres títulos mineros vigentes y activos en etapa contractual de explotación para este mineral, no se evidencian registros de los formularios para la declaración de produccion y liquidación de regalías. | E57: SIGM - AnnA Minería
A58: 17 | B58: Magnesio | C58: 60 | D58: Se identifican titulos mineros con declaracion de producción y liquidacion de regalias ej. Expediente 1836 (Valle del Cauca); se diligenció el formulario para la declaracion de producción y liquidación de regalias correspondiente al I trimestre de 2026 mediante evento No. 918023 del 27 de mayo de 2026 para mineral de magnesita. En el libro de Recaudo 2019-2026: * Se evidencian 7 expedientes con declaracion de producción y liquidación de regalías para el periodo 2024-2026: de los que cuentan con magnesita como mineral activo se tiene: 1 titulo minero de pequeña minería, 1 solicitud de legalización en estado archivada, 1 solicitud de legalización en proceso de evaluación. Así mismo se describen los expedientes que aportan al recaudo pero no tienen el mineral como activo dentro de ellos 1 solicitud de contrato especial de concesion bajo modalidad de ARE en proceso de evaluación, 2 titulos mineros de mediana minería, 1 solicitud de legalizacion en proceso de evaluación sin clasificar. En AnnA Minería * Se evidencian 4 titulos mineros de mediana minería y 7 titulos mineros de pequeña minería de los cuales solamente uno reporta producción y presenta liquidación de regalias. | E58: SIGM - AnnA Minería
A59: 18 | B59: Manganeso | C59: 60 | D59: Si bien se puntua con 80, de los 18 titulos con el mineral concesionado, 6 se centran exclusivamente en minerales de manganeso, dentro de ello se evidencia la declaracion de producción y liquidacion de regalias expediente HIBJ-43, reportes año 2025. En el libro de Recaudo 2019-2026: * Se evidencian 9 expedientes con declaracion de producción y liquidación de regalías para el periodo 2024-2026: de los que cuentan con manganeso como mineral activo se tiene: 2 titulos mineros de pequeña minería, 1 solicitud de legalización en estado archivada, 1 solicitud de legalización en proceso de evaluación sin clasificar. Así mismo se describen los expedientes que aportan al recaudo pero no tienen el mineral como activo dentro de ellos, 1 titulo minero de pequeña minería, 2 titulos mineros de mediana minería, 1 solicitudes de legalizacion en proceso de evaluación sin clasificar. En AnnA Minería * Se evidencian 7 titulos mineros de mediana minería y 11 titulos mineros de pequeña minería de los cuales solamente dos reportan producción y están vinculados en el libro de recaudo de regalias. | E59: SIGM - AnnA Minería
A60: 19 | B60: Materiales de Construcción (Arcillas, arenas y gravas) | C60: 100 | D60: La explotación de materiales de construcción en títulos mineros activos (corte al 28/06/2026) representa el 42,64 % de la concesión total en etapa contractual de explotación en el país. En el libro de Recaudo 2019-2026: * Se registra al menos 1 titulo minero de gran minería que presenta declaración de produccion y liquidación de regalias para mineral de gravas para el periodo 2024 a 2026. En Anna Minería: * De los 2255 titulos mineros reportados en AnnA mineriapara la explotación de materiales de construcción, 16 expedientes con el mineral concesionado están clasificados como gran minería, 783 como mediana minería ,1287 de pequeña minería y 90 no aplica clasificacion de escala. | E60: SIGM - AnnA Minería
A61: 20 | B61: Metales del Grupo del Platino (EGP) | C61: 80 | D61: Se identifican titulos mineros con declaracion de producción y liquidacion de regalias ej. Expediente HGSI-02 jurisdicción del municipio de Mutata (Antioquia), mediante AnnA minería evento No. 886137 se diligenció el formulario para la declaración de producción y liquidacion de regalias correspondiente al mes 12 del IV trimestre de 2025. En el libro de Recaudo 2019-2026: * Se evidencian 10 expedientes con declaracion de producción y liquidación de regalías para el periodo 2024-2026: de los que cuentan con platino como mineral activo se tiene: 1 titulo minero de pequeña minería, 3 titulos mineros de mediana minería, 1 solicitud de ARE declarada clasificada como pequeña minería en proceso de evaluación en proceso de evaluación, 1 solicitud de ARE declarada sin información, 3 solicitudes de legalización en proceso de evaluación sin clasificar. Asi mismo se evidencian 11 declarantes en donde la información de recaudo (Nombre/NIT) no permite realizar una busqueda profunda para identificar cada uno de los expedientes a los cuales están aportando contraprestaciones economicas por regalías. En AnnA Minería * Se evidencian 233 de los cuales 15 titulos mineros son de gran minería, 123 titulos mineros de mediana minería, 75 titulos mineros de pequeña minería, 6 titulos mineros que no aplica la clasificación y 14 sin clasificación de escala, de los cuales solamente 3 de mediana minería que reportan producción están vinculados en el libro de recaudo de regalias. | E61: SIGM - AnnA Minería
A62: 21 | B62: Molibdeno | C62: 60 | D62: Se identifican titulos mineros con declaracion de producción y liquidacion de regalias ej. Expediente LFH-14431X (Vichada) En el libro de Recaudo 2019-2026: * Se registra al menos 2 expedientes aportando al recaudo de regalias para mineral de molibdeno para el periodo 2024 a 2026, asi: se evidencia 1 titulo minero de pequeña minería que no cuenta con el mineral de molibdeno como mineral activo, el otro expediente no es posible identificarlo con los datos del libro. En Anna Minería: * De los 88 titulos mineros reportados en AnnA mineria para la explotación de mineral de molibdeno 6 expedientes con el mineral concesionado están clasificados como gran minería, 63 como mediana minería, 18 de pequeña minería y 1 no aplica clasificacion de escala. Ninguno de estos reporta información en el libro de recaudo para el periodo 2024-2026. | E62: SIGM - AnnA Minería
A63: 22 | B63: Niobio-Tantalio | C63: 60 | D63: Se evidencia declaración de regalias para mineral de tantalio, mediante evento No. 857523 del 28 de enero de 2026, mediante el diligenciamiento del formulario para la declaración de producción y liquidación de regalias correspondiente al IV trimestre de 2025 dentro del expediente No. OEA-16011, localizado en jurisdicción del municipio de Albania departamento de Caquetá. En el libro de Recaudo 2019-2026: * Se registra al menos 4 expedientes aportando al recaudo de regalias para mineral de niobio-tantalio para el periodo 2024 a 2026, se registra información de 3 expedientes identificados: de los que tienen el mineral niobio-tantalio concesionado y/o como mineral de interes: 1 titulo minero de pequeña minería, 1 solicitud de legalización sin clasificar en proceso de evaluación y 1 solicitud de legalización sin clasificar en estado archivada. En Anna Minería: * De los 24 titulos mineros reportados en AnnA mineria para la explotación de mineral de niobio-tantalio 17 como mediana minería y 7 de pequeña minería, de estos un titulo minero de pequeña minería reporta información en el libro de recaudo para el periodo 2024-2026. | E63: SIGM - AnnA Minería
A64: 23 | B64: Níquel | C64: 100 | D64: Se identifican titulos mineros con declaracion de producción y liquidacion de regalias ej. Expediente del contrato en virtud de aporte L853005 (Cordobá y Antioquia), mediante evento No. 897037del 16 de abril de 2026 se diligenció el formulario para la declaración de producción y liquidacion de regalias correspondiente al I trimestre de 2026. En el libro de Recaudo 2019-2026: * Se registra al menos 4 expedientes aportando al recaudo de regalias para mineral de niquel para el periodo 2024 a 2026, se registra información de 3 expedientes identificados: de los que tienen el mineral niquel concesionado y/o como mineral de interes: 1 titulo minero de gran minería, 1 solicitud de legalización sin clasificar en proceso de evaluación y 1 titulo minero de pequeña mineria que no tiene el mineral de niquel concesionado En Anna Minería: * De los 22 titulos mineros reportados en AnnA mineria para la explotación de mineral de niquel 4 como gran minería, 8 mediana minería y 10 de pequeña minería, se reporta al menos 1 titulo de gran minería reportando regalías en el libro de recaudo. | E64: SIGM - AnnA Minería
A65: 24 | B65: Oro | C65: 100 | D65: La explotación de mieral de oro en títulos mineros activos (corte al 28/06/2026) representa el 21,56 % de la concesión total en etapa contractual de explotación en el país. En el libro de Recaudo 2019-2026: * Se registra al menos 1 titulo minero de gran minería que presenta declaración de produccion y liquidación de regalias para mineral de oro (ICQ-081319X) para el periodo 2024 a 2026. En Anna Minería: * De los 1140 titulos mineros reportados en AnnA mineria para la explotación de mineral de oro, 26 expedientes con el mineral concesionado están clasificados como gran minería, 415 como mediana minería, 623 de pequeña minería, 18 no aplica clasificacion de escala y 58 expedientes sin clasificación. | E65: SIGM - AnnA Minería
A66: 25 | B66: Plata | C66: 100 | D66: Se identifican titulos mineros con declaración de producción y liquidación de regalias ej. Expediente 19141 (Cauca), reportes año 2025 La explotación de mieral de plata en títulos mineros activos (corte al 28/06/2026) representa el 7,62 % de la concesión total en etapa contractual de explotación en el país. En el libro de Recaudo 2019-2026: * Se registra al menos 5 titulos mineros de mediana minería que presentan declaración de produccion y liquidación de regalias respecto del mineral de plata para el periodo 2024 a 2026. En Anna Minería: * De los 403 titulos mineros reportados en AnnA mineria para la explotación de mineral de plata, 11 expedientes con el mineral concesionado están clasificados como gran minería, 169 como mediana minería, 207 de pequeña minería, 6 no aplica clasificacion de escala y 10 expedientes sin clasificación. | E66: SIGM - AnnA Minería
... A76: 35 | B76: Zinc | C76: 60 | D76: Se evidencia declaración de regalias para mineral de zinc, mediante evento No. 858776 del 30 de enero de 2026, mediante el diligenciamiento del Formato Basico minero de 2025 dentro del expediente del Reconocimiento a la Propiedad Privada RPP No. R140011, localizado en jurisdiccion del municipio de Segovia departamento de Antioquia. En el libro de Recaudo 2019-2026: * Se registra al menos 8 expedientes que presentan declaración de produccion y liquidación de regalias para el periodo 2024 a 2026 así: respecto de los titulos mineros o expedientes que tienen el mineral de zinc concesionado o como mineral activo: 1 solicitud de legalización sin clasificar en proceso de evaluación y 1 solicitud de legalizacion sin clasificar en estado archivada, respecto de los titulos mineros o expedientes que no tienen el mineral de zinc concesionado: 3 titulos mineros de mediana minería, 1 solicitud de ARE declarada sin clasificar en proceso de evaluación, 1 Registro a la propiedad Privada RPP sin clasificar y 1 declarante sin titulo minero o solicitud vigente, que una vez buscada información en el SGD se evidencia en la trazabilidad su actuación en calidad de comercializador bajo el NIT 830048328. Se registra 1 histórico P7495011 titulo minero de mediana minería En Anna Minería: * De los 121 titulos mineros reportados en AnnA mineria, 7 expedientes con el mineral concesionado están clasificados como gran minería, 78 de mediana minería, 34 de pequeña minería, 2 titulos mineros a los cuales no aplica clasificación de escala. Ninguno se encuentra vinculado en el libro de recaudo de regalías para el periodo 2024-2026 | E76: SIGM - AnnA Minería
A78: No | B78: Calificación Criterio 4. Potencial Geológico Minero
B79: Mineral | C79: V1 (60%) | D79: V2 (40%) | E79: Calificación Total del Criterio
A80: 1 | B80: Aluminio | C80: {=C4:C38} -> 80 | D80: {=C42:C76} -> 80 | E80: =(C80*0.6)+(D80*0.4) -> 80
A81: 2 | B81: Arenas silíceas | C81: 80 | D81: 100 | E81: =(C81*0.6)+(D81*0.4) -> 88
A82: 3 | B82: Azufre | C82: 20 | D82: 40 | E82: =(C82*0.6)+(D82*0.4) -> 28
A83: 4 | B83: Baritina | C83: 60 | D83: 80 | E83: =(C83*0.6)+(D83*0.4) -> 68
A84: 5 | B84: Calizas y mármoles | C84: 100 | D84: 100 | E84: =(C84*0.6)+(D84*0.4) -> 100
A85: 6 | B85: Carbón | C85: 100 | D85: 100 | E85: =(C85*0.6)+(D85*0.4) -> 100
A86: 7 | B86: Cobre | C86: 100 | D86: 100 | E86: =(C86*0.6)+(D86*0.4) -> 100
A87: 8 | B87: Cromo | C87: 20 | D87: 60 | E87: =(C87*0.6)+(D87*0.4) -> 36
A88: 9 | B88: Elementos de Tierras Raras (ETR) | C88: 60 | D88: 60 | E88: =(C88*0.6)+(D88*0.4) -> 60
A89: 10 | B89: Esmeralda | C89: 100 | D89: 100 | E89: =(C89*0.6)+(D89*0.4) -> 100
A90: 11 | B90: Estaño | C90: 20 | D90: 60 | E90: =(C90*0.6)+(D90*0.4) -> 36
A91: 12 | B91: Feldespato | C91: 20 | D91: 80 | E91: =(C91*0.6)+(D91*0.4) -> 44
A92: 13 | B92: Fluorita | C92: 40 | D92: 40 | E92: =(C92*0.6)+(D92*0.4) -> 40
... A114: 35 | B114: Zinc | C114: 80 | D114: 60 | E114: =(C114*0.6)+(D114*0.4) -> 72

Sheet 5. Inserción mercado mundial
A1: Evaluación Criterio Inserción en mercado mundial: demanda global y ventaja comparativa regional
A2: No | B2: Etiquetas de fila | C2: Promedio importaciones del mundo entre 2021-2025 | D2: Participación del mineral dentro de las canasta de los 35 minerales en el mundo | E2: P | F2: Factor de crecimiento anual 2021 a 2025 de las importaciones | G2: F | H2: PD (Prioridad de Demanda) P +F | I2: Total X de AL 2021 - 2025 | J2: Participación del mineral dentro de las canasta de los 35 minerales en AL | K2: Total X mundo 2021-2025 | L2: Participación America Latina (PAL) | M2: Indice Balassa ajustado para AL (IBa-AL) | N2: Ventaja Comparativa (VC) | O2: VCR (Ventaja Comparativa Revelada) PAL + VRC | P2: Puntaje final
A3: 1 | B3: Aluminio | C3: 2.191024e+08 | D3: =+C3/$C$38 -> 0.097308542 | E3: =+IF(D3>$E$44,50,IF(AND(D3>$E$45,D3<=$E$44),40,IF(AND(D3>$E$46,D3<=$E$45),30,IF(AND(D3>$E$47,D3<=$E$46),20,10)))) -> 50 | F3: 1.0148011 | G3: =+IF(F3>$E$52,50,IF(AND(F3>$E$53,F3<=$E$52),40,IF(AND(F3>$E$54,F3<=$E$53),30,IF(AND(F3>$E$55,F3<=$E$54),20,10)))) -> 30 | H3: =+E3+G3 -> 80 | I3: 24436844 | J3: =+I3/$I$38 -> 0.022574829 | K3: 1112398481 | L3: =+IF(J3>$M$44,50,IF(AND(J3>$M$45,J3<=$M$44),40,IF(AND(J3>$M$46,J3<=$M$45),30,IF(AND(J3>$M$47,J3<=$M$46),20,10)))) -> 50 | M3: =+(I3/$I$38)/(K3/$K$38) -> 0.21979948 | N3: =+IF(M3>$M$52,50,IF(AND(M3>$M$53,M3<=$M$52),40,IF(AND(M3>$M$54,M3<=$M$53),30,IF(AND(M3>$M$55,M3<=$M$54),20,10)))) -> 20 | O3: =+L3+N3 -> 70 | P3: =+(H3+O3)/2 -> 75
A4: 2 | B4: Arenas silíceas | C4: 11188686 | D4: =+C4/$C$38 -> 0.0049691592 | E4: =+IF(D4>$E$44,50,IF(AND(D4>$E$45,D4<=$E$44),40,IF(AND(D4>$E$46,D4<=$E$45),30,IF(AND(D4>$E$47,D4<=$E$46),20,10)))) -> 30 | F4: 0.90473483 | G4: =+IF(F4>$E$52,50,IF(AND(F4>$E$53,F4<=$E$52),40,IF(AND(F4>$E$54,F4<=$E$53),30,IF(AND(F4>$E$55,F4<=$E$54),20,10)))) -> 10 | H4: =+E4+G4 -> 40 | I4: 3229170 | J4: =+I4/$I$38 -> 0.0029831169 | K4: 52720358 | L4: =+IF(J4>$M$44,50,IF(AND(J4>$M$45,J4<=$M$44),40,IF(AND(J4>$M$46,J4<=$M$45),30,IF(AND(J4>$M$47,J4<=$M$46),20,10)))) -> 40 | M4: =+(I4/$I$38)/(K4/$K$38) -> 0.61285041 | N4: =+IF(M4>$M$52,50,IF(AND(M4>$M$53,M4<=$M$52),40,IF(AND(M4>$M$54,M4<=$M$53),30,IF(AND(M4>$M$55,M4<=$M$54),20,10)))) -> 40 | O4: =+L4+N4 -> 80 | P4: =+(H4+O4)/2 -> 60
A5: 3 | B5: Azufre | C5: 7033539.2 | D5: =+C5/$C$38 -> 0.0031237606 | E5: =+IF(D5>$E$44,50,IF(AND(D5>$E$45,D5<=$E$44),40,IF(AND(D5>$E$46,D5<=$E$45),30,IF(AND(D5>$E$47,D5<=$E$46),20,10)))) -> 30 | F5: 1.0251667 | G5: =+IF(F5>$E$52,50,IF(AND(F5>$E$53,F5<=$E$52),40,IF(AND(F5>$E$54,F5<=$E$53),30,IF(AND(F5>$E$55,F5<=$E$54),20,10)))) -> 30 | H5: =+E5+G5 -> 60 | I5: 131915 | J5: =+I5/$I$38 -> 0.00012186347 | K5: 26221608 | L5: =+IF(J5>$M$44,50,IF(AND(J5>$M$45,J5<=$M$44),40,IF(AND(J5>$M$46,J5<=$M$45),30,IF(AND(J5>$M$47,J5<=$M$46),20,10)))) -> 20 | M5: =+(I5/$I$38)/(K5/$K$38) -> 0.050335778 | N5: =+IF(M5>$M$52,50,IF(AND(M5>$M$53,M5<=$M$52),40,IF(AND(M5>$M$54,M5<=$M$53),30,IF(AND(M5>$M$55,M5<=$M$54),20,10)))) -> 10 | O5: =+L5+N5 -> 30 | P5: =+(H5+O5)/2 -> 45
A6: 4 | B6: Baritina | C6: 867236.2 | D6: =+C6/$C$38 -> 0.00038516004 | E6: =+IF(D6>$E$44,50,IF(AND(D6>$E$45,D6<=$E$44),40,IF(AND(D6>$E$46,D6<=$E$45),30,IF(AND(D6>$E$47,D6<=$E$46),20,10)))) -> 10 | F6: 1.0055947 | G6: =+IF(F6>$E$52,50,IF(AND(F6>$E$53,F6<=$E$52),40,IF(AND(F6>$E$54,F6<=$E$53),30,IF(AND(F6>$E$55,F6<=$E$54),20,10)))) -> 30 | H6: =+E6+G6 -> 40 | I6: 183574 | J6: =+I6/$I$38 -> 0.00016958621 | K6: 3843814 | L6: =+IF(J6>$M$44,50,IF(AND(J6>$M$45,J6<=$M$44),40,IF(AND(J6>$M$46,J6<=$M$45),30,IF(AND(J6>$M$47,J6<=$M$46),20,10)))) -> 20 | M6: =+(I6/$I$38)/(K6/$K$38) -> 0.47784905 | N6: =+IF(M6>$M$52,50,IF(AND(M6>$M$53,M6<=$M$52),40,IF(AND(M6>$M$54,M6<=$M$53),30,IF(AND(M6>$M$55,M6<=$M$54),20,10)))) -> 30 | O6: =+L6+N6 -> 50 | P6: =+(H6+O6)/2 -> 45
A7: 5 | B7: Calizas y mármoles | C7: 1806154.8 | D7: =+C7/$C$38 -> 0.00080215592 | E7: =+IF(D7>$E$44,50,IF(AND(D7>$E$45,D7<=$E$44),40,IF(AND(D7>$E$46,D7<=$E$45),30,IF(AND(D7>$E$47,D7<=$E$46),20,10)))) -> 10 | F7: 0.98858758 | G7: =+IF(F7>$E$52,50,IF(AND(F7>$E$53,F7<=$E$52),40,IF(AND(F7>$E$54,F7<=$E$53),30,IF(AND(F7>$E$55,F7<=$E$54),20,10)))) -> 20 | H7: =+E7+G7 -> 30 | I7: 86338 | J7: =+I7/$I$38 -> 7.9759301e-05 | K7: 7088396 | L7: =+IF(J7>$M$44,50,IF(AND(J7>$M$45,J7<=$M$44),40,IF(AND(J7>$M$46,J7<=$M$45),30,IF(AND(J7>$M$47,J7<=$M$46),20,10)))) -> 10 | M7: =+(I7/$I$38)/(K7/$K$38) -> 0.12186975 | N7: =+IF(M7>$M$52,50,IF(AND(M7>$M$53,M7<=$M$52),40,IF(AND(M7>$M$54,M7<=$M$53),30,IF(AND(M7>$M$55,M7<=$M$54),20,10)))) -> 20 | O7: =+L7+N7 -> 30 | P7: =+(H7+O7)/2 -> 30
A8: 6 | B8: Carbón | C8: 2.1017642e+08 | D8: =+C8/$C$38 -> 0.093344301 | E8: =+IF(D8>$E$44,50,IF(AND(D8>$E$45,D8<=$E$44),40,IF(AND(D8>$E$46,D8<=$E$45),30,IF(AND(D8>$E$47,D8<=$E$46),20,10)))) -> 50 | F8: 0.95442308 | G8: =+IF(F8>$E$52,50,IF(AND(F8>$E$53,F8<=$E$52),40,IF(AND(F8>$E$54,F8<=$E$53),30,IF(AND(F8>$E$55,F8<=$E$54),20,10)))) -> 20 | H8: =+E8+G8 -> 70 | I8: 40636310 | J8: =+I8/$I$38 -> 0.037539944 | K8: 908772366 | L8: =+IF(J8>$M$44,50,IF(AND(J8>$M$45,J8<=$M$44),40,IF(AND(J8>$M$46,J8<=$M$45),30,IF(AND(J8>$M$47,J8<=$M$46),20,10)))) -> 50 | M8: =+(I8/$I$38)/(K8/$K$38) -> 0.44740525 | N8: =+IF(M8>$M$52,50,IF(AND(M8>$M$53,M8<=$M$52),40,IF(AND(M8>$M$54,M8<=$M$53),30,IF(AND(M8>$M$55,M8<=$M$54),20,10)))) -> 30 | O8: =+L8+N8 -> 80 | P8: =+(H8+O8)/2 -> 75
A9: 7 | B9: Cobre | C9: 315672919 | D9: =+C9/$C$38 -> 0.14019778 | E9: =+IF(D9>$E$44,50,IF(AND(D9>$E$45,D9<=$E$44),40,IF(AND(D9>$E$46,D9<=$E$45),30,IF(AND(D9>$E$47,D9<=$E$46),20,10)))) -> 50 | F9: 1.0324348 | G9: =+IF(F9>$E$52,50,IF(AND(F9>$E$53,F9<=$E$52),40,IF(AND(F9>$E$54,F9<=$E$53),30,IF(AND(F9>$E$55,F9<=$E$54),20,10)))) -> 30 | H9: =+E9+G9 -> 80 | I9: 424981154 | J9: =+I9/$I$38 -> 0.39259886 | K9: 1520379256 | L9: =+IF(J9>$M$44,50,IF(AND(J9>$M$45,J9<=$M$44),40,IF(AND(J9>$M$46,J9<=$M$45),30,IF(AND(J9>$M$47,J9<=$M$46),20,10)))) -> 50 | M9: =+(I9/$I$38)/(K9/$K$38) -> 2.7967887 | N9: =+IF(M9>$M$52,50,IF(AND(M9>$M$53,M9<=$M$52),40,IF(AND(M9>$M$54,M9<=$M$53),30,IF(AND(M9>$M$55,M9<=$M$54),20,10)))) -> 50 | O9: =+L9+N9 -> 100 | P9: =+(H9+O9)/2 -> 90
A10: 8 | B10: Cromo | C10: 6136999.2 | D10: =+C10/$C$38 -> 0.002725586 | E10: =+IF(D10>$E$44,50,IF(AND(D10>$E$45,D10<=$E$44),40,IF(AND(D10>$E$46,D10<=$E$45),30,IF(AND(D10>$E$47,D10<=$E$46),20,10)))) -> 20 | F10: 1.2201511 | G10: =+IF(F10>$E$52,50,IF(AND(F10>$E$53,F10<=$E$52),40,IF(AND(F10>$E$54,F10<=$E$53),30,IF(AND(F10>$E$55,F10<=$E$54),20,10)))) -> 50 | H10: =+E10+G10 -> 70 | I10: 25993 | J10: =+I10/$I$38 -> 2.4012411e-05 | K10: 26030404 | L10: =+IF(J10>$M$44,50,IF(AND(J10>$M$45,J10<=$M$44),40,IF(AND(J10>$M$46,J10<=$M$45),30,IF(AND(J10>$M$47,J10<=$M$46),20,10)))) -> 10 | M10: =+(I10/$I$38)/(K10/$K$38) -> 0.0099911947 | N10: =+IF(M10>$M$52,50,IF(AND(M10>$M$53,M10<=$M$52),40,IF(AND(M10>$M$54,M10<=$M$53),30,IF(AND(M10>$M$55,M10<=$M$54),20,10)))) -> 10 | O10: =+L10+N10 -> 20 | P10: =+(H10+O10)/2 -> 45
A11: 9 | B11: Elementos de tierras raras (ETR) | C11: 3127099 | D11: =+C11/$C$38 -> 0.0013888184 | E11: =+IF(D11>$E$44,50,IF(AND(D11>$E$45,D11<=$E$44),40,IF(AND(D11>$E$46,D11<=$E$45),30,IF(AND(D11>$E$47,D11<=$E$46),20,10)))) -> 20 | F11: 1.0551313 | G11: =+IF(F11>$E$52,50,IF(AND(F11>$E$53,F11<=$E$52),40,IF(AND(F11>$E$54,F11<=$E$53),30,IF(AND(F11>$E$55,F11<=$E$54),20,10)))) -> 40 | H11: =+E11+G11 -> 60 | I11: 14486 | J11: =+I11/$I$38 -> 1.338221e-05 | K11: 12063798 | L11: =+IF(J11>$M$44,50,IF(AND(J11>$M$45,J11<=$M$44),40,IF(AND(J11>$M$46,J11<=$M$45),30,IF(AND(J11>$M$47,J11<=$M$46),20,10)))) -> 10 | M11: =+(I11/$I$38)/(K11/$K$38) -> 0.012014518 | N11: =+IF(M11>$M$52,50,IF(AND(M11>$M$53,M11<=$M$52),40,IF(AND(M11>$M$54,M11<=$M$53),30,IF(AND(M11>$M$55,M11<=$M$54),20,10)))) -> 10 | O11: =+L11+N11 -> 20 | P11: =+(H11+O11)/2 -> 40
A12: 10 | B12: Esmeralda | C12: 5785050 | D12: =+C12/$C$38 -> 0.0025692771 | E12: =+IF(D12>$E$44,50,IF(AND(D12>$E$45,D12<=$E$44),40,IF(AND(D12>$E$46,D12<=$E$45),30,IF(AND(D12>$E$47,D12<=$E$46),20,10)))) -> 20 | F12: 1.0467408 | G12: =+IF(F12>$E$52,50,IF(AND(F12>$E$53,F12<=$E$52),40,IF(AND(F12>$E$54,F12<=$E$53),30,IF(AND(F12>$E$55,F12<=$E$54),20,10)))) -> 40 | H12: =+E12+G12 -> 60 | I12: 671404 | J12: =+I12/$I$38 -> 0.00062024501 | K12: 39868835 | L12: =+IF(J12>$M$44,50,IF(AND(J12>$M$45,J12<=$M$44),40,IF(AND(J12>$M$46,J12<=$M$45),30,IF(AND(J12>$M$47,J12<=$M$46),20,10)))) -> 30 | M12: =+(I12/$I$38)/(K12/$K$38) -> 0.16849705 | N12: =+IF(M12>$M$52,50,IF(AND(M12>$M$53,M12<=$M$52),40,IF(AND(M12>$M$54,M12<=$M$53),30,IF(AND(M12>$M$55,M12<=$M$54),20,10)))) -> 20 | O12: =+L12+N12 -> 50 | P12: =+(H12+O12)/2 -> 55
A13: 11 | B13: Estaño | C13: 10069564 | D13: =+C13/$C$38 -> 0.0044721306 | E13: =+IF(D13>$E$44,50,IF(AND(D13>$E$45,D13<=$E$44),40,IF(AND(D13>$E$46,D13<=$E$45),30,IF(AND(D13>$E$47,D13<=$E$46),20,10)))) -> 30 | F13: 1.0102444 | G13: =+IF(F13>$E$52,50,IF(AND(F13>$E$53,F13<=$E$52),40,IF(AND(F13>$E$54,F13<=$E$53),30,IF(AND(F13>$E$55,F13<=$E$54),20,10)))) -> 30 | H13: =+E13+G13 -> 60 | I13: 8883859 | J13: =+I13/$I$38 -> 0.0082069354 | K13: 44056498 | L13: =+IF(J13>$M$44,50,IF(AND(J13>$M$45,J13<=$M$44),40,IF(AND(J13>$M$46,J13<=$M$45),30,IF(AND(J13>$M$47,J13<=$M$46),20,10)))) -> 40 | M13: =+(I13/$I$38)/(K13/$K$38) -> 2.0175932 | N13: =+IF(M13>$M$52,50,IF(AND(M13>$M$53,M13<=$M$52),40,IF(AND(M13>$M$54,M13<=$M$53),30,IF(AND(M13>$M$55,M13<=$M$54),20,10)))) -> 50 | O13: =+L13+N13 -> 90 | P13: =+(H13+O13)/2 -> 75
A14: 12 | B14: Feldespato | C14: 640109.4 | D14: =+C14/$C$38 -> 0.00028428767 | E14: =+IF(D14>$E$44,50,IF(AND(D14>$E$45,D14<=$E$44),40,IF(AND(D14>$E$46,D14<=$E$45),30,IF(AND(D14>$E$47,D14<=$E$46),20,10)))) -> 10 | F14: 0.94382006 | G14: =+IF(F14>$E$52,50,IF(AND(F14>$E$53,F14<=$E$52),40,IF(AND(F14>$E$54,F14<=$E$53),30,IF(AND(F14>$E$55,F14<=$E$54),20,10)))) -> 20 | H14: =+E14+G14 -> 30 | I14: 52308 | J14: =+I14/$I$38 -> 4.8322286e-05 | K14: 3195313 | L14: =+IF(J14>$M$44,50,IF(AND(J14>$M$45,J14<=$M$44),40,IF(AND(J14>$M$46,J14<=$M$45),30,IF(AND(J14>$M$47,J14<=$M$46),20,10)))) -> 10 | M14: =+(I14/$I$38)/(K14/$K$38) -> 0.16379349 | N14: =+IF(M14>$M$52,50,IF(AND(M14>$M$53,M14<=$M$52),40,IF(AND(M14>$M$54,M14<=$M$53),30,IF(AND(M14>$M$55,M14<=$M$54),20,10)))) -> 20 | O14: =+L14+N14 -> 30 | P14: =+(H14+O14)/2 -> 30
... A37: 35 | B37: Zinc | C37: 31646780 | D37: =+C37/$C$38 -> 0.014055081 | E37: =+IF(D37>$E$44,50,IF(AND(D37>$E$45,D37<=$E$44),40,IF(AND(D37>$E$46,D37<=$E$45),30,IF(AND(D37>$E$47,D37<=$E$46),20,10)))) -> 40 | F37: 0.98838893 | G37: =+IF(F37>$E$52,50,IF(AND(F37>$E$53,F37<=$E$52),40,IF(AND(F37>$E$54,F37<=$E$53),30,IF(AND(F37>$E$55,F37<=$E$54),20,10)))) -> 20 | H37: =+E37+G37 -> 60 | I37: 27131233 | J37: =+I37/$I$38 -> 0.025063914 | K37: 152180979 | L37: =+IF(J37>$M$44,50,IF(AND(J37>$M$45,J37<=$M$44),40,IF(AND(J37>$M$46,J37<=$M$45),30,IF(AND(J37>$M$47,J37<=$M$46),20,10)))) -> 50 | M37: =+(I37/$I$38)/(K37/$K$38) -> 1.7838202 | N37: =+IF(M37>$M$52,50,IF(AND(M37>$M$53,M37<=$M$52),40,IF(AND(M37>$M$54,M37<=$M$53),30,IF(AND(M37>$M$55,M37<=$M$54),20,10)))) -> 50 | O37: =+L37+N37 -> 100 | P37: =+(H37+O37)/2 -> 80
B38: Sumatoria | C38: =SUM(C3:C37) -> 2.2516256e+09 | D38: =SUM(D3:D37) -> 1 | I38: =SUM(I3:I37) -> 1082481898 | J38: =SUM(J3:J37) -> 1 | K38: =SUM(K3:K37) -> 10830850607
C42: Percentil Participación Relativa (P) | K42: Rango Participación (PAL)
C43: Rango | D43: Puntaje | E43: Quintil | K43: Rango | L43: Puntaje | M43: INC — aplicado
C44: P > 1,90% | D44: 50 | E44: =PERCENTILE($D$3:$D$37,0.8) -> 0.019044175 | K44: PAL > 2,13% | L44: 50 | M44: =PERCENTILE($J$3:$J$37,0.8) -> 0.021262526
C45: 0,52% < P <= 1,90% | D45: 40 | E45: =PERCENTILE($D$3:$D$37,0.6) -> 0.0052335822 | K45: 0,28% < PAL <= 2,13% | L45: 40 | M45: =PERCENTILE($J$3:$J$37,0.6) -> 0.0028301961
C46: 0,30% < P <= 0,52% | D46: 30 | E46: =PERCENTILE($D$3:$D$37,0.4) -> 0.0029644907 | K46: 0,05% < PAL <= 0,28% | L46: 30 | M46: =PERCENTILE($J$3:$J$37,0.4) -> 0.00051201484
C47: 0,09% < P <= 0,30% | D47: 20 | E47: =PERCENTILE($D$3:$D$37,0.2) -> 0.00086961836 | K47: 0,01% < PAL <= 0,05% | L47: 20 | M47: =PERCENTILE($J$3:$J$37,0.2) -> 0.00011344264
C48: P < = 0,087% | D48: 10 | K48: PAL <= 0,01% | L48: 10
C50: Rango Factor de Crecimiento (F) | K50: Rango Factor de Crecimiento (VCR )
C51: Rango | D51: Puntaje | E51: Quintil | K51: Rango | L51: Puntaje | M51: INC — aplicado
C52: F > 1,1079 | D52: 50 | E52: =PERCENTILE($F$3:$F$37,0.8) -> 1.1079388 | K52: VCR > 1,1100 | L52: 50 | M52: =PERCENTILE($M$3:$M$37,0.8) -> 1.1099558
C53: 1,0404 < F <= 1,1079 | D53: 40 | E53: =PERCENTILE($F$3:$F$37,0.6) -> 1.040424 | K53: 0,4905 < VCR <= 1,1100 | L53: 40 | M53: =PERCENTILE($M$3:$M$37,0.6) -> 0.49047568
C54: 1,0053 < F <= 1,0404 | D54: 30 | E54: =PERCENTILE($F$3:$F$37,0.4) -> 1.0053451 | K54: 0,2212 < VCR <= 0,4905 | L54: 30 | M54: =PERCENTILE($M$3:$M$37,0.4) -> 0.22119072
C55: 0,9437 < F <= 1,0053 | D55: 20 | E55: =PERCENTILE($F$3:$F$37,0.2) -> 0.94365619 | K55: 0,0741 < VCR <= 0,2212 | L55: 20 | M55: =PERCENTILE($M$3:$M$37,0.2) -> 0.074074234
C56: F < 0,9437 | D56: 10 | K56: VCR <= 0,0741 | L56: 10

Sheet 6. Seguridad y Sob. Nacional
A1: Evaluación Criterio 6. Seguridad y soberanía nacional
A2: Regla de calificación: 100 puntos cuando existe evidencia de incautaciones reportadas por entidades adscritas al Ministerio de Defensa (Dirección Nacional de Inteligencia, Policía Nacional o Ejército Nacional) en el período 2021-2026; 50 puntos cuando existe evidencia a través de notas de prensa de medios de comunicación reconocidos o informes de organismos multilaterales; 0 puntos cuando no existe evidencia.
A3: No. | B3: Mineral | C3: Calificación (0-100) | D3: Justificación | E3: Razón breve
A4: 1 | B4: Aluminio | C4: 0 | D4: No se identifica evidencia de incautaciones reportadas entre 2021-2026 | E4: Sin evidencia de explotación ilícita reportada
A5: 2 | B5: Arenas silíceas | C5: 0 | D5: No se identifica evidencia de incautaciones reportadas entre 2021-2026 | E5: Sin evidencia de explotación ilícita reportada
A6: 3 | B6: Azufre | C6: 0 | D6: No se identifica evidencia de incautaciones reportadas entre 2021-2026 | E6: Sin evidencia de explotación ilícita reportada
A7: 4 | B7: Baritina | C7: 0 | D7: No se identifica evidencia de incautaciones reportadas entre 2021-2026 | E7: Sin evidencia de explotación ilícita reportada
A8: 5 | B8: Calizas y mármoles | C8: 0 | D8: No se identifica evidencia de incautaciones reportadas entre 2021-2026 | E8: Sin evidencia de explotación ilícita reportada
A9: 6 | B9: Carbón | C9: 50 | D9: Se evidencia comercilización y/o explotación ilicita de minerales a través de notas de prensa de medios reconocidos, o informes elaborados por organismos multilaterlaes | E9: Evidencia de explotación ilicita notas de prensa de medios de comunicación o informes de organismos multilaterales
A10: 7 | B10: Cobre | C10: 0 | D10: No se identifica evidencia de incautaciones reportadas entre 2021-2026 | E10: Sin evidencia de explotación ilícita reportada
A11: 8 | B11: Cromo | C11: 0 | D11: No se identifica evidencia de incautaciones reportadas entre 2021-2026 | E11: Sin evidencia de explotación ilícita reportada
A12: 9 | B12: Elementos de Tierras Raras (ETR) | C12: 100 | D12: Hay evidencia de incautaciones de tierras raras (en arenas aluviales y como mineral principal) en las vigencias 2021 y 2024 reportadas por la Dirección Nacional de Inteligencia, y en 2025 (enero-abril) y 2026 (enero-marzo, parcial) reportadas por la Policía Nacional. | E12: Hay evidencia de explotación ilícita reportada por entidades del Ministerio de Defensa.
A13: 10 | B13: Esmeralda | C13: 50 | D13: Se evidencia comercilización y/o explotación ilicita de minerales a través de notas de prensa de medios reconocidos, o informes elaborados por organismos multilaterlaes | E13: Evidencia de explotación ilicita notas de prensa de medios de comunicación o informes de organismos multilaterales
A14: 11 | B14: Estaño | C14: 100 | D14: Hay evidencia de incautaciones que involucran estaño (lingotes y arenas negras) en las vigencias 2022-2023 y 2024 reportadas por la Dirección Nacional de Inteligencia, y en 2026 (enero-marzo, parcial) reportada por el Ejército Nacional. | E14: Hay evidencia de explotación ilícita reportada por entidades del Ministerio de Defensa.
A15: 12 | B15: Feldespato | C15: 0 | D15: No se identifica evidencia de incautaciones reportadas entre 2021-2026 | E15: Sin evidencia de explotación ilícita reportada
... A38: 35 | B38: Zinc | C38: 0 | D38: No se identifica evidencia de incautaciones reportadas entre 2021-2026 | E38: Sin evidencia de explotación ilícita reportada
A40: Fuente: Elaboración propia con base en la Tabla 1, Incautaciones de minerales críticos en Colombia (2021-2026), Dirección Nacional de Inteligencia, Policía Nacional y Ejército Nacional.

Sheet 7. Determinantes ambientales 
A1: Evalución Criterio 7. Determinantes ambientales en el desarrollo minero del país
A2: Calificación final indicador Viabilidad ambiental (VA)
A3: No | B3: Mineral de interés económico | C3: Viabilidad ambiental | F3: Rango | G3: Clasificación / Descripción
A4: 1 | B4: Aluminio | C4: =L79 -> 50 | F4: 0≤VA≤20 | G4: Minerales cuyos depósitos se localizan predominantemente en áreas excluibles, presentando una disponibilidad territorial muy limitada para el desarrollo de actividades mineras.
A5: 2 | B5: Arenas silíceas | C5: =L90 -> 70.363622 | F5: 21≤VA≤40 | G5: Minerales con una alta incidencia de restricciones ambientales, en los cuales predominan los depósitos ubicados en áreas excluibles o restringidas.
A6: 3 | B6: Azufre | C6: =L91 -> 39.196755 | F6: 41≤VA≤60 | G6: Minerales cuyos depósitos presentan una distribución equilibrada entre áreas restringidas y áreas libres, reflejando una disponibilidad territorial intermedia.
A7: 4 | B7: Baritina | C7: =L62 -> 76.315789 | F7: 61≤VA≤80 | G7: Minerales cuyos depósitos se localizan mayoritariamente en áreas libres o con restricciones manejables, evidenciando condiciones favorables desde la perspectiva ambiental.
A8: 5 | B8: Calizas y mármoles | C8: =L46 -> 50 | F8: 81≤VA≤100 | G8: Minerales cuyos depósitos se emplazan predominantemente en áreas libres, con una mínima incidencia de determinantes ambientales, representando las condiciones de mayor aptitud territorial para el desarrollo de actividades mineras.
A9: 6 | B9: Carbón | C9: =L67 -> 57.352941
A10: 7 | B10: Cobre | C10: =L69 -> 60.526316
A11: 8 | B11: Cromo | C11: =L75 -> 50
A12: 9 | B12: Elementos de Tierras Raras (ETR) | C12: =L93 -> 100
A13: 10 | B13: Esmeralda | C13: =L49 -> 76.315789
A14: 11 | B14: Estaño | C14: =L81 -> 0
A15: 12 | B15: Feldespato | C15: =L92 -> 50.319305
A16: 13 | B16: Fluorita | C16: =L85 -> 60
A17: 14 | B17: Grafito | C17: =L50 -> 65
A18: 15 | B18: Hierro | C18: =L71 -> 60.638298
A19: 16 | B19: Litio | C19: =L100 -> 43.060606
A20: 17 | B20: Magnesio | C20: =L51 -> 100
A21: 18 | B21: Manganeso | C21: =L65 -> 78.571429
A22: 19 | B22: Materiales de construcción | C22: =AVERAGE(L43,L44,L45,L59,L64,L70,L72,L74,L78,L82) -> 54.355122
A23: 20 | B23: Metales del grupo del platino (MGP) | C23: =L58 -> 73.381295
A24: 21 | B24: Molibdeno | C24: =L53 -> 50
A25: 22 | B25: Niobio-Tantalio | C25: =AVERAGE(L56,L68) -> 63.636364
A26: 23 | B26: Níquel | C26: =L54 -> 94.444444
A27: 24 | B27: Oro | C27: =L66 -> 62.017804
A28: 25 | B28: Plata | C28: =L55 -> 87.5
A29: 26 | B29: Plomo | C29: =L60 -> 71.153846
A30: 27 | B30: Potasio | C30: =L99 -> 31.058789
A31: 28 | B31: Roca fosfórica | C31: =L61 -> 77.222222
A32: 29 | B32: Sodio | C32: =L77 -> 33.333333
A33: 30 | B33: Titanio | C33: =L84 -> 0
A34: 31 | B34: Uranio | C34: =L76 -> 35.714286
A35: 32 | B35: Wolframio (Tungsteno) | C35: =L73 -> 0
A36: 33 | B36: Yeso | C36: =L57 -> 66.666667
A37: 34 | B37: Zeolita | C37: =L94 -> 0
A38: 35 | B38: Zinc | C38: =L47 -> 50
B40: Datos base para calificación del indicador Viabilidad ambiental (VA)
B42: Minerales de interés económico | C42: OBJECTID | D42: MINERALES IDENTIFICADOS EN EL MAPA METALOGÉNICO | E42: TOTAL | F42: En Excluible | G42: Area restricción | H42: En Libre | I42: Proporción excluible | J42: Proporcion con restriccion | K42: Area libre | L42: Viabilidad Ambiental | M42: Calificación
B43: Materiales de construcción | C43: 5 | D43: Arcilla Cerámica | E43: 5 | F43: 0 | G43: 4 | H43: 1 | I43: =+F43/E43 -> 0 | J43: =+G43/E43 -> 0.8 | K43: =+H43/E43 -> 0.2 | L43: =+(K43*1+J43*0.5+I43*0)*100 -> 60 | M43: Media
B44: Materiales de construcción | C44: 6 | D44: Arcilla Refractaria | E44: 1 | F44: 0 | G44: 0 | H44: 1 | I44: =+F44/E44 -> 0 | J44: =+G44/E44 -> 0 | K44: =+H44/E44 -> 1 | L44: =+(K44*1+J44*0.5+I44*0)*100 -> 100 | M44: Muy Alta
B45: Materiales de construcción | C45: 12 | D45: Bentonita | E45: 2 | F45: 0 | G45: 1 | H45: 1 | I45: =+F45/E45 -> 0 | J45: =+G45/E45 -> 0.5 | K45: =+H45/E45 -> 0.5 | L45: =+(K45*1+J45*0.5+I45*0)*100 -> 75 | M45: Alta
B46: Calizas y mármoles | C46: 13 | D46: Caliza_industrial | E46: 1 | F46: 0 | G46: 1 | H46: 0 | I46: =+F46/E46 -> 0 | J46: =+G46/E46 -> 1 | K46: =+H46/E46 -> 0 | L46: =+(K46*1+J46*0.5+I46*0)*100 -> 50 | M46: Media
B47: Zinc | C47: 17 | D47: Zinc-Zn | E47: 6 | F47: 0 | G47: 6 | H47: 0 | I47: =+F47/E47 -> 0 | J47: =+G47/E47 -> 1 | K47: =+H47/E47 -> 0 | L47: =+(K47*1+J47*0.5+I47*0)*100 -> 50 | M47: Media
B48: Calizas y mármoles | C48: 24 | D48: Dolomita-CaMg(CO3)2 (caliza) | E48: 2 | F48: 0 | G48: 0 | H48: 2 | I48: =+F48/E48 -> 0 | J48: =+G48/E48 -> 0 | K48: =+H48/E48 -> 1 | L48: =+(K48*1+J48*0.5+I48*0)*100 -> 100 | M48: Muy Alta
B49: Esmeralda | C49: 25 | D49: Esmeralda_gema | E49: 57 | F49: 0 | G49: 27 | H49: 30 | I49: =+F49/E49 -> 0 | J49: =+G49/E49 -> 0.47368421 | K49: =+H49/E49 -> 0.52631579 | L49: =+(K49*1+J49*0.5+I49*0)*100 -> 76.315789 | M49: Alta
B50: Grafito | C50: 29 | D50: Grafito-C | E50: 10 | F50: 0 | G50: 7 | H50: 3 | I50: =+F50/E50 -> 0 | J50: =+G50/E50 -> 0.7 | K50: =+H50/E50 -> 0.3 | L50: =+(K50*1+J50*0.5+I50*0)*100 -> 65 | M50: Alta
B51: Magnesio | C51: 32 | D51: Magnesita-MgCO3 | E51: 6 | F51: 0 | G51: 0 | H51: 6 | I51: =+F51/E51 -> 0 | J51: =+G51/E51 -> 0 | K51: =+H51/E51 -> 1 | L51: =+(K51*1+J51*0.5+I51*0)*100 -> 100 | M51: Muy Alta
B52: Calizas y mármoles | C52: 34 | D52: Mármol | E52: 2 | F52: 0 | G52: 1 | H52: 1 | I52: =+F52/E52 -> 0 | J52: =+G52/E52 -> 0.5 | K52: =+H52/E52 -> 0.5 | L52: =+(K52*1+J52*0.5+I52*0)*100 -> 75 | M52: Alta
B53: Molibdeno | C53: 37 | D53: Molibdeno-Mo | E53: 2 | F53: 1 | G53: 0 | H53: 1 | I53: =+F53/E53 -> 0.5 | J53: =+G53/E53 -> 0 | K53: =+H53/E53 -> 0.5 | L53: =+(K53*1+J53*0.5+I53*0)*100 -> 50 | M53: Media
B54: Níquel | C54: 39 | D54: Níquel-Ni | E54: 9 | F54: 0 | G54: 1 | H54: 8 | I54: =+F54/E54 -> 0 | J54: =+G54/E54 -> 0.11111111 | K54: =+H54/E54 -> 0.88888889 | L54: =+(K54*1+J54*0.5+I54*0)*100 -> 94.444444 | M54: Muy Alta
... B84: Titanio | C84: 48 | D84: Titanio-Ti | E84: 2 | F84: 2 | G84: 0 | H84: 0 | I84: =+F84/E84 -> 1 | J84: =+G84/E84 -> 0 | K84: =+H84/E84 -> 0 | L84: =+(K84*1+J84*0.5+I84*0)*100 -> 0 | M84: Muy baja
B85: Fluor | C85: 27 | D85: Fluorita-CaF2 | E85: 5 | F85: 2 | G85: 0 | H85: 3 | I85: =F85/E85 -> 0.4 | J85: =G85/E85 -> 0 | K85: =H85/E85 -> 0.6 | L85: =+(K85*1+J85*0.5+I85*0)*100 -> 60 | M85: Media
B87: Casos excepcionales evaluados a partir de titulos mineros con reporte de pago de regalías
B89: Minerales de interés económico | D89: Minerales identificados en títulos mineros | E89: Área total | F89: En Excluible | G89: Area restricción | H89: En Libre | I89: Proporción excluible | J89: Proporcion con restriccion | K89: Area libre | L89: Viabilidad Ambiental | M89: Calificación
B90: Arenas silíceas | D90: Arenas silíceas | E90: 18675.73 | F90: 1219.41 | G90: 8630.76 | H90: 8825.54 | I90: =+F90/E90 -> 0.065293833 | J90: =+G90/E90 -> 0.46213776 | K90: =+H90/E90 -> 0.47256734 | L90: =+(K90*1+J90*0.5+I90*0)*100 -> 70.363622 | M90: Alta
B91: Azufre | D91: Azufre-S | E91: 648.37 | F91: 394.23 | G91: 0 | H91: 254.14 | I91: =+F91/E91 -> 0.60803245 | J91: =+G91/E91 -> 0 | K91: =+H91/E91 -> 0.39196755 | L91: =+(K91*1+J91*0.5+I91*0)*100 -> 39.196755 | M91: Baja
B92: Feldespatos | D92: Feldespatos | E92: 565.29 | F92: 10.18 | G92: 541.32 | H92: 13.79 | I92: =+F92/E92 -> 0.018008456 | J92: =+G92/E92 -> 0.95759699 | K92: =+H92/E92 -> 0.024394559 | L92: =+(K92*1+J92*0.5+I92*0)*100 -> 50.319305 | M92: Media
B93: Tierras raras | D93: Tierras raras | E93: 188.74 | F93: 0 | G93: 0 | H93: 188.74 | I93: =+F93/E93 -> 0 | J93: =+G93/E93 -> 0 | K93: =+H93/E93 -> 1 | L93: =+(K93*1+J93*0.5+I93*0)*100 -> 100 | M93: Muy Alta
B94: Zeolita | D94: Zeolita | E94: 0 | F94: 0 | G94: 0 | H94: 0 | I94: 0 | J94: 0 | K94: 0 | L94: =+(K94*1+J94*0.5+I94*0)*100 -> 0 | M94: Muy baja
B96: Casos excepcionales evaluados a partir del análisis espacial de interés geológico
B98: Minerales de interés económico | D98: Minerales de interés geológico | E98: Área total | F98: En Excluible | G98: Area restricción | H98: En Libre | I98: Proporción excluible | J98: Proporcion con restriccion | K98: Area libre | L98: Viabilidad Ambiental | M98: Calificación
B99: Potasio | D99: Potasio | E99: 8848.22 | F99: 5980.35 | G99: 239.44 | H99: 2628.43 | I99: =F99/E99 -> 0.6758817 | J99: =G99/E99 -> 0.02706081 | K99: =H99/E99 -> 0.29705749 | L99: =+(K99*1+J99*0.5+I99*0)*100 -> 31.058789 | M99: Baja
B100: Litio | D100: Litio | E100: 6344.07 | F100: 3086.39 | G100: 1051.77 | H100: 2205.91 | I100: =F100/E100 -> 0.48649999 | J100: =G100/E100 -> 0.16578789 | K100: =H100/E100 -> 0.34771212 | L100: =+(K100*1+J100*0.5+I100*0)*100 -> 43.060606 | M100: Media
B102: Nota: Para feldespato, arenas silíceas, tierras raras, litio y potasio la superposición ambiental se evaluó sobre títulos mineros con producción reportada en regalías, empleando las áreas tituladas como unidad de análisis.

Sheet 8. Potencial de Inserción 
A1: Potencial de inserción en encadenamientos productivos: complejidad del producto
A2: No | B2: Etiquetas de fila | C2: Índice de Complejidad de Producto (PCI) | D2: RC (Relevancia Competitiva)
A3: 1 | B3: Aluminio | C3: -0.77193647 | D3: =+IF(C3>$D$42,100,IF(AND(C3>$D$43,C3<=$D$42),80,IF(AND(C3>$D$44,C3<=$D$43),60,IF(AND(C3>$D$45,C3<=$D$44),40,20)))) -> 60
A4: 2 | B4: Arenas silíceas | C4: -0.332916 | D4: =+IF(C4>$D$42,100,IF(AND(C4>$D$43,C4<=$D$42),80,IF(AND(C4>$D$44,C4<=$D$43),60,IF(AND(C4>$D$45,C4<=$D$44),40,20)))) -> 80
A5: 3 | B5: Azufre | C5: -0.99128698 | D5: =+IF(C5>$D$42,100,IF(AND(C5>$D$43,C5<=$D$42),80,IF(AND(C5>$D$44,C5<=$D$43),60,IF(AND(C5>$D$45,C5<=$D$44),40,20)))) -> 60
A6: 4 | B6: Baritina | C6: -1.34 | D6: =+IF(C6>$D$42,100,IF(AND(C6>$D$43,C6<=$D$42),80,IF(AND(C6>$D$44,C6<=$D$43),60,IF(AND(C6>$D$45,C6<=$D$44),40,20)))) -> 40
A7: 5 | B7: Calizas y mármoles | C7: -0.97240722 | D7: =+IF(C7>$D$42,100,IF(AND(C7>$D$43,C7<=$D$42),80,IF(AND(C7>$D$44,C7<=$D$43),60,IF(AND(C7>$D$45,C7<=$D$44),40,20)))) -> 60
A8: 6 | B8: Carbón | C8: -2.1160848 | D8: =+IF(C8>$D$42,100,IF(AND(C8>$D$43,C8<=$D$42),80,IF(AND(C8>$D$44,C8<=$D$43),60,IF(AND(C8>$D$45,C8<=$D$44),40,20)))) -> 20
A9: 7 | B9: Cobre | C9: -1.8821281 | D9: =+IF(C9>$D$42,100,IF(AND(C9>$D$43,C9<=$D$42),80,IF(AND(C9>$D$44,C9<=$D$43),60,IF(AND(C9>$D$45,C9<=$D$44),40,20)))) -> 20
A10: 8 | B10: Cromo | C10: -3.3 | D10: =+IF(C10>$D$42,100,IF(AND(C10>$D$43,C10<=$D$42),80,IF(AND(C10>$D$44,C10<=$D$43),60,IF(AND(C10>$D$45,C10<=$D$44),40,20)))) -> 20
A11: 9 | B11: Elementos de tierras raras (ETR) | C11: 0.23 | D11: =+IF(C11>$D$42,100,IF(AND(C11>$D$43,C11<=$D$42),80,IF(AND(C11>$D$44,C11<=$D$43),60,IF(AND(C11>$D$45,C11<=$D$44),40,20)))) -> 100
A12: 10 | B12: Esmeralda | C12: -1.6204063 | D12: =+IF(C12>$D$42,100,IF(AND(C12>$D$43,C12<=$D$42),80,IF(AND(C12>$D$44,C12<=$D$43),60,IF(AND(C12>$D$45,C12<=$D$44),40,20)))) -> 40
A13: 11 | B13: Estaño | C13: -1.6747133 | D13: =+IF(C13>$D$42,100,IF(AND(C13>$D$43,C13<=$D$42),80,IF(AND(C13>$D$44,C13<=$D$43),60,IF(AND(C13>$D$45,C13<=$D$44),40,20)))) -> 20
A14: 12 | B14: Fluorita | C14: -0.27346019 | D14: =+IF(C14>$D$42,100,IF(AND(C14>$D$43,C14<=$D$42),80,IF(AND(C14>$D$44,C14<=$D$43),60,IF(AND(C14>$D$45,C14<=$D$44),40,20)))) -> 80
... A37: 35 | B37: Zinc | C37: -0.90204238 | D37: =+IF(C37>$D$42,100,IF(AND(C37>$D$43,C37<=$D$42),80,IF(AND(C37>$D$44,C37<=$D$43),60,IF(AND(C37>$D$45,C37<=$D$44),40,20)))) -> 60
B40: Rango Factor de Crecimiento (PCI)
B41: Rango | C41: Puntaje
B42: PCI > - 0,213 | C42: 100 | D42: =PERCENTILE($C$3:$C$37,0.8) -> -0.21370671
B43: -0,686 < PCI <= -0,213 | C43: 80 | D43: =PERCENTILE($C$3:$C$37,0.6) -> -0.686
B44: -1,027 < PCI <= -0,686 | C44: 60 | D44: =PERCENTILE($C$3:$C$37,0.4) -> -1.0277836
B45: -1,643 < PCI <= -1,027 | C45: 40 | D45: =PERCENTILE($C$3:$C$37,0.2) -> -1.6436074
B46: PCI < -1,643 | C46: 20
A51: Etiquetas de fila | B51: Suma de Suma de World Trade | C51: Suma de Indicador | D51: PCI
A52: Aluminio | B52: $ 178.418.056.146 | C52: -$ 137.727.405.210 | D52: -0.772 | E52: 60
A53: Arenas siliceas | B53: $ 14.093.960.018 | C53: -$ 4.692.104.814 | D53: -0.333 | E53: 80
A54: Azufre | B54: $ 3.619.348.729 | C54: -$ 3.587.813.272 | D54: -0.991 | E54: 60
A55: Barita (o Bario) | B55: $ 731.326.844 | C55: -$ 979.977.971 | D55: -1.34 | E55: 40
A56: Calcita (Caliza) | B56: $ 13.782.117.604 | C56: -$ 13.401.830.676 | D56: -0.972 | E56: 60
A57: Carbón | B57: $ 161.242.360.722 | C57: -$ 341.202.504.178 | D57: -2.116 | E57: 20
A58: Cobre | B58: $ 293.479.395.359 | C58: -$ 552.365.820.706 | D58: -1.882 | E58: 20
A59: Cromo | B59: $ 5.576.180.248 | C59: -$ 18.401.394.818 | D59: -3.3 | E59: 20
A60: Elemento de Tierras raras | B60: $ 2.451.496.193 | C60: $ 563.844.124 | D60: 0.23 | E60: 100
A61: Esmeralda | B61: $ 14.076.433.423 | C61: -$ 22.809.541.676 | D61: -1.62 | E61: 40
A62: Estaño | B62: $ 7.624.155.648 | C62: -$ 12.768.274.936 | D62: -1.675 | E62: 40
A63: Feldespato | B63: $ 1.455.910.855 | C63: -$ 2.023.716.088 | D63: -1.39 | E63: 40
... A86: Zinc | B86: $ 27.699.599.601 | C86: -$ 24.986.212.859 | D86: -0.902 | E86: 60

Sheet Resultado final
B1: Seguridad de las cadenas de suministro | C1: Importancia económica y comercial | D1: Función industrial | E1: Favorabilidad geólogica y minera | F1: Inserción mercado mundial | G1: Seguridad nacional | H1: Ambiental | I1: Potencial de inserción | J1: X | K1: Y
A2: Peso | B2: 0.3 | C2: 0.1 | D2: 0.45 | E2: 0.175 | F2: 0.4 | G2: 0.175 | H2: 0.1 | I2: 0.3
A3: Mineral | B3: Criterio 1 | C3: Criterio 2 | D3: Criterio 3 | E3: Criterio 4 | F3: Criterio 5 | G3: Criterio 6 | H3: Criterio 7 | I3: Criterio 8 | J3: REN | K3: VADI | L3: CALIFICACIÓN
A4: Aluminio | B4: =+VLOOKUP(A4,'1. Seguridad de las cadenas de '!$B$5:$AK$39,36,0) -> 80 | C4: =+VLOOKUP(A4,'2. Importancia econ y comercial'!$B$5:$AJ$39,35,0) -> 62 | D4: =+VLOOKUP(A4,'3. Función productiva, industr'!$B$13:$N$47,13,0) -> 60 | E4: =+VLOOKUP(A4,'4. Favorabilidad Geo-Minera'!$B$80:$E$114,4,0) -> 80 | F4: =+VLOOKUP(A4,'5. Inserción mercado mundial'!$B$3:$P$37,15,0) -> 75 | G4: =+VLOOKUP(A4,'6. Seguridad y Sob. Nacional'!$B$4:$C$38,2,0) -> 0 | H4: =VLOOKUP(A4,'7. Determinantes ambientales '!$B$4:$C$38,2,0) -> 50 | I4: =VLOOKUP(A4,'8. Potencial de Inserción '!$B$3:$D$37,3,0) -> 60 | J4: =+(C4*$C$2)+(D4*$D$2)+(E4*$E$2)+(G4*$G$2)+(H4*$H$2) -> 52.2 | K4: =+(B4*$B$2)+(F4*$F$2)+(I4*$I$2) -> 72 | L4: =+IF(AND(J4>=$J$44,K4>=$K$44),"Estratégico","No estratégico") -> Estratégico
A5: Arenas silíceas | B5: =+VLOOKUP(A5,'1. Seguridad de las cadenas de '!$B$5:$AK$39,36,0) -> 90 | C5: =+VLOOKUP(A5,'2. Importancia econ y comercial'!$B$5:$AJ$39,35,0) -> 54 | D5: =+VLOOKUP(A5,'3. Función productiva, industr'!$B$13:$N$47,13,0) -> 100 | E5: =+VLOOKUP(A5,'4. Favorabilidad Geo-Minera'!$B$80:$E$114,4,0) -> 88 | F5: =+VLOOKUP(A5,'5. Inserción mercado mundial'!$B$3:$P$37,15,0) -> 60 | G5: =+VLOOKUP(A5,'6. Seguridad y Sob. Nacional'!$B$4:$C$38,2,0) -> 0 | H5: =VLOOKUP(A5,'7. Determinantes ambientales '!$B$4:$C$38,2,0) -> 70.363622 | I5: =VLOOKUP(A5,'8. Potencial de Inserción '!$B$3:$D$37,3,0) -> 80 | J5: =+(C5*$C$2)+(D5*$D$2)+(E5*$E$2)+(G5*$G$2)+(H5*$H$2) -> 72.836362 | K5: =+(B5*$B$2)+(F5*$F$2)+(I5*$I$2) -> 75 | L5: =+IF(AND(J5>=$J$44,K5>=$K$44),"Estratégico","No estratégico") -> Estratégico
A6: Azufre | B6: =+VLOOKUP(A6,'1. Seguridad de las cadenas de '!$B$5:$AK$39,36,0) -> 0 | C6: =+VLOOKUP(A6,'2. Importancia econ y comercial'!$B$5:$AJ$39,35,0) -> 6 | D6: =+VLOOKUP(A6,'3. Función productiva, industr'!$B$13:$N$47,13,0) -> 50 | E6: =+VLOOKUP(A6,'4. Favorabilidad Geo-Minera'!$B$80:$E$114,4,0) -> 28 | F6: =+VLOOKUP(A6,'5. Inserción mercado mundial'!$B$3:$P$37,15,0) -> 45 | G6: =+VLOOKUP(A6,'6. Seguridad y Sob. Nacional'!$B$4:$C$38,2,0) -> 0 | H6: =VLOOKUP(A6,'7. Determinantes ambientales '!$B$4:$C$38,2,0) -> 39.196755 | I6: =VLOOKUP(A6,'8. Potencial de Inserción '!$B$3:$D$37,3,0) -> 60 | J6: =+(C6*$C$2)+(D6*$D$2)+(E6*$E$2)+(G6*$G$2)+(H6*$H$2) -> 31.919675 | K6: =+(B6*$B$2)+(F6*$F$2)+(I6*$I$2) -> 36 | L6: =+IF(AND(J6>=$J$44,K6>=$K$44),"Estratégico","No estratégico") -> No estratégico
A7: Baritina | B7: =+VLOOKUP(A7,'1. Seguridad de las cadenas de '!$B$5:$AK$39,36,0) -> 50 | C7: =+VLOOKUP(A7,'2. Importancia econ y comercial'!$B$5:$AJ$39,35,0) -> 46 | D7: =+VLOOKUP(A7,'3. Función productiva, industr'!$B$13:$N$47,13,0) -> 80 | E7: =+VLOOKUP(A7,'4. Favorabilidad Geo-Minera'!$B$80:$E$114,4,0) -> 68 | F7: =+VLOOKUP(A7,'5. Inserción mercado mundial'!$B$3:$P$37,15,0) -> 45 | G7: =+VLOOKUP(A7,'6. Seguridad y Sob. Nacional'!$B$4:$C$38,2,0) -> 0 | H7: =VLOOKUP(A7,'7. Determinantes ambientales '!$B$4:$C$38,2,0) -> 76.315789 | I7: =VLOOKUP(A7,'8. Potencial de Inserción '!$B$3:$D$37,3,0) -> 40 | J7: =+(C7*$C$2)+(D7*$D$2)+(E7*$E$2)+(G7*$G$2)+(H7*$H$2) -> 60.131579 | K7: =+(B7*$B$2)+(F7*$F$2)+(I7*$I$2) -> 45 | L7: =+IF(AND(J7>=$J$44,K7>=$K$44),"Estratégico","No estratégico") -> Estratégico
A8: Calizas y mármoles | B8: =+VLOOKUP(A8,'1. Seguridad de las cadenas de '!$B$5:$AK$39,36,0) -> 50 | C8: =+VLOOKUP(A8,'2. Importancia econ y comercial'!$B$5:$AJ$39,35,0) -> 54 | D8: =+VLOOKUP(A8,'3. Función productiva, industr'!$B$13:$N$47,13,0) -> 100 | E8: =+VLOOKUP(A8,'4. Favorabilidad Geo-Minera'!$B$80:$E$114,4,0) -> 100 | F8: =+VLOOKUP(A8,'5. Inserción mercado mundial'!$B$3:$P$37,15,0) -> 30 | G8: =+VLOOKUP(A8,'6. Seguridad y Sob. Nacional'!$B$4:$C$38,2,0) -> 0 | H8: =VLOOKUP(A8,'7. Determinantes ambientales '!$B$4:$C$38,2,0) -> 50 | I8: =VLOOKUP(A8,'8. Potencial de Inserción '!$B$3:$D$37,3,0) -> 60 | J8: =+(C8*$C$2)+(D8*$D$2)+(E8*$E$2)+(G8*$G$2)+(H8*$H$2) -> 72.9 | K8: =+(B8*$B$2)+(F8*$F$2)+(I8*$I$2) -> 45 | L8: =+IF(AND(J8>=$J$44,K8>=$K$44),"Estratégico","No estratégico") -> Estratégico
A9: Carbón | B9: =+VLOOKUP(A9,'1. Seguridad de las cadenas de '!$B$5:$AK$39,36,0) -> 90 | C9: =+VLOOKUP(A9,'2. Importancia econ y comercial'!$B$5:$AJ$39,35,0) -> 100 | D9: =+VLOOKUP(A9,'3. Función productiva, industr'!$B$13:$N$47,13,0) -> 50 | E9: =+VLOOKUP(A9,'4. Favorabilidad Geo-Minera'!$B$80:$E$114,4,0) -> 100 | F9: =+VLOOKUP(A9,'5. Inserción mercado mundial'!$B$3:$P$37,15,0) -> 75 | G9: =+VLOOKUP(A9,'6. Seguridad y Sob. Nacional'!$B$4:$C$38,2,0) -> 50 | H9: =VLOOKUP(A9,'7. Determinantes ambientales '!$B$4:$C$38,2,0) -> 57.352941 | I9: =VLOOKUP(A9,'8. Potencial de Inserción '!$B$3:$D$37,3,0) -> 20 | J9: =+(C9*$C$2)+(D9*$D$2)+(E9*$E$2)+(G9*$G$2)+(H9*$H$2) -> 64.485294 | K9: =+(B9*$B$2)+(F9*$F$2)+(I9*$I$2) -> 63 | L9: =+IF(AND(J9>=$J$44,K9>=$K$44),"Estratégico","No estratégico") -> Estratégico
A10: Cobre | B10: =+VLOOKUP(A10,'1. Seguridad de las cadenas de '!$B$5:$AK$39,36,0) -> 50 | C10: =+VLOOKUP(A10,'2. Importancia econ y comercial'!$B$5:$AJ$39,35,0) -> 86 | D10: =+VLOOKUP(A10,'3. Función productiva, industr'!$B$13:$N$47,13,0) -> 60 | E10: =+VLOOKUP(A10,'4. Favorabilidad Geo-Minera'!$B$80:$E$114,4,0) -> 100 | F10: =+VLOOKUP(A10,'5. Inserción mercado mundial'!$B$3:$P$37,15,0) -> 90 | G10: =+VLOOKUP(A10,'6. Seguridad y Sob. Nacional'!$B$4:$C$38,2,0) -> 0 | H10: =VLOOKUP(A10,'7. Determinantes ambientales '!$B$4:$C$38,2,0) -> 60.526316 | I10: =VLOOKUP(A10,'8. Potencial de Inserción '!$B$3:$D$37,3,0) -> 20 | J10: =+(C10*$C$2)+(D10*$D$2)+(E10*$E$2)+(G10*$G$2)+(H10*$H$2) -> 59.152632 | K10: =+(B10*$B$2)+(F10*$F$2)+(I10*$I$2) -> 57 | L10: =+IF(AND(J10>=$J$44,K10>=$K$44),"Estratégico","No estratégico") -> Estratégico
A11: Cromo | B11: =+VLOOKUP(A11,'1. Seguridad de las cadenas de '!$B$5:$AK$39,36,0) -> 20 | C11: =+VLOOKUP(A11,'2. Importancia econ y comercial'!$B$5:$AJ$39,35,0) -> 38 | D11: =+VLOOKUP(A11,'3. Función productiva, industr'!$B$13:$N$47,13,0) -> 80 | E11: =+VLOOKUP(A11,'4. Favorabilidad Geo-Minera'!$B$80:$E$114,4,0) -> 36 | F11: =+VLOOKUP(A11,'5. Inserción mercado mundial'!$B$3:$P$37,15,0) -> 45 | G11: =+VLOOKUP(A11,'6. Seguridad y Sob. Nacional'!$B$4:$C$38,2,0) -> 0 | H11: =VLOOKUP(A11,'7. Determinantes ambientales '!$B$4:$C$38,2,0) -> 50 | I11: =VLOOKUP(A11,'8. Potencial de Inserción '!$B$3:$D$37,3,0) -> 20 | J11: =+(C11*$C$2)+(D11*$D$2)+(E11*$E$2)+(G11*$G$2)+(H11*$H$2) -> 51.1 | K11: =+(B11*$B$2)+(F11*$F$2)+(I11*$I$2) -> 30 | L11: =+IF(AND(J11>=$J$44,K11>=$K$44),"Estratégico","No estratégico") -> No estratégico
A12: Elementos de tierras raras (ETR) | B12: =+VLOOKUP(A12,'1. Seguridad de las cadenas de '!$B$5:$AK$39,36,0) -> 40 | C12: =+VLOOKUP(A12,'2. Importancia econ y comercial'!$B$5:$AJ$39,35,0) -> 22 | D12: =+VLOOKUP(A12,'3. Función productiva, industr'!$B$13:$N$47,13,0) -> 40 | E12: =+VLOOKUP(A12,'4. Favorabilidad Geo-Minera'!$B$80:$E$114,4,0) -> 60 | F12: =+VLOOKUP(A12,'5. Inserción mercado mundial'!$B$3:$P$37,15,0) -> 40 | G12: =+VLOOKUP(A12,'6. Seguridad y Sob. Nacional'!$B$4:$C$38,2,0) -> 100 | H12: =VLOOKUP(A12,'7. Determinantes ambientales '!$B$4:$C$38,2,0) -> 100 | I12: =VLOOKUP(A12,'8. Potencial de Inserción '!$B$3:$D$37,3,0) -> 100 | J12: =+(C12*$C$2)+(D12*$D$2)+(E12*$E$2)+(G12*$G$2)+(H12*$H$2) -> 58.2 | K12: =+(B12*$B$2)+(F12*$F$2)+(I12*$I$2) -> 58 | L12: =+IF(AND(J12>=$J$44,K12>=$K$44),"Estratégico","No estratégico") -> Estratégico
A13: Esmeralda | B13: =+VLOOKUP(A13,'1. Seguridad de las cadenas de '!$B$5:$AK$39,36,0) -> 90 | C13: =+VLOOKUP(A13,'2. Importancia econ y comercial'!$B$5:$AJ$39,35,0) -> 86 | D13: =+VLOOKUP(A13,'3. Función productiva, industr'!$B$13:$N$47,13,0) -> 0 | E13: =+VLOOKUP(A13,'4. Favorabilidad Geo-Minera'!$B$80:$E$114,4,0) -> 100 | F13: =+VLOOKUP(A13,'5. Inserción mercado mundial'!$B$3:$P$37,15,0) -> 55 | G13: =+VLOOKUP(A13,'6. Seguridad y Sob. Nacional'!$B$4:$C$38,2,0) -> 50 | H13: =VLOOKUP(A13,'7. Determinantes ambientales '!$B$4:$C$38,2,0) -> 76.315789 | I13: =VLOOKUP(A13,'8. Potencial de Inserción '!$B$3:$D$37,3,0) -> 40 | J13: =+(C13*$C$2)+(D13*$D$2)+(E13*$E$2)+(G13*$G$2)+(H13*$H$2) -> 42.481579 | K13: =+(B13*$B$2)+(F13*$F$2)+(I13*$I$2) -> 61 | L13: =+IF(AND(J13>=$J$44,K13>=$K$44),"Estratégico","No estratégico") -> Estratégico
A14: Estaño | B14: =+VLOOKUP(A14,'1. Seguridad de las cadenas de '!$B$5:$AK$39,36,0) -> 40 | C14: =+VLOOKUP(A14,'2. Importancia econ y comercial'!$B$5:$AJ$39,35,0) -> 70 | D14: =+VLOOKUP(A14,'3. Función productiva, industr'!$B$13:$N$47,13,0) -> 60 | E14: =+VLOOKUP(A14,'4. Favorabilidad Geo-Minera'!$B$80:$E$114,4,0) -> 36 | F14: =+VLOOKUP(A14,'5. Inserción mercado mundial'!$B$3:$P$37,15,0) -> 75 | G14: =+VLOOKUP(A14,'6. Seguridad y Sob. Nacional'!$B$4:$C$38,2,0) -> 100 | H14: =VLOOKUP(A14,'7. Determinantes ambientales '!$B$4:$C$38,2,0) -> 0 | I14: =VLOOKUP(A14,'8. Potencial de Inserción '!$B$3:$D$37,3,0) -> 20 | J14: =+(C14*$C$2)+(D14*$D$2)+(E14*$E$2)+(G14*$G$2)+(H14*$H$2) -> 57.8 | K14: =+(B14*$B$2)+(F14*$F$2)+(I14*$I$2) -> 48 | L14: =+IF(AND(J14>=$J$44,K14>=$K$44),"Estratégico","No estratégico") -> Estratégico
A15: Fluorita | B15: =+VLOOKUP(A15,'1. Seguridad de las cadenas de '!$B$5:$AK$39,36,0) -> 30 | C15: =+VLOOKUP(A15,'2. Importancia econ y comercial'!$B$5:$AJ$39,35,0) -> 0 | D15: =+VLOOKUP(A15,'3. Función productiva, industr'!$B$13:$N$47,13,0) -> 20 | E15: ='4. Favorabilidad Geo-Minera'!E92 -> 40 | F15: =+VLOOKUP(A15,'5. Inserción mercado mundial'!$B$3:$P$37,15,0) -> 55 | G15: =+VLOOKUP(A15,'6. Seguridad y Sob. Nacional'!$B$4:$C$38,2,0) -> 0 | H15: =VLOOKUP(A15,'7. Determinantes ambientales '!$B$4:$C$38,2,0) -> 60 | I15: =VLOOKUP(A15,'8. Potencial de Inserción '!$B$3:$D$37,3,0) -> 80 | J15: =+(C15*$C$2)+(D15*$D$2)+(E15*$E$2)+(G15*$G$2)+(H15*$H$2) -> 22 | K15: =+(B15*$B$2)+(F15*$F$2)+(I15*$I$2) -> 55 | L15: =+IF(AND(J15>=$J$44,K15>=$K$44),"Estratégico","No estratégico") -> No estratégico
A16: Feldespato | B16: =+VLOOKUP(A16,'1. Seguridad de las cadenas de '!$B$5:$AK$39,36,0) -> 70 | C16: =+VLOOKUP(A16,'2. Importancia econ y comercial'!$B$5:$AJ$39,35,0) -> 54 | D16: =+VLOOKUP(A16,'3. Función productiva, industr'!$B$13:$N$47,13,0) -> 50 | E16: =+VLOOKUP(A16,'4. Favorabilidad Geo-Minera'!$B$80:$E$114,4,0) -> 44 | F16: =+VLOOKUP(A16,'5. Inserción mercado mundial'!$B$3:$P$37,15,0) -> 30 | G16: =+VLOOKUP(A16,'6. Seguridad y Sob. Nacional'!$B$4:$C$38,2,0) -> 0 | H16: =VLOOKUP(A16,'7. Determinantes ambientales '!$B$4:$C$38,2,0) -> 50.319305 | I16: =VLOOKUP(A16,'8. Potencial de Inserción '!$B$3:$D$37,3,0) -> 40 | J16: =+(C16*$C$2)+(D16*$D$2)+(E16*$E$2)+(G16*$G$2)+(H16*$H$2) -> 40.631931 | K16: =+(B16*$B$2)+(F16*$F$2)+(I16*$I$2) -> 45 | L16: =+IF(AND(J16>=$J$44,K16>=$K$44),"Estratégico","No estratégico") -> Estratégico
A17: Grafito | B17: =+VLOOKUP(A17,'1. Seguridad de las cadenas de '!$B$5:$AK$39,36,0) -> 30 | C17: =+VLOOKUP(A17,'2. Importancia econ y comercial'!$B$5:$AJ$39,35,0) -> 46 | D17: =+VLOOKUP(A17,'3. Función productiva, industr'!$B$13:$N$47,13,0) -> 90 | E17: =+VLOOKUP(A17,'4. Favorabilidad Geo-Minera'!$B$80:$E$114,4,0) -> 44 | F17: =+VLOOKUP(A17,'5. Inserción mercado mundial'!$B$3:$P$37,15,0) -> 65 | G17: =+VLOOKUP(A17,'6. Seguridad y Sob. Nacional'!$B$4:$C$38,2,0) -> 0 | H17: =VLOOKUP(A17,'7. Determinantes ambientales '!$B$4:$C$38,2,0) -> 65 | I17: =VLOOKUP(A17,'8. Potencial de Inserción '!$B$3:$D$37,3,0) -> 60 | J17: =+(C17*$C$2)+(D17*$D$2)+(E17*$E$2)+(G17*$G$2)+(H17*$H$2) -> 59.3 | K17: =+(B17*$B$2)+(F17*$F$2)+(I17*$I$2) -> 53 | L17: =+IF(AND(J17>=$J$44,K17>=$K$44),"Estratégico","No estratégico") -> Estratégico
A18: Hierro | B18: =+VLOOKUP(A18,'1. Seguridad de las cadenas de '!$B$5:$AK$39,36,0) -> 90 | C18: =+VLOOKUP(A18,'2. Importancia econ y comercial'!$B$5:$AJ$39,35,0) -> 84 | D18: =+VLOOKUP(A18,'3. Función productiva, industr'!$B$13:$N$47,13,0) -> 90 | E18: =+VLOOKUP(A18,'4. Favorabilidad Geo-Minera'!$B$80:$E$114,4,0) -> 92 | F18: =+VLOOKUP(A18,'5. Inserción mercado mundial'!$B$3:$P$37,15,0) -> 75 | G18: =+VLOOKUP(A18,'6. Seguridad y Sob. Nacional'!$B$4:$C$38,2,0) -> 0 | H18: =VLOOKUP(A18,'7. Determinantes ambientales '!$B$4:$C$38,2,0) -> 60.638298 | I18: =VLOOKUP(A18,'8. Potencial de Inserción '!$B$3:$D$37,3,0) -> 40 | J18: =+(C18*$C$2)+(D18*$D$2)+(E18*$E$2)+(G18*$G$2)+(H18*$H$2) -> 71.06383 | K18: =+(B18*$B$2)+(F18*$F$2)+(I18*$I$2) -> 69 | L18: =+IF(AND(J18>=$J$44,K18>=$K$44),"Estratégico","No estratégico") -> Estratégico
A19: Litio | B19: =+VLOOKUP(A19,'1. Seguridad de las cadenas de '!$B$5:$AK$39,36,0) -> 20 | C19: =+VLOOKUP(A19,'2. Importancia econ y comercial'!$B$5:$AJ$39,35,0) -> 0 | D19: =+VLOOKUP(A19,'3. Función productiva, industr'!$B$13:$N$47,13,0) -> 70 | E19: =+VLOOKUP(A19,'4. Favorabilidad Geo-Minera'!$B$80:$E$114,4,0) -> 32 | F19: =+VLOOKUP(A19,'5. Inserción mercado mundial'!$B$3:$P$37,15,0) -> 85 | G19: =+VLOOKUP(A19,'6. Seguridad y Sob. Nacional'!$B$4:$C$38,2,0) -> 0 | H19: =VLOOKUP(A19,'7. Determinantes ambientales '!$B$4:$C$38,2,0) -> 43.060606 | I19: =VLOOKUP(A19,'8. Potencial de Inserción '!$B$3:$D$37,3,0) -> 60 | J19: =+(C19*$C$2)+(D19*$D$2)+(E19*$E$2)+(G19*$G$2)+(H19*$H$2) -> 41.406061 | K19: =+(B19*$B$2)+(F19*$F$2)+(I19*$I$2) -> 58 | L19: =+IF(AND(J19>=$J$44,K19>=$K$44),"Estratégico","No estratégico") -> Estratégico
A20: Magnesio | B20: =+VLOOKUP(A20,'1. Seguridad de las cadenas de '!$B$5:$AK$39,36,0) -> 60 | C20: =+VLOOKUP(A20,'2. Importancia econ y comercial'!$B$5:$AJ$39,35,0) -> 54 | D20: =+VLOOKUP(A20,'3. Función productiva, industr'!$B$13:$N$47,13,0) -> 90 | E20: =+VLOOKUP(A20,'4. Favorabilidad Geo-Minera'!$B$80:$E$114,4,0) -> 84 | F20: =+VLOOKUP(A20,'5. Inserción mercado mundial'!$B$3:$P$37,15,0) -> 45 | G20: =+VLOOKUP(A20,'6. Seguridad y Sob. Nacional'!$B$4:$C$38,2,0) -> 0 | H20: =VLOOKUP(A20,'7. Determinantes ambientales '!$B$4:$C$38,2,0) -> 100 | I20: =VLOOKUP(A20,'8. Potencial de Inserción '!$B$3:$D$37,3,0) -> 40 | J20: =+(C20*$C$2)+(D20*$D$2)+(E20*$E$2)+(G20*$G$2)+(H20*$H$2) -> 70.6 | K20: =+(B20*$B$2)+(F20*$F$2)+(I20*$I$2) -> 48 | L20: =+IF(AND(J20>=$J$44,K20>=$K$44),"Estratégico","No estratégico") -> Estratégico
A21: Manganeso | B21: =+VLOOKUP(A21,'1. Seguridad de las cadenas de '!$B$5:$AK$39,36,0) -> 50 | C21: =+VLOOKUP(A21,'2. Importancia econ y comercial'!$B$5:$AJ$39,35,0) -> 24 | D21: =+VLOOKUP(A21,'3. Función productiva, industr'!$B$13:$N$47,13,0) -> 60 | E21: =+VLOOKUP(A21,'4. Favorabilidad Geo-Minera'!$B$80:$E$114,4,0) -> 36 | F21: =+VLOOKUP(A21,'5. Inserción mercado mundial'!$B$3:$P$37,15,0) -> 50 | G21: =+VLOOKUP(A21,'6. Seguridad y Sob. Nacional'!$B$4:$C$38,2,0) -> 0 | H21: =VLOOKUP(A21,'7. Determinantes ambientales '!$B$4:$C$38,2,0) -> 78.571429 | I21: =VLOOKUP(A21,'8. Potencial de Inserción '!$B$3:$D$37,3,0) -> 100 | J21: =+(C21*$C$2)+(D21*$D$2)+(E21*$E$2)+(G21*$G$2)+(H21*$H$2) -> 43.557143 | K21: =+(B21*$B$2)+(F21*$F$2)+(I21*$I$2) -> 65 | L21: =+IF(AND(J21>=$J$44,K21>=$K$44),"Estratégico","No estratégico") -> Estratégico
A22: Materiales de construcción | B22: =+VLOOKUP(A22,'1. Seguridad de las cadenas de '!$B$5:$AK$39,36,0) -> 100 | C22: =+VLOOKUP(A22,'2. Importancia econ y comercial'!$B$5:$AJ$39,35,0) -> 92 | D22: =+VLOOKUP(A22,'3. Función productiva, industr'!$B$13:$N$47,13,0) -> 0 | E22: =+VLOOKUP(A22,'4. Favorabilidad Geo-Minera'!$B$80:$E$114,4,0) -> 100 | F22: =+VLOOKUP(A22,'5. Inserción mercado mundial'!$B$3:$P$37,15,0) -> 60 | G22: =+VLOOKUP(A22,'6. Seguridad y Sob. Nacional'!$B$4:$C$38,2,0) -> 0 | H22: =VLOOKUP(A22,'7. Determinantes ambientales '!$B$4:$C$38,2,0) -> 54.355122 | I22: =VLOOKUP(A22,'8. Potencial de Inserción '!$B$3:$D$37,3,0) -> 80 | J22: =+(C22*$C$2)+(D22*$D$2)+(E22*$E$2)+(G22*$G$2)+(H22*$H$2) -> 32.135512 | K22: =+(B22*$B$2)+(F22*$F$2)+(I22*$I$2) -> 78 | L22: =+IF(AND(J22>=$J$44,K22>=$K$44),"Estratégico","No estratégico") -> No estratégico
A23: Metales del grupo del platino (MGP) | B23: =+VLOOKUP(A23,'1. Seguridad de las cadenas de '!$B$5:$AK$39,36,0) -> 40 | C23: =+VLOOKUP(A23,'2. Importancia econ y comercial'!$B$5:$AJ$39,35,0) -> 78 | D23: =+VLOOKUP(A23,'3. Función productiva, industr'!$B$13:$N$47,13,0) -> 40 | E23: =+VLOOKUP(A23,'4. Favorabilidad Geo-Minera'!$B$80:$E$114,4,0) -> 92 | F23: =+VLOOKUP(A23,'5. Inserción mercado mundial'!$B$3:$P$37,15,0) -> 45 | G23: =+VLOOKUP(A23,'6. Seguridad y Sob. Nacional'!$B$4:$C$38,2,0) -> 50 | H23: =VLOOKUP(A23,'7. Determinantes ambientales '!$B$4:$C$38,2,0) -> 73.381295 | I23: =VLOOKUP(A23,'8. Potencial de Inserción '!$B$3:$D$37,3,0) -> 100 | J23: =+(C23*$C$2)+(D23*$D$2)+(E23*$E$2)+(G23*$G$2)+(H23*$H$2) -> 57.988129 | K23: =+(B23*$B$2)+(F23*$F$2)+(I23*$I$2) -> 60 | L23: =+IF(AND(J23>=$J$44,K23>=$K$44),"Estratégico","No estratégico") -> Estratégico
A24: Molibdeno | B24: =+VLOOKUP(A24,'1. Seguridad de las cadenas de '!$B$5:$AK$39,36,0) -> 0 | C24: =+VLOOKUP(A24,'2. Importancia econ y comercial'!$B$5:$AJ$39,35,0) -> 0 | D24: =+VLOOKUP(A24,'3. Función productiva, industr'!$B$13:$N$47,13,0) -> 70 | E24: =+VLOOKUP(A24,'4. Favorabilidad Geo-Minera'!$B$80:$E$114,4,0) -> 72 | F24: =+VLOOKUP(A24,'5. Inserción mercado mundial'!$B$3:$P$37,15,0) -> 85 | G24: =+VLOOKUP(A24,'6. Seguridad y Sob. Nacional'!$B$4:$C$38,2,0) -> 0 | H24: =VLOOKUP(A24,'7. Determinantes ambientales '!$B$4:$C$38,2,0) -> 50 | I24: =VLOOKUP(A24,'8. Potencial de Inserción '!$B$3:$D$37,3,0) -> 80 | J24: =+(C24*$C$2)+(D24*$D$2)+(E24*$E$2)+(G24*$G$2)+(H24*$H$2) -> 49.1 | K24: =+(B24*$B$2)+(F24*$F$2)+(I24*$I$2) -> 58 | L24: =+IF(AND(J24>=$J$44,K24>=$K$44),"Estratégico","No estratégico") -> Estratégico
